Workbook

Sheet SetUp
A1: G/L Account | D1: Chat Account of Tax | O1: Period | P1: Quarter | R1: Donor Code | S1: Donor | V1: Formulas
D2: យោង | E2: បរិយាយ/Description | O2: 202201 | P2: Q1 | R2: PID65000 | S2: EU
A3: 45520 | B3: Repairs and maintenance of computers | D3: A0 | E3: I- ទ្រព្យសកម្ម (A0=A1+ A13)/ Assets (A0=A1+ A13) | F3: =D3&"-"&E3 -> A0-I- ទ្រព្យសកម្ម (A0=A1+ A13)/ Assets (A0=A1+ A13) | O3: 202202 | P3: Q1 | R3: PID66000 | S3: DFAT | V3: 1 | W3: IF
A4: 45020 | B4: Electricity | D4: A1 | E4: ទ្រព្យសកម្មរយៈពេលវែង [A1=សរុប(A2:A12)]/Non-Current Assets / Fixed Assets [A1=Sum(A2:A12)] | F4: =D4&"-"&E4 -> A1-ទ្រព្យសកម្មរយៈពេលវែង [A1=សរុប(A2:A12)]/Non-Current Assets / Fixed Assets [A1=Sum(A2:A12)] | O4: 202203 | P4: Q1 | R4: PID67000 | S4: SIDA | V4: 2 | W4: Sumif
A5: 46150 | B5: Printed matter | D5: A2 | E5: ដីធ្លីរបស់សហគ្រាស/ Freehold land | F5: =D5&"-"&E5 -> A2-ដីធ្លីរបស់សហគ្រាស/ Freehold land | O5: 202204 | P5: Q2 | R5: PID68000 | S5: USAID | V5: 3 | W5: Sumifs
A6: 47622 | B6: Health care (Regional offices) | D6: A3 | E6: ការរៀបចំតុបតែងលំអដីធ្លីរបស់សហគ្រាស/Improvements and preparation of land | F6: =D6&"-"&E6 -> A3-ការរៀបចំតុបតែងលំអដីធ្លីរបស់សហគ្រាស/Improvements and preparation of land | O6: 202205 | P6: Q2 | V6: 4 | W6: Filter
A7: 47390 | B7: Other employee benefits | D7: A4 | E7: សំណង់អាគាររបស់សហគ្រាស/Freehold buildings | F7: =D7&"-"&E7 -> A4-សំណង់អាគាររបស់សហគ្រាស/Freehold buildings | O7: 202206 | P7: Q2 | V7: 5 | W7: GroupBy
A8: 47211 | B8: Salary (employees outside HO) | D8: A5 | E8: សំណង់អាគារលើដីធ្លីក្រោមភតិសន្យា/Freehold buildings on leasehold land | F8: =D8&"-"&E8 -> A5-សំណង់អាគារលើដីធ្លីក្រោមភតិសន្យា/Freehold buildings on leasehold land | O8: 202207 | P8: Q3 | V8: 6 | W8: Pivot Table
A9: 47090 | B9: Change in accrued holiday pay provision | D9: A6 | E9: ទ្រព្យសកម្មរយៈពេលវែងកំពុងដំណើរការ/Non-current assets in progress | F9: =D9&"-"&E9 -> A6-ទ្រព្យសកម្មរយៈពេលវែងកំពុងដំណើរការ/Non-current assets in progress | O9: 202208 | P9: Q3 | V9: 7 | W9: UNIQUE
A10: 47217 | B10: Severance pay | D10: A7 | E10: រោងចក្រ ( ក្រៅពីអាគារ) និងបរិក្ខារ/Plant and equipment | F10: =D10&"-"&E10 -> A7-រោងចក្រ ( ក្រៅពីអាគារ) និងបរិក្ខារ/Plant and equipment | O10: 202209 | P10: Q3 | V10: 8 | W10: Xlookup
A11: 46570 | B11: Banking costs | D11: A8 | E11: កេរ្តិ៍ឈ្មោះ/មូលនិធិពាណិជ្ជកម្ម/Goodwill | F11: =D11&"-"&E11 -> A8-កេរ្តិ៍ឈ្មោះ/មូលនិធិពាណិជ្ជកម្ម/Goodwill | O11: 202210 | P11: Q4 | V11: 9 | W11: VSTACK
A12: 47586 | B12: Personnel insurance (employees outside HO) | D12: A9 | E12: ចំណាយបង្កើតសហគ្រាសដំបូង/Preliminary business formation expenses | F12: =D12&"-"&E12 -> A9-ចំណាយបង្កើតសហគ្រាសដំបូង/Preliminary business formation expenses | O12: 202211 | P12: Q4 | V12: 10 | W12: Others (mostly work on text)
A13: 46990 | B13: Other external expenses | D13: A10 | E13: ទ្រព្យសកម្មក្រោមភតិសន្យា និងបុព្វលាភនៃការប្រើប្រាស់/Leasehold assets and lease premiums | F13: =D13&"-"&E13 -> A10-ទ្រព្យសកម្មក្រោមភតិសន្យា និងបុព្វលាភនៃការប្រើប្រាស់/Leasehold assets and lease premiums | O13: 202212 | P13: Q4
A14: 49561 | B14: Internal expenses, employee costs | D14: A11 | E14: វិនិយោគក្នុងសហគ្រាសដទៃ/Investment in other enterprises | F14: =D14&"-"&E14 -> A11-វិនិយោគក្នុងសហគ្រាសដទៃ/Investment in other enterprises
A15: 49510 | B15: Internal expenses, support TA/FC | D15: A12 | E15: ទ្រព្យសកម្មរយៈពេលវែងផ្សេងៗ/Other non-current assets | F15: =D15&"-"&E15 -> A12-ទ្រព្យសកម្មរយៈពេលវែងផ្សេងៗ/Other non-current assets
A16: 45010 | B16: Rent | D16: A13 | E16: ទ្រព្យសកម្មរយៈពេលខ្លី [A13=សរុប(A14:A27)]/ Current Assets [A13=Sum(A14:A27)] | F16: =D16&"-"&E16 -> A13-ទ្រព្យសកម្មរយៈពេលខ្លី [A13=សរុប(A14:A27)]/ Current Assets [A13=Sum(A14:A27)]
A17: 46212 | B17: Mobile telephone | D17: A14 | E17: ស្តុកវត្ថុធាតុដើម និងសំភារៈផ្គត់ផ្គង់/ Stock of raw materials and supplies | F17: =D17&"-"&E17 -> A14-ស្តុកវត្ថុធាតុដើម និងសំភារៈផ្គត់ផ្គង់/ Stock of raw materials and supplies
A18: 45460 | B18: Consumable materials | D18: A15 | E18: ស្តុកទំនិញ/ Stocks of goods | F18: =D18&"-"&E18 -> A15-ស្តុកទំនិញ/ Stocks of goods
A19: 46310 | B19: Corporate insurance | D19: A16 | E19: ស្តុកផលិតផលសម្រេច/ Stocks of finished products | F19: =D19&"-"&E19 -> A16-ស្តុកផលិតផលសម្រេច/ Stocks of finished products
A20: 44323 | B20: Sub granting | D20: A17 | E20: ផលិតផលកំពុងផលិត/ Products in progress | F20: =D20&"-"&E20 -> A17-ផលិតផលកំពុងផលិត/ Products in progress
A21: 47326 | B21: Subsistence allowances (employees outside HO) | D21: A18 | E21: គណនីត្រូវទទួល / អតិថិជន/ Accounts receivable / trade debtors | F21: =D21&"-"&E21 -> A18-គណនីត្រូវទទួល / អតិថិជន/ Accounts receivable / trade debtors
A22: 45813 | B22: Travel expenses, not in | D22: A19 | E22: គណនីត្រូវទទួលផ្សេងៗ / Other accounts receivable | F22: =D22&"-"&E22 -> A19-គណនីត្រូវទទួលផ្សេងៗ / Other accounts receivable | H22: លេខកូដ Code | I22: ឈ្មោះគណនី / Item name
A23: 47639 | B23: Meeting expenses and similar | D23: A20 | E23: ចំណាយបានកត់ត្រាមុន/ Prepaid expenses | F23: =D23&"-"&E23 -> A20-ចំណាយបានកត់ត្រាមុន/ Prepaid expenses | H23: RE-2 | I23: ប្រាក់ចំណូលហិរញ្ញវត្ថុ / Finance Income | J23: =H23&"-"&I23 -> RE-2-ប្រាក់ចំណូលហិរញ្ញវត្ថុ / Finance Income
A24: 45832 | B24: Board and lodging, not in | D24: A21 | E24: សាច់ប្រាក់នៅក្នុងបេឡា / Cash on hand | F24: =D24&"-"&E24 -> A21-សាច់ប្រាក់នៅក្នុងបេឡា / Cash on hand | H24: RE-3 | I24: ប្រាក់ចំណូលពីភាគលាភ / Dividend income | J24: =H24&"-"&I24 -> RE-3-ប្រាក់ចំណូលពីភាគលាភ / Dividend income
A25: 46523 | B25: Travel expenses, not in | D25: A22 | E25: សាច់ប្រាក់នៅធនាគារ/ Cash in banks | F25: =D25&"-"&E25 -> A22-សាច់ប្រាក់នៅធនាគារ/ Cash in banks | H25: RE-4 | I25: ប្រាក់ចំណូលពីសួយសារ / Royalties income | J25: =H25&"-"&I25 -> RE-4-ប្រាក់ចំណូលពីសួយសារ / Royalties income
A26: 45890 | B26: Other travel expenses | D26: A23 | E26: ឥណទានប្រាក់រំដោះពន្ធលើប្រាក់ចំណូល/Credit on Prepayment on income tax | F26: =D26&"-"&E26 -> A23-ឥណទានប្រាក់រំដោះពន្ធលើប្រាក់ចំណូល/Credit on Prepayment on income tax | H26: RE-5 | I26: ការបរិច្ចាគ, ការរៃអង្គាសប្រាក់ និងចំណូលប្រហាក់ប្រហែលផ្សេងទៀត / Donations, fundraising and other similar revenue | J26: =H26&"-"&I26 -> RE-5-ការបរិច្ចាគ, ការរៃអង្គាសប្រាក់ និងចំណូលប្រហាក់ប្រហែលផ្សេងទៀត / Donations, fundraising and other similar revenue
A27: 44321 | B27: Contribution local NGO:s (spec items +agreement) | D27: A24 | E27: ឥណទានអាករលើតម្លៃបន្ថែម/ Value added tax credit | F27: =D27&"-"&E27 -> A24-ឥណទានអាករលើតម្លៃបន្ថែម/ Value added tax credit | H27: RE-96 | I27: ចំណេញសុទ្ធពីការប្តូររូបិយបណ្ណបរទេស / Foreign exchange gain-net | J27: =H27&"-"&I27 -> RE-96-ចំណេញសុទ្ធពីការប្តូររូបិយបណ្ណបរទេស / Foreign exchange gain-net
A28: 44322 | B28: Contribution local NGO:s (spec items-no agreement) | D28: A25 | E28: ឥណទានពន្ធ-អាករដទៃទៀត/ Other taxes credit | F28: =D28&"-"&E28 -> A25-ឥណទានពន្ធ-អាករដទៃទៀត/ Other taxes credit | H28: RE-97 | I28: ប្រាក់ចំណូលផ្សេងទៀត / Other income | J28: =H28&"-"&I28 -> RE-97-ប្រាក់ចំណូលផ្សេងទៀត / Other income
A29: 44329 | B29: Other contributions | D29: A26 | E29: ទ្រព្យសកម្មរយៈពេលខ្លីផ្សេងៗ/ Other current assets | F29: =D29&"-"&E29 -> A26-ទ្រព្យសកម្មរយៈពេលខ្លីផ្សេងៗ/ Other current assets | H29: XN-1 | I29: ការទិញ និងចំណាយពាក់ព័ន្ធ / Purchases and related costs | J29: =H29&"-"&I29 -> XN-1-ការទិញ និងចំណាយពាក់ព័ន្ធ / Purchases and related costs
A30: 44330 | B30: Contribution networks/Swedish organisations | D30: A27 | E30: លម្អៀងពីការប្តូរប្រាក់នៃទ្រព្យសកម្ម/ Gain/(loss) on currency translation of assets | F30: =D30&"-"&E30 -> A27-លម្អៀងពីការប្តូរប្រាក់នៃទ្រព្យសកម្ម/ Gain/(loss) on currency translation of assets | H30: XN-2 | I30: ការប្រែប្រួល WIP និងសន្និធិផលិតផលសម្រេច / Changes of WIP and Finished Goods Inventories | J30: =H30&"-"&I30 -> XN-2-ការប្រែប្រួល WIP និងសន្និធិផលិតផលសម្រេច / Changes of WIP and Finished Goods Inventories
A31: 44340 | B31: Contribution International organisations | D31: A28 | E31: II- មូលនិធិ/ទុនម្ចាស់ទ្រព្យ និងបំណុល [A28=សរុប(A29+A37+A42)]/ Equity and Liabilities [A28=sum(A29+A37+A42)] | F31: =D31&"-"&E31 -> A28-II- មូលនិធិ/ទុនម្ចាស់ទ្រព្យ និងបំណុល [A28=សរុប(A29+A37+A42)]/ Equity and Liabilities [A28=sum(A29+A37+A42)] | H31: XN-3 | I31: វត្ថុធាតុដើម និងទំនិញដែលបានប្រើប្រាស់ / Raw material and consumables used | J31: =H31&"-"&I31 -> XN-3-វត្ថុធាតុដើម និងទំនិញដែលបានប្រើប្រាស់ / Raw material and consumables used
A32: 45040 | B32: Water and sewerage | D32: A29 | E32: មូលនិធិ/ទុនម្ចាស់ទ្រព្យ [A29=សរុប(A30:A36)]/ Equity [A29=sum(A30:A36)] | F32: =D32&"-"&E32 -> A29-មូលនិធិ/ទុនម្ចាស់ទ្រព្យ [A29=សរុប(A30:A36)]/ Equity [A29=sum(A30:A36)] | H32: XN-4 | I32: ប្រាក់ខែ និងអត្ថប្រយោជន៍និយោជិត / Salaries and employee benefits | J32: =H32&"-"&I32 -> XN-4-ប្រាក់ខែ និងអត្ថប្រយោជន៍និយោជិត / Salaries and employee benefits
A33: 45050 | B33: Fittings belonging to premises | D33: A30 | E33: មូលធន/មូលធនភាគហ៊ុន/ មូលនិធិសាខាក្រុមហ៊ុនបរទេស ឬការិយាល័យតំណាង/ Capital / Share capital / fund of foreign Branch or Representative Office | F33: =D33&"-"&E33 -> A30- មូលធន/មូលធនភាគហ៊ុន/ មូលនិធិសាខាក្រុមហ៊ុនបរទេស ឬការិយាល័យតំណាង/ Capital / Share capital / fund of foreign Branch or Representative Office | H33: XN-5 | I33: ចំណាយរំលស់ / Depreciation and amortisation expense | J33: =H33&"-"&I33 -> XN-5-ចំណាយរំលស់ / Depreciation and amortisation expense
A34: 45060 | B34: Cleaning and refuse collection | D34: A31 | E34: តម្លៃលើសនៃការលក់ប័ណ្ណភាគហ៊ុន/ Share premium | F34: =D34&"-"&E34 -> A31- តម្លៃលើសនៃការលក់ប័ណ្ណភាគហ៊ុន/ Share premium | H34: XN-6 | I34: ការធ្លាក់ចុះតម្លៃនៃទ្រព្យសកម្ម / Impairment of assets | J34: =H34&"-"&I34 -> XN-6-ការធ្លាក់ចុះតម្លៃនៃទ្រព្យសកម្ម / Impairment of assets
... A40: 45420 | B40: IT licence fees and Software | D40: A37 | E40: បំណុលរយៈពេលវែង [A37=សរុប(A38:A41)]/ Non-current Liabilities [A37=sum(A38:A41)] | F40: =D40&"-"&E40 -> A37- បំណុលរយៈពេលវែង [A37=សរុប(A38:A41)]/ Non-current Liabilities [A37=sum(A38:A41)] | H40: XN-97 | I40: ចំណាយកិច្ចប្រតិបត្តិការផ្សេងទៀត / Other operating expenses | J40: =H40&"-"&I40 -> XN-97-ចំណាយកិច្ចប្រតិបត្តិការផ្សេងទៀត / Other operating expenses
A41: 45430 | B41: IT maintenance and support contracts | D41: A38 | E41: បំណុលភាគីជាប់ទាក់ទិន/ Loan from related parties | F41: =D41&"-"&E41 -> A38- បំណុលភាគីជាប់ទាក់ទិន/ Loan from related parties | I41: ចំណាយសរុបមុនបង់ពន្ធ / Total expenses before tax | J41: =H41&"-"&I41 -> -ចំណាយសរុបមុនបង់ពន្ធ / Total expenses before tax
A42: 45510 | B42: Repairs and maintenance of equipment | D42: A39 | E42: បំណុលធនាគារ និងបំណុលភាគីមិនជាប់ទាក់ទិនផ្សេងៗ/ Loan from banks and other external parties | F42: =D42&"-"&E42 -> A39- បំណុលធនាគារ និងបំណុលភាគីមិនជាប់ទាក់ទិនផ្សេងៗ/ Loan from banks and other external parties | H42: XN-98 | I42: ចំណាយបង់ពន្ធ / Tax Expense | J42: =H42&"-"&I42 -> XN-98-ចំណាយបង់ពន្ធ / Tax Expense
A43: 45600 | B43: Budget account, travelcosts | D43: A40 | E43: សំវិធានធន/ Provisions | F43: =D43&"-"&E43 -> A40- សំវិធានធន/ Provisions | H43: RE-2 | I43: ប្រាក់ចំណូលហិរញ្ញវត្ថុ / Finance Income | J43: =H43&"-"&I43 -> RE-2-ប្រាក់ចំណូលហិរញ្ញវត្ថុ / Finance Income
A44: 45611 | B44: Passenger cars, fuel | D44: A41 | E44: បំណុលរយៈពេលវែងផ្សេងៗ/ Other non-current liabilities | F44: =D44&"-"&E44 -> A41- បំណុលរយៈពេលវែងផ្សេងៗ/ Other non-current liabilities | H44: RE-3 | I44: ប្រាក់ចំណូលពីភាគលាភ / Dividend income | J44: =H44&"-"&I44 -> RE-3-ប្រាក់ចំណូលពីភាគលាភ / Dividend income
A45: 45612 | B45: Passenger cars, insurance and tax | D45: A42 | E45: បំណុលរយៈពេលខ្លី [A42=សរុប(A43:A52)]/ Current Liabilities [A42=sum(A43:A52)] | F45: =D45&"-"&E45 -> A42- បំណុលរយៈពេលខ្លី [A42=សរុប(A43:A52)]/ Current Liabilities [A42=sum(A43:A52)] | H45: RE-4 | I45: ប្រាក់ចំណូលពីសួយសារ / Royalties income | J45: =H45&"-"&I45 -> RE-4-ប្រាក់ចំណូលពីសួយសារ / Royalties income
A46: 45613 | B46: Passenger cars, repairs and maintenance | D46: A43 | E46: សាច់ប្រាក់ដកពីធនាគារលើសប្រាក់បញ្ញើ ( ឥណទានវិបារូប៍រ)/ Bank overdraft | F46: =D46&"-"&E46 -> A43- សាច់ប្រាក់ដកពីធនាគារលើសប្រាក់បញ្ញើ ( ឥណទានវិបារូប៍រ)/ Bank overdraft | H46: RE-5 | I46: ការបរិច្ចាគ, ការរៃអង្គាសប្រាក់ និងចំណូលប្រហាក់ប្រហែលផ្សេងទៀត / Donations, fundraising and other similar revenue | J46: =H46&"-"&I46 -> RE-5-ការបរិច្ចាគ, ការរៃអង្គាសប្រាក់ និងចំណូលប្រហាក់ប្រហែលផ្សេងទៀត / Donations, fundraising and other similar revenue
A47: 45619 | B47: Other vehicle costs | D47: A44 | E47: ចំណែកចរន្តនៃបំណុលមានការប្រាក់/ Short-term borrowing-current portion of interest bearing borrowing | F47: =D47&"-"&E47 -> A44- ចំណែកចរន្តនៃបំណុលមានការប្រាក់/ Short-term borrowing-current portion of interest bearing borrowing | H47: RE-96 | I47: ចំណេញសុទ្ធពីការប្តូររូបិយបណ្ណបរទេស / Foreign exchange gain-net | J47: =H47&"-"&I47 -> RE-96-ចំណេញសុទ្ធពីការប្តូររូបិយបណ្ណបរទេស / Foreign exchange gain-net
A48: 45700 | B48: Freight and transportation | D48: A45 | E48: គណនីត្រូវសងបុគ្គលជាប់ទាក់ទិន ( ភាគីសម្ព័ន្ធញ្ញាត្តិ)/ Accounts payable to related parties | F48: =D48&"-"&E48 -> A45- គណនីត្រូវសងបុគ្គលជាប់ទាក់ទិន ( ភាគីសម្ព័ន្ធញ្ញាត្តិ)/ Accounts payable to related parties | H48: RE-97 | I48: ប្រាក់ចំណូលផ្សេងទៀត / Other income | J48: =H48&"-"&I48 -> RE-97-ប្រាក់ចំណូលផ្សេងទៀត / Other income
A49: 45811 | B49: Travel expenses, in | D49: A46 | E49: គណនីត្រូវសងផ្សេងៗ / Other accounts payable | F49: =D49&"-"&E49 -> A46- គណនីត្រូវសងផ្សេងៗ / Other accounts payable | H49: XN-1 | I49: ការទិញ និងចំណាយពាក់ព័ន្ធ / Purchases and related costs | J49: =H49&"-"&I49 -> XN-1-ការទិញ និងចំណាយពាក់ព័ន្ធ / Purchases and related costs
A50: 45812 | B50: Travel expenses, to/from | D50: A47 | E50: ចំណូលកត់មុន / Unearned revenues | F50: =D50&"-"&E50 -> A47- ចំណូលកត់មុន / Unearned revenues | H50: XN-2 | I50: ការប្រែប្រួល WIP និងសន្និធិផលិតផលសម្រេច / Changes of WIP and Finished Goods Inventories | J50: =H50&"-"&I50 -> XN-2-ការប្រែប្រួល WIP និងសន្និធិផលិតផលសម្រេច / Changes of WIP and Finished Goods Inventories
A51: 45831 | B51: Board and lodging, | D51: A48 | E51: គណនីចំណាយបង្គរ និងបំណុលរយៈពេលខ្លីផ្សេងៗ/ Accrual expenses and other current liabilities | F51: =D51&"-"&E51 -> A48- គណនីចំណាយបង្គរ និងបំណុលរយៈពេលខ្លីផ្សេងៗ/ Accrual expenses and other current liabilities | H51: XN-3 | I51: វត្ថុធាតុដើម និងទំនិញដែលបានប្រើប្រាស់ / Raw material and consumables used | J51: =H51&"-"&I51 -> XN-3-វត្ថុធាតុដើម និងទំនិញដែលបានប្រើប្រាស់ / Raw material and consumables used
A52: 45910 | B52: Advertisements | D52: A49 | E52: សំវិធានធន/ Provisions | F52: =D52&"-"&E52 -> A49- សំវិធានធន/ Provisions | H52: XN-4 | I52: ប្រាក់ខែ និងអត្ថប្រយោជន៍និយោជិត / Salaries and employee benefits | J52: =H52&"-"&I52 -> XN-4-ប្រាក់ខែ និងអត្ថប្រយោជន៍និយោជិត / Salaries and employee benefits
A53: 45940 | B53: Exhibitions and trade fairs | D53: A50 | E53: ពន្ធលើប្រាក់ចំណូលត្រូវបង់/ Income tax payable | F53: =D53&"-"&E53 -> A50- ពន្ធលើប្រាក់ចំណូលត្រូវបង់/ Income tax payable | H53: XN-5 | I53: ចំណាយរំលស់ / Depreciation and amortisation expense | J53: =H53&"-"&I53 -> XN-5-ចំណាយរំលស់ / Depreciation and amortisation expense
... A60: 46350 | B60: Bad debt loss | D60: B4 | E60: ថ្លៃដើមផលិតផលបានលក់របស់សហគ្រាសផលិតកម្ម (TOI 01/V,C20)/Cost of products sold of production enterprises (TOI 01/V,C20) | F60: =D60&"-"&E60 -> B4-ថ្លៃដើមផលិតផលបានលក់របស់សហគ្រាសផលិតកម្ម (TOI 01/V,C20)/Cost of products sold of production enterprises (TOI 01/V,C20) | H60: XN-97 | I60: ចំណាយកិច្ចប្រតិបត្តិការផ្សេងទៀត / Other operating expenses | J60: =H60&"-"&I60 -> XN-97-ចំណាយកិច្ចប្រតិបត្តិការផ្សេងទៀត / Other operating expenses
A61: 46370 | B61: Security services | D61: B5 | E61: ថ្លៃដើមទំនិញបានលក់របស់សហគ្រាសក្រៅពីផលិតកម្ម (TOI 01/VI, D9)/Cost of goods sold of non- production enterprises (TOI 01/ VI, D9) | F61: =D61&"-"&E61 -> B5-ថ្លៃដើមទំនិញបានលក់របស់សហគ្រាសក្រៅពីផលិតកម្ម (TOI 01/VI, D9)/Cost of goods sold of non- production enterprises (TOI 01/ VI, D9) | I61: ចំណាយសរុបមុនបង់ពន្ធ / Total expenses before tax | J61: =H61&"-"&I61 -> -ចំណាយសរុបមុនបង់ពន្ធ / Total expenses before tax
A62: 46410 | B62: Invoiced remuneration, board | D62: B6 | E62: ថ្លៃដើមសេវាបានផ្គត់ផ្គង់ /Cost of services supplied | F62: =D62&"-"&E62 -> B6-ថ្លៃដើមសេវាបានផ្គត់ផ្គង់ /Cost of services supplied | H62: XN-98 | I62: ចំណាយបង់ពន្ធ / Tax Expense | J62: =H62&"-"&I62 -> XN-98-ចំណាយបង់ពន្ធ / Tax Expense
A63: 46420 | B63: Audit fees | D63: B7 | E63: ចំណេញដុល (B7=B0-B4-B5-B6)/Gross profit (B7=B0-B4-B5-B6) | F63: =D63&"-"&E63 -> B7-ចំណេញដុល (B7=B0-B4-B5-B6)/Gross profit (B7=B0-B4-B5-B6)
A64: 46490 | B64: Other costs of administration | D64: B8 | E64: ចំណូលបន្ទាប់បន្សំ [B8=សរុប(B9:B11)]/Subsidiary Revenues [B8=Sum(B9:B11)] | F64: =D64&"-"&E64 -> B8-ចំណូលបន្ទាប់បន្សំ [B8=សរុប(B9:B11)]/Subsidiary Revenues [B8=Sum(B9:B11)]
A65: 46510 | B65: Conference costs | D65: B9 | E65: ចំណូលពីការជួលបានទទួល ឬត្រូវទទួល/Rental fees received or receivable | F65: =D65&"-"&E65 -> B9-ចំណូលពីការជួលបានទទួល ឬត្រូវទទួល/Rental fees received or receivable
A66: 46521 | B66: External Travel expenses, in | D66: B10 | E66: ចំណូលពីសួយសារបានទទួល ឬត្រូវទទួល/Royalties received or receivable | F66: =D66&"-"&E66 -> B10-ចំណូលពីសួយសារបានទទួល ឬត្រូវទទួល/Royalties received or receivable
A67: 46522 | B67: Travel expenses, to/from | D67: B11 | E67: ចំណូលបន្ទាប់បន្សំដទៃទៀត/Other Subsidiary Revenues | F67: =D67&"-"&E67 -> B11-ចំណូលបន្ទាប់បន្សំដទៃទៀត/Other Subsidiary Revenues
A68: 46531 | B68: Board and lodging, in | D68: B12 | E68: ចំណូលផ្សេងៗ [B12=សរុប(B13:B21)]/Other Revenues [B12=Sum(B13:B21)] | F68: =D68&"-"&E68 -> B12-ចំណូលផ្សេងៗ [B12=សរុប(B13:B21)]/Other Revenues [B12=Sum(B13:B21)]
A69: 46533 | B69: Board and lodging, not in | D69: B13 | E69: ឧបត្ថម្ភកធន/Grants/subsidies | F69: =D69&"-"&E69 -> B13-ឧបត្ថម្ភកធន/Grants/subsidies
A70: 46539 | B70: Other travel expenses | D70: B14 | E70: ចំណូលពីភាគលាភបានទទួល ឬត្រូវទទួល/Dividends received or receivable | F70: =D70&"-"&E70 -> B14-ចំណូលពីភាគលាភបានទទួល ឬត្រូវទទួល/Dividends received or receivable
A71: 46550 | B71: Consulting fees other | D71: B15 | E71: ចំណូលពីការប្រាក់បានទទួល ឬត្រូវទទួល/Interests received or receivable | F71: =D71&"-"&E71 -> B15-ចំណូលពីការប្រាក់បានទទួល ឬត្រូវទទួល/Interests received or receivable
A72: 46551 | B72: Consulting fees IT | D72: B16 | E72: ផលចំណេញ/តម្លៃលើសពីការលក់ទ្រព្យសកម្មរយៈពេលវែង/Gain/surplus on disposal of fixed assets (capital gain) | F72: =D72&"-"&E72 -> B16-ផលចំណេញ/តម្លៃលើសពីការលក់ទ្រព្យសកម្មរយៈពេលវែង/Gain/surplus on disposal of fixed assets (capital gain)
A73: 46560 | B73: Consulting fees Evalutations | D73: B17 | E73: ផលចំណេញពីការលក់មូលប័ត្រ/សញ្ញាប័ណ្ណ/Gain on disposal of securities | F73: =D73&"-"&E73 -> B17-ផលចំណេញពីការលក់មូលប័ត្រ/សញ្ញាប័ណ្ណ/Gain on disposal of securities
A74: 46970 | B74: Newspapers, magazines and prof. literatures | D74: B18 | E74: ភាគចំណេញពីប្រតិបត្តិការរួមគ្នា/Share of profit from joint venture | F74: =D74&"-"&E74 -> B18-ភាគចំណេញពីប្រតិបត្តិការរួមគ្នា/Share of profit from joint venture
... A126: 48890 | B126: Other appropriations | D126: D2 | E126: ចំណាយទិញទំនិញក្នុងគ្រា/ Purchases of goods during the period | F126: =D126&"-"&E126 -> D2-ចំណាយទិញទំនិញក្នុងគ្រា/ Purchases of goods during the period
D127: D3 | E127: ចំណាយផ្សេងៗទាក់ទងដល់ការទិញទំនិញ [D3 = សរុប (D4 :D6)]/ Other Expenses Related to Purchasing of Goods [D3 =Sum(D4 :D6)] | F127: =D127&"-"&E127 -> D3-ចំណាយផ្សេងៗទាក់ទងដល់ការទិញទំនិញ [D3 = សរុប (D4 :D6)]/ Other Expenses Related to Purchasing of Goods [D3 =Sum(D4 :D6)]
D128: D4 | E128: ចំណាយដឹកជញ្ជូនចូល/ Transportation-in expenses | F128: =D128&"-"&E128 -> D4- ចំណាយដឹកជញ្ជូនចូល/ Transportation-in expenses
D129: D5 | E129: ចំណាយបង់ពន្ធគយនាំចូល និងពន្ធដទៃទៀតដែលជាបន្ទុករបស់ហគ្រាស/ Imported duty and other taxes as enterprise's expenses | F129: =D129&"-"&E129 -> D5- ចំណាយបង់ពន្ធគយនាំចូល និងពន្ធដទៃទៀតដែលជាបន្ទុករបស់ហគ្រាស/ Imported duty and other taxes as enterprise's expenses
D130: D6 | E130: ចំណាយដទៃទៀតក្រៅពី D4 និង D5/ Other expenses excluding D4 and D5 | F130: =D130&"-"&E130 -> D6- ចំណាយដទៃទៀតក្រៅពី D4 និង D5/ Other expenses excluding D4 and D5
D131: D7 | E131: សរុបចំណាយថ្លៃដើមទំនិញ [D7 =(D1+D2+D3)]/Total Costs of Goods [D7 =(D1+D2+D3)] | F131: =D131&"-"&E131 -> D7-សរុបចំណាយថ្លៃដើមទំនិញ [D7 =(D1+D2+D3)]/Total Costs of Goods [D7 =(D1+D2+D3)]
D132: D8 | E132: ដក៖ ស្តុកទំនិញនៅចុងគ្រា /Less : Stock of goods at the end of the period | F132: =D132&"-"&E132 -> D8-ដក៖ ស្តុកទំនិញនៅចុងគ្រា /Less : Stock of goods at the end of the period
D133: D9 | E133: ថ្លៃដើមទំនិញដែលបានលក់ [D9 =(D7-D8)]/Costs of Goods Sold (D9 =D7-D8) | F133: =D133&"-"&E133 -> D9-ថ្លៃដើមទំនិញដែលបានលក់ [D9 =(D7-D8)]/Costs of Goods Sold (D9 =D7-D8)
D134: E1 | E134: ប្រាក់ចំណេញ/(ខាត)មុនបង់ពន្ធ / លទ្ធផលគណនេយ្យ ចំណេញ / (ខាត) (E1=B46)/Profit/(Loss) Before Tax / Accounting Profit / (Loss) (E1=B46) | F134: =D134&"-"&E134 -> E1-ប្រាក់ចំណេញ/(ខាត)មុនបង់ពន្ធ / លទ្ធផលគណនេយ្យ ចំណេញ / (ខាត) (E1=B46)/Profit/(Loss) Before Tax / Accounting Profit / (Loss) (E1=B46)
D135: E2 | E135: ចំណាយរំលស់គណនេយ្យ (TOI 01/IV-B36 + TOI 01/V-C9, C12) /Accounting depreciation (TOI 01/IV-B36+ TOI 01/V-C9, C12 ) | F135: =D135&"-"&E135 -> E2-ចំណាយរំលស់គណនេយ្យ (TOI 01/IV-B36 + TOI 01/V-C9, C12) /Accounting depreciation (TOI 01/IV-B36+ TOI 01/V-C9, C12 )
D136: E3 | E136: ចំណាយលើការកំសាន្តសប្បាយ. ការលំហែកំសាន្ត និងការទទួលភ្ញៀវ /Amusement, recreation and entertainment expenses | F136: =D136&"-"&E136 -> E3-ចំណាយលើការកំសាន្តសប្បាយ. ការលំហែកំសាន្ត និងការទទួលភ្ញៀវ /Amusement, recreation and entertainment expenses
D137: E4 | E137: ការកើនឡើងនូវសំវិធានធន(E4=TOI 01/IV-B37) /Increase in provisions (E4=TOI 01/IV-B37) | F137: =D137&"-"&E137 -> E4-ការកើនឡើងនូវសំវិធានធន(E4=TOI 01/IV-B37) /Increase in provisions (E4=TOI 01/IV-B37)
D138: E5 | E138: អំណោយ និងឧបត្ថម្ភកធនផ្សេងៗ /Donations, grants and subsidies | F138: =D138&"-"&E138 -> E5-អំណោយ និងឧបត្ថម្ភកធនផ្សេងៗ /Donations, grants and subsidies
... D206: G8 | E206: ចំនួនទឹកប្រាក់ដែលត្រូវបូកក្នុងប្រាក់ចំណូលជាប់ពន្ធ (G8 = G2 - G7)/ Amount to be added to taxable income (G8 = G2 - G7) | F206: =D206&"-"&E206 -> G8-ចំនួនទឹកប្រាក់ដែលត្រូវបូកក្នុងប្រាក់ចំណូលជាប់ពន្ធ (G8 = G2 - G7)/ Amount to be added to taxable income (G8 = G2 - G7)

Sheet Bud_Vs_Exp
C1: FINANCE REPORT
C2: Company name: | D2: ABC
C3: Project Title: | D3: KH123-PT
C4: SNV Organization Number: | D4: 4l I 45789645
C5: Fundig Source: | D5: EU
C6: Project Period: | D6: Jan 1, 2021 to December 31, 2023
C7: EXPENDITURE REPORT
C8: Reporting period | D8: 01 January 2021 - 31 December 2023
C9: Opening Balance 1 Jan 2021 | D9: 0
E11: SEK
A12: Activity Code/Class/Job/Sec | B12: Donor Line# | C12: Nature of the expeses according to proposed budget | D12: TOTAL Latest BUDGET | E12: Acumulated costs (before current report) | F12: Expenditure in this period | G12: Acumulated costs (from start of implementation to present report included) | H12: Balance | I12: Depletion % | J12: Explain | L12: Expenditure in this period
C13: 1. Human Resources
A14: 65801 | B14: 1.1.1.32 | C14: 1.1.1.32 Program Manager/PM (1 Position @ 28%) | D14: 6734.6709 | E14: 5387.7367 | F14: =SUMIF(Data!$J$4:$J$10000,A14,Data!$S$4:$S$10000) -> 1438.92 | G14: =SUM(E14:F14) -> 6826.6567 | H14: =D14-G14 -> -91.985823 | I14: =IFERROR(G14/D14,"") -> 1.0136585 | L14: =SUMIF('Favourite Formulas'!$B$5:$B$36,A14,'Favourite Formulas'!$C$5:$C$36) -> 1438.92
A15: 65802 | B15: 1.1.1.33 | C15: 1.1.1.33 Program Officer/PO (1 Position @ 100%) | D15: 34000 | E15: 12236.565 | F15: =SUMIF(Data!$J$4:$J$10000,A15,Data!$S$4:$S$10000) -> 23017.95 | G15: =SUM(E15:F15) -> 35254.515 | H15: =D15-G15 -> -1254.5155 | I15: =IFERROR(G15/D15,"") -> 1.0368975 | L15: =SUMIF('Favourite Formulas'!$B$5:$B$36,A15,'Favourite Formulas'!$C$5:$C$36) -> 23017.95
A16: 65803 | B16: 1.1.1.34 | C16: 1.1.1.34 Grant Management Officer/GMO (1 Position @ 17%) | D16: 3468.6557 | E16: 2980.6852 | F16: =SUMIF(Data!$J$4:$J$10000,A16,Data!$S$4:$S$10000) -> 1640.39 | G16: =SUM(E16:F16) -> 4621.0752 | H16: =D16-G16 -> -1152.4195 | I16: =IFERROR(G16/D16,"") -> 1.3322381 | L16: =SUMIF('Favourite Formulas'!$B$5:$B$36,A16,'Favourite Formulas'!$C$5:$C$36) -> 1640.39
C17: 1.1.2 Administrative/ support staff | D17: 0 | E17: 0 | F17: =SUMIF(Data!$J$4:$J$10000,A17,Data!$S$4:$S$10000) -> 0 | G17: =SUM(E17:F17) -> 0 | H17: =D17-G17 -> 0 | I17: =IFERROR(G17/D17,"") | L17: =SUMIF('Favourite Formulas'!$B$5:$B$36,A17,'Favourite Formulas'!$C$5:$C$36) -> 0
A18: 65804 | B18: 1.1.2.26 | C18: 1.1.2.26 Finance, Administration and HR Manager/FAHM (1 Position @ 18%) | D18: 15032 | E18: 2826.8112 | F18: =SUMIF(Data!$J$4:$J$10000,A18,Data!$S$4:$S$10000) -> 9712.29 | G18: =SUM(E18:F18) -> 12539.101 | H18: =D18-G18 -> 2492.8988 | I18: =IFERROR(G18/D18,"") -> 0.83416054 | L18: =SUMIF('Favourite Formulas'!$B$5:$B$36,A18,'Favourite Formulas'!$C$5:$C$36) -> 9712.29
A19: 65805 | B19: 1.1.2.27 | C19: 1.1.2.27 Finance Officer (1 Position @ 18%) | D19: 3500 | E19: 1411.7653 | F19: =SUMIF(Data!$J$4:$J$10000,A19,Data!$S$4:$S$10000) -> 2200.65 | G19: =SUM(E19:F19) -> 3612.4153 | H19: =D19-G19 -> -112.41527 | I19: =IFERROR(G19/D19,"") -> 1.0321186 | L19: =SUMIF('Favourite Formulas'!$B$5:$B$36,A19,'Favourite Formulas'!$C$5:$C$36) -> 2200.65
A20: 65806 | B20: 1.1.2.28 | C20: 1.1.2.28 Administration and IT Officer ((1 Position @ 10%) | D20: 1157.5163 | E20: 783.30808 | F20: =SUMIF(Data!$J$4:$J$10000,A20,Data!$S$4:$S$10000) -> 581.06 | G20: =SUM(E20:F20) -> 1364.3681 | H20: =D20-G20 -> -206.85176 | I20: =IFERROR(G20/D20,"") -> 1.1787031 | L20: =SUMIF('Favourite Formulas'!$B$5:$B$36,A20,'Favourite Formulas'!$C$5:$C$36) -> 581.06
A21: 65807 | B21: 1.1.2.29 | C21: 1.1.2.29 Driver and Support Officer 1, Cleaner 1, and Security Guard 1.( 3 Positions @ 10%) | D21: 1377.7614 | E21: 978.96867 | F21: =SUMIF(Data!$J$4:$J$10000,A21,Data!$S$4:$S$10000) -> 494.41 | G21: =SUM(E21:F21) -> 1473.3787 | H21: =D21-G21 -> -95.617273 | I21: =IFERROR(G21/D21,"") -> 1.0694005 | L21: =SUMIF('Favourite Formulas'!$B$5:$B$36,A21,'Favourite Formulas'!$C$5:$C$36) -> 494.41
A22: 65808 | B22: 1.2.15 | C22: 1.2.15 Country Manager (1 position @ 10%) | D22: 18745 | E22: 4875.0228 | F22: =SUMIF(Data!$J$4:$J$10000,A22,Data!$S$4:$S$10000) -> 7400 | G22: =SUM(E22:F22) -> 12275.023 | H22: =D22-G22 -> 6469.9772 | I22: =IFERROR(G22/D22,"") -> 0.65484251 | L22: =SUMIF('Favourite Formulas'!$B$5:$B$36,A22,'Favourite Formulas'!$C$5:$C$36) -> 7400
A23: 65809 | B23: 1.2.16 | C23: 1.2.16 HO Program Support and Quality Controllers (1 position @10%) | D23: 8795 | E23: 3929.5507 | F23: =SUMIF(Data!$J$4:$J$10000,A23,Data!$S$4:$S$10000) -> 3700 | G23: =SUM(E23:F23) -> 7629.5507 | H23: =D23-G23 -> 1165.4493 | I23: =IFERROR(G23/D23,"") -> 0.86748728 | L23: =SUMIF('Favourite Formulas'!$B$5:$B$36,A23,'Favourite Formulas'!$C$5:$C$36) -> 3700
C24: 1.3 Perdiems for missions/travel5 | D24: 0 | E24: 0 | F24: =SUMIF(Data!$J$4:$J$10000,A24,Data!$S$4:$S$10000) -> 0 | G24: =SUM(E24:F24) -> 0 | H24: =D24-G24 -> 0 | I24: =IFERROR(G24/D24,"") | L24: =SUMIF('Favourite Formulas'!$B$5:$B$36,A24,'Favourite Formulas'!$C$5:$C$36) -> 0
B25: 1.3.1 | C25: 1.3.1 Country Abroad (Staff assigned to the action) | D25: 549.32782 | E25: 498.16461 | F25: =SUMIF(Data!$J$4:$J$10000,A25,Data!$S$4:$S$10000) -> 0 | G25: =SUM(E25:F25) -> 498.16461 | H25: =D25-G25 -> 51.163212 | I25: =IFERROR(G25/D25,"") -> 0.90686215 | L25: =SUMIF('Favourite Formulas'!$B$5:$B$36,A25,'Favourite Formulas'!$C$5:$C$36) -> 0
A26: 65813 | B26: 1.3.2 | C26: 1.3.2 Local (Staff assigned to the action) | D26: 5980 | E26: 2251.3036 | F26: =SUMIF(Data!$J$4:$J$10000,A26,Data!$S$4:$S$10000) -> 1339.74 | G26: =SUM(E26:F26) -> 3591.0436 | H26: =D26-G26 -> 2388.9564 | I26: =IFERROR(G26/D26,"") -> 0.60050896 | L26: =SUMIF('Favourite Formulas'!$B$5:$B$36,A26,'Favourite Formulas'!$C$5:$C$36) -> 1339.74
B27: 1.3.3 | C27: 1.3.3 Seminar/conference participants (Staff assigned to the action) | D27: 0 | E27: 0 | F27: =SUMIF(Data!$J$4:$J$10000,A27,Data!$S$4:$S$10000) -> 0 | G27: =SUM(E27:F27) -> 0 | H27: =D27-G27 -> 0 | I27: =IFERROR(G27/D27,"") | L27: =SUMIF('Favourite Formulas'!$B$5:$B$36,A27,'Favourite Formulas'!$C$5:$C$36) -> 0
B28: I | C28: Subtotal Human Resources | D28: =SUM(D14:D27) -> 99339.932 | E28: =SUM(E14:E27) -> 38159.882 | F28: =SUM(F14:F27) -> 51525.41 | G28: =SUM(G14:G27) -> 89685.292 | H28: =SUM(H14:H27) -> 9654.6398 | I28: =IFERROR(G28/D28,"") -> 0.9028121 | L28: =SUM(L14:L27) -> 51525.41
C29: 2. Travel | D29: 0 | E29: 0 | F29: =SUMIF(Data!$J$4:$J$10000,A29,Data!$S$4:$S$10000) -> 0 | G29: =SUM(E29:F29) -> 0 | H29: =D29-G29 -> 0 | I29: =IFERROR(G29/D29,"") | L29: =SUMIF('Favourite Formulas'!$B$5:$B$36,A29,'Favourite Formulas'!$C$5:$C$36) -> 0
C30: 2.1. International travel_Airfare for international travel to join the meeting at HO. | D30: 500 | E30: 489.49389 | F30: =SUMIF(Data!$J$4:$J$10000,A30,Data!$S$4:$S$10000) -> 0 | G30: =SUM(E30:F30) -> 489.49389 | H30: =D30-G30 -> 10.506106 | I30: =IFERROR(G30/D30,"") -> 0.97898779 | L30: =SUMIF('Favourite Formulas'!$B$5:$B$36,A30,'Favourite Formulas'!$C$5:$C$36) -> 0
A31: 65814 | B31: 2.4 | C31: 2.4 Local transportation_Gasoline for staff to monitor/technical support visit to Partners and joining with stackholders at the provinces | D31: 3500 | E31: 1306.6959 | F31: =SUMIF(Data!$J$4:$J$10000,A31,Data!$S$4:$S$10000) -> 1689.85 | G31: =SUM(E31:F31) -> 2996.5459 | H31: =D31-G31 -> 503.45408 | I31: =IFERROR(G31/D31,"") -> 0.85615598 | L31: =SUMIF('Favourite Formulas'!$B$5:$B$36,A31,'Favourite Formulas'!$C$5:$C$36) -> 1689.85
B32: II | C32: Subtotal Travel | D32: =SUM(D29:D31) -> 4000 | E32: =SUM(E29:E31) -> 1796.1898 | F32: =SUM(F29:F31) -> 1689.85 | G32: =SUM(G29:G31) -> 3486.0398 | H32: =SUM(H29:H31) -> 513.96018 | I32: =IFERROR(G32/D32,"") -> 0.87150995 | L32: =SUM(L29:L31) -> 1689.85
C33: 3. Equipment and supplies | D33: 0 | E33: 0 | F33: =SUMIF(Data!$J$4:$J$10000,A33,Data!$S$4:$S$10000) -> 0 | G33: =SUM(E33:F33) -> 0 | H33: =D33-G33 -> 0 | I33: =IFERROR(G33/D33,"") | L33: =SUMIF('Favourite Formulas'!$B$5:$B$36,A33,'Favourite Formulas'!$C$5:$C$36) -> 0
A34: 65815 | B34: 3.1 | C34: 3.1 Purchase or rent of vehicles | D34: 0 | E34: 0 | F34: =SUMIF(Data!$J$4:$J$10000,A34,Data!$S$4:$S$10000) -> 0 | G34: =SUM(E34:F34) -> 0 | H34: =D34-G34 -> 0 | I34: =IFERROR(G34/D34,"") | L34: =SUMIF('Favourite Formulas'!$B$5:$B$36,A34,'Favourite Formulas'!$C$5:$C$36) -> 0
A35: 65816 | B35: 3.2 | C35: 3.2 Furniture, computer equipment | D35: 821 | E35: 582.37529 | F35: =SUMIF(Data!$J$4:$J$10000,A35,Data!$S$4:$S$10000) -> 0 | G35: =SUM(E35:F35) -> 582.37529 | H35: =D35-G35 -> 238.62471 | I35: =IFERROR(G35/D35,"") -> 0.70934871 | L35: =SUMIF('Favourite Formulas'!$B$5:$B$36,A35,'Favourite Formulas'!$C$5:$C$36) -> 0
A36: 65817 | B36: 3.3 | C36: 3.3 Machines, tools.. | D36: 0 | E36: 0 | F36: =SUMIF(Data!$J$4:$J$10000,A36,Data!$S$4:$S$10000) -> 0 | G36: =SUM(E36:F36) -> 0 | H36: =D36-G36 -> 0 | I36: =IFERROR(G36/D36,"") | L36: =SUMIF('Favourite Formulas'!$B$5:$B$36,A36,'Favourite Formulas'!$C$5:$C$36) -> 0
A37: 65818 | B37: 3.4 | C37: 3.4 Spare parts/equipment for machines, tools | D37: 200 | E37: 184.12853 | F37: =SUMIF(Data!$J$4:$J$10000,A37,Data!$S$4:$S$10000) -> 0 | G37: =SUM(E37:F37) -> 184.12853 | H37: =D37-G37 -> 15.871473 | I37: =IFERROR(G37/D37,"") -> 0.92064263 | L37: =SUMIF('Favourite Formulas'!$B$5:$B$36,A37,'Favourite Formulas'!$C$5:$C$36) -> 0
A38: 65819 | B38: 3.5 | C38: 3.5 Other (please specify) | D38: 0 | E38: 0 | F38: =SUMIF(Data!$J$4:$J$10000,A38,Data!$S$4:$S$10000) -> 0 | G38: =SUM(E38:F38) -> 0 | H38: =D38-G38 -> 0 | I38: =IFERROR(G38/D38,"") | L38: =SUMIF('Favourite Formulas'!$B$5:$B$36,A38,'Favourite Formulas'!$C$5:$C$36) -> 0
B39: III | C39: Subtotal Equipment and supplies | D39: =SUM(D33:D38) -> 1021 | E39: =SUM(E33:E38) -> 766.50382 | F39: =SUM(F33:F38) -> 0 | G39: =SUM(G33:G38) -> 766.50382 | H39: =SUM(H33:H38) -> 254.49618 | I39: =IFERROR(G39/D39,"") -> 0.75073831 | L39: =SUM(L33:L38) -> 0
C40: 4. Local office | D40: 0 | E40: 0 | F40: =SUMIF(Data!$J$4:$J$10000,A40,Data!$S$4:$S$10000) -> 0 | G40: =SUM(E40:F40) -> 0 | H40: =D40-G40 -> 0 | I40: =IFERROR(G40/D40,"") | L40: =SUMIF('Favourite Formulas'!$B$5:$B$36,A40,'Favourite Formulas'!$C$5:$C$36) -> 0
B41: 4.1 | C41: 4.1 Vehicle costs | D41: 603.8469 | E41: 346.80134 | F41: =SUMIF(Data!$J$4:$J$10000,A41,Data!$S$4:$S$10000) -> 0 | G41: =SUM(E41:F41) -> 346.80134 | H41: =D41-G41 -> 257.04556 | I41: =IFERROR(G41/D41,"") -> 0.57431998 | L41: =SUMIF('Favourite Formulas'!$B$5:$B$36,A41,'Favourite Formulas'!$C$5:$C$36) -> 0
A42: 65820 | B42: 4.2 | C42: 4.2 Office rent | D42: 8000 | E42: 1622.1112 | F42: =SUMIF(Data!$J$4:$J$10000,A42,Data!$S$4:$S$10000) -> 4904.87 | G42: =SUM(E42:F42) -> 6526.9812 | H42: =D42-G42 -> 1473.0188 | I42: =IFERROR(G42/D42,"") -> 0.81587265 | L42: =SUMIF('Favourite Formulas'!$B$5:$B$36,A42,'Favourite Formulas'!$C$5:$C$36) -> 4904.87
A43: 65821 | B43: 4.3 | C43: 4.3 Consumables - office supplies | D43: 603.76388 | E43: 385.93627 | F43: =SUMIF(Data!$J$4:$J$10000,A43,Data!$S$4:$S$10000) -> 40.95 | G43: =SUM(E43:F43) -> 426.88627 | H43: =D43-G43 -> 176.87761 | I43: =IFERROR(G43/D43,"") -> 0.70704175 | L43: =SUMIF('Favourite Formulas'!$B$5:$B$36,A43,'Favourite Formulas'!$C$5:$C$36) -> 40.95
A44: 65822 | B44: 4.4 | C44: 4.4 Other services (tel/fax, electricity/heating, maintenance) | D44: 1786.0621 | E44: 1637.8561 | F44: =SUMIF(Data!$J$4:$J$10000,A44,Data!$S$4:$S$10000) -> 1725.27 | G44: =SUM(E44:F44) -> 3363.1261 | H44: =D44-G44 -> -1577.064 | I44: =IFERROR(G44/D44,"") -> 1.8829838 | L44: =SUMIF('Favourite Formulas'!$B$5:$B$36,A44,'Favourite Formulas'!$C$5:$C$36) -> 1725.27
B45: IV | C45: Subtotal Local office | D45: =SUM(D40:D44) -> 10993.673 | E45: =SUM(E40:E44) -> 3992.7049 | F45: =SUM(F40:F44) -> 6671.09 | G45: =SUM(G40:G44) -> 10663.795 | H45: =SUM(H40:H44) -> 329.87801 | I45: =IFERROR(G45/D45,"") -> 0.96999383 | L45: =SUM(L40:L44) -> 6671.09
C46: 5. Other costs, services | D46: 0 | E46: 0 | F46: =SUMIF(Data!$J$4:$J$10000,A46,Data!$S$4:$S$10000) -> 0 | G46: =SUM(E46:F46) -> 0 | H46: =D46-G46 -> 0 | I46: =IFERROR(G46/D46,"") | L46: =SUMIF('Favourite Formulas'!$B$5:$B$36,A46,'Favourite Formulas'!$C$5:$C$36) -> 0
B47: 5.1 | C47: 5.1 Publications9 | D47: 0 | E47: 0 | F47: =SUMIF(Data!$J$4:$J$10000,A47,Data!$S$4:$S$10000) -> 0 | G47: =SUM(E47:F47) -> 0 | H47: =D47-G47 -> 0 | I47: =IFERROR(G47/D47,"") | L47: =SUMIF('Favourite Formulas'!$B$5:$B$36,A47,'Favourite Formulas'!$C$5:$C$36) -> 0
B48: 5.2 | C48: 5.2 Studies, research9 | D48: 0 | E48: 0 | F48: =SUMIF(Data!$J$4:$J$10000,A48,Data!$S$4:$S$10000) -> 0 | G48: =SUM(E48:F48) -> 0 | H48: =D48-G48 -> 0 | I48: =IFERROR(G48/D48,"") | L48: =SUMIF('Favourite Formulas'!$B$5:$B$36,A48,'Favourite Formulas'!$C$5:$C$36) -> 0
B49: 5.3 | C49: 5.3 Expenditure verification/Audit | D49: 0 | E49: 0 | F49: =SUMIF(Data!$J$4:$J$10000,A49,Data!$S$4:$S$10000) -> 0 | G49: =SUM(E49:F49) -> 0 | H49: =D49-G49 -> 0 | I49: =IFERROR(G49/D49,"") | L49: =SUMIF('Favourite Formulas'!$B$5:$B$36,A49,'Favourite Formulas'!$C$5:$C$36) -> 0
B50: 5.4 | C50: 5.4 Evaluation costs | D50: 0 | E50: 0 | F50: =SUMIF(Data!$J$4:$J$10000,A50,Data!$S$4:$S$10000) -> 0 | G50: =SUM(E50:F50) -> 0 | H50: =D50-G50 -> 0 | I50: =IFERROR(G50/D50,"") | L50: =SUMIF('Favourite Formulas'!$B$5:$B$36,A50,'Favourite Formulas'!$C$5:$C$36) -> 0
B51: 5.5 | C51: 5.5 Translation, interpreters | D51: 0 | E51: 0 | F51: =SUMIF(Data!$J$4:$J$10000,A51,Data!$S$4:$S$10000) -> 0 | G51: =SUM(E51:F51) -> 0 | H51: =D51-G51 -> 0 | I51: =IFERROR(G51/D51,"") | L51: =SUMIF('Favourite Formulas'!$B$5:$B$36,A51,'Favourite Formulas'!$C$5:$C$36) -> 0
A52: 65827 | B52: 5.6 | C52: 5.6 Financial services (bank guarantee costs, bank fees, etc.) | D52: 750 | E52: 45 | F52: =SUMIF(Data!$J$4:$J$10000,A52,Data!$S$4:$S$10000) -> 329.75 | G52: =SUM(E52:F52) -> 374.75 | H52: =D52-G52 -> 375.25 | I52: =IFERROR(G52/D52,"") -> 0.49966667 | L52: =SUMIF('Favourite Formulas'!$B$5:$B$36,A52,'Favourite Formulas'!$C$5:$C$36) -> 329.75
B53: 5.7 | C53: 5.7 Costs of conferences/seminars9 | D53: 0 | E53: 0 | F53: =SUMIF(Data!$J$4:$J$10000,A53,Data!$S$4:$S$10000) -> 0 | G53: =SUM(E53:F53) -> 0 | H53: =D53-G53 -> 0 | I53: =IFERROR(G53/D53,"") | L53: =SUMIF('Favourite Formulas'!$B$5:$B$36,A53,'Favourite Formulas'!$C$5:$C$36) -> 0
A54: 65824 | B54: 5.8. | C54: 5.8. Visibility actions10 | D54: 1433.6291 | E54: 802 | F54: =SUMIF(Data!$J$4:$J$10000,A54,Data!$S$4:$S$10000) -> 0 | G54: =SUM(E54:F54) -> 802 | H54: =D54-G54 -> 631.62912 | I54: =IFERROR(G54/D54,"") -> 0.55941944 | L54: =SUMIF('Favourite Formulas'!$B$5:$B$36,A54,'Favourite Formulas'!$C$5:$C$36) -> 0
B55: V | C55: Subtotal Other costs, services | D55: =SUM(D46:D54) -> 2183.6291 | E55: =SUM(E46:E54) -> 847 | F55: =SUM(F46:F54) -> 329.75 | G55: =SUM(G46:G54) -> 1176.75 | H55: =SUM(H46:H54) -> 1006.8791 | I55: =IFERROR(G55/D55,"") -> 0.53889646 | L55: =SUM(L46:L54) -> 329.75
C56: 6. Other | D56: 0 | E56: 0 | F56: =SUMIF(Data!$J$4:$J$10000,A56,Data!$S$4:$S$10000) -> 0 | G56: =SUM(E56:F56) -> 0 | H56: =D56-G56 -> 0 | I56: =IFERROR(G56/D56,"") | L56: =SUMIF('Favourite Formulas'!$B$5:$B$36,A56,'Favourite Formulas'!$C$5:$C$36) -> 0
C57: 1st Partner's activities | D57: 0 | E57: 0 | F57: =SUMIF(Data!$J$4:$J$10000,A57,Data!$S$4:$S$10000) -> 0 | G57: =SUM(E57:F57) -> 0 | H57: =D57-G57 -> 0 | I57: =IFERROR(G57/D57,"") | L57: =SUMIF('Favourite Formulas'!$B$5:$B$36,A57,'Favourite Formulas'!$C$5:$C$36) -> 0
A58: 65830 | B58: 6.3 | C58: 6.3 Financial Support to third party | D58: 150000 | E58: 18654 | F58: =SUMIF(Data!$J$4:$J$10000,A58,Data!$S$4:$S$10000) -> 92630.47 | G58: =SUM(E58:F58) -> 111284.47 | H58: =D58-G58 -> 38715.53 | I58: =IFERROR(G58/D58,"") -> 0.74189647 | L58: =SUMIF('Favourite Formulas'!$B$5:$B$36,A58,'Favourite Formulas'!$C$5:$C$36) -> 92630.47
C59: 1st partner activities | D59: 0 | E59: 0 | F59: =SUMIF(Data!$J$4:$J$10000,A59,Data!$S$4:$S$10000) -> 0 | G59: =SUM(E59:F59) -> 0 | H59: =D59-G59 -> 0 | I59: =IFERROR(G59/D59,"") | L59: =SUMIF('Favourite Formulas'!$B$5:$B$36,A59,'Favourite Formulas'!$C$5:$C$36) -> 0
B60: 6.4 | C60: 6.4 Partner assessment, Project Launching, annual reflection meetings | D60: 0 | E60: 0 | F60: =SUMIF(Data!$J$4:$J$10000,A60,Data!$S$4:$S$10000) -> 0 | G60: =SUM(E60:F60) -> 0 | H60: =D60-G60 -> 0 | I60: =IFERROR(G60/D60,"") | L60: =SUMIF('Favourite Formulas'!$B$5:$B$36,A60,'Favourite Formulas'!$C$5:$C$36) -> 0
A61: 65831 | B61: 6.4.1 | C61: 6.4.1 Partners assessment | D61: 227.22525 | E61: 150 | F61: =SUMIF(Data!$J$4:$J$10000,A61,Data!$S$4:$S$10000) -> 0 | G61: =SUM(E61:F61) -> 150 | H61: =D61-G61 -> 77.22525 | I61: =IFERROR(G61/D61,"") -> 0.6601379 | L61: =SUMIF('Favourite Formulas'!$B$5:$B$36,A61,'Favourite Formulas'!$C$5:$C$36) -> 0
A62: 65832 | B62: 6.4.2 | C62: 6.4.2 ToT training to CFi and CPAs on planning, implementation and monitoring for environmental change, climate changes, and NRs using ’s Right(s) Way Forward methodologies for Sustainable Use of Natural Resources. is responsible for this activities. | D62: 3000 | E62: 2200 | F62: =SUMIF(Data!$J$4:$J$10000,A62,Data!$S$4:$S$10000) -> 820.39 | G62: =SUM(E62:F62) -> 3020.39 | H62: =D62-G62 -> -20.39 | I62: =IFERROR(G62/D62,"") -> 1.0067967 | L62: =SUMIF('Favourite Formulas'!$B$5:$B$36,A62,'Favourite Formulas'!$C$5:$C$36) -> 820.39
A63: 65833 | B63: 6.4.3 | C63: 6.4.3 Launching meeting with partners and relevant stakeholders | D63: 17420 | E63: 1580 | F63: =SUMIF(Data!$J$4:$J$10000,A63,Data!$S$4:$S$10000) -> 11853.6 | G63: =SUM(E63:F63) -> 13433.6 | H63: =D63-G63 -> 3986.4 | I63: =IFERROR(G63/D63,"") -> 0.77115959 | L63: =SUMIF('Favourite Formulas'!$B$5:$B$36,A63,'Favourite Formulas'!$C$5:$C$36) -> 11853.6
A64: 65834 | B64: 6.4.4 | C64: 6.4.4 Program implementation review/reflection with Partners | D64: 10000 | E64: 1700 | F64: =SUMIF(Data!$J$4:$J$10000,A64,Data!$S$4:$S$10000) -> 5653.16 | G64: =SUM(E64:F64) -> 7353.16 | H64: =D64-G64 -> 2646.84 | I64: =IFERROR(G64/D64,"") -> 0.735316 | L64: =SUMIF('Favourite Formulas'!$B$5:$B$36,A64,'Favourite Formulas'!$C$5:$C$36) -> 5653.16
B65: VI | C65: Subtotal Other | D65: =SUM(D56:D64) -> 180647.23 | E65: =SUM(E56:E64) -> 24284 | F65: =SUM(F56:F64) -> 110957.62 | G65: =SUM(G56:G64) -> 135241.62 | H65: =SUM(H56:H64) -> 45405.605 | I65: =IFERROR(G65/D65,"") -> 0.74865041 | L65: =SUM(L56:L64) -> 110957.62
B66: VII | C66: 7. Subtotal direct eligible costs of the Action (1-6) | D66: =SUM(D28,D32,D39,D45,D55,D65) -> 298185.46 | E66: =SUM(E28,E32,E39,E45,E55,E65) -> 69846.281 | F66: =SUM(F28,F32,F39,F45,F55,F65) -> 171173.72 | G66: =SUM(G28,G32,G39,G45,G55,G65) -> 241020 | H66: =SUM(H28,H32,H39,H45,H55,H65) -> 57165.459 | I66: =IFERROR(G66/D66,"") -> 0.80828891 | L66: =SUM(L28,L32,L39,L45,L55,L65) -> 171173.72
A67: 65899 | B67: VIII | C67: 8. Indirect costs (maximum 7% of 7, subtotal of direct eligible costs of the Action) | D67: =D66*7% -> 20872.982 | E67: =E66*7% -> 4889.2397 | F67: =F66*7% -> 11982.16 | G67: =G66*7% -> 16871.4 | H67: =H66*7% -> 4001.5821 | I67: =IFERROR(G67/D67,"") -> 0.80828891 | L67: =L66*7% -> 11982.16
B68: IX | C68: 9. Total eligible costs of the Action, excluding reserve (7+ 8) | D68: =D66+D67 -> 319058.44 | E68: =E66+E67 -> 74735.521 | F68: =F66+F67 -> 183155.88 | G68: =G66+G67 -> 257891.4 | H68: =H66+H67 -> 61167.041 | I68: =IFERROR(G68/D68,"") -> 0.80828891 | L68: =L66+L67 -> 183155.88
B69: X | C69: 10. Not applicable | D69: 0 | E69: 0 | F69: 0 | G69: 0 | H69: 0 | I69: =IFERROR(G69/D69,"") | L69: 0
B70: XI | C70: 11. Total eligible costs (9+10) | D70: =SUM(D68:D69) -> 319058.44 | E70: =SUM(E68:E69) -> 74735.521 | F70: =SUM(F68:F69) -> 183155.88 | G70: =SUM(G68:G69) -> 257891.4 | H70: =SUM(H68:H69) -> 61167.041 | I70: =IFERROR(G70/D70,"") -> 0.80828891 | L70: =SUM(L68:L69) -> 183155.88
B71: XII | C71: 12. - Taxes - Contributions in kind | D71: 0 | E71: 0 | F71: 0 | G71: 0 | H71: 0 | I71: =IFERROR(G71/D71,"") | L71: 0
B72: XIII | C72: 13. Total accepted costs of the action (11+12) | D72: =SUM(D70:D71) -> 319058.44 | E72: =SUM(E70:E71) -> 74735.521 | F72: =SUM(F70:F71) -> 183155.88 | G72: =SUM(G70:G71) -> 257891.4 | H72: =SUM(H70:H71) -> 61167.041 | I72: =IFERROR(G72/D72,"") -> 0.80828891 | L72: =SUM(L70:L71) -> 183155.88

Sheet Data
A1: Original Data from Accouting Sytem | S1: =SUBTOTAL(9,S4:S1000) -> 205244.56
A3: T | B3: TT | C3: TransNo | D3: # | E3: Trans.date | F3: Period | G3: Account | H3: Account (T) | I3: Unit | J3: Activity code | K3: Project | L3: Project (T) | M3: Resource | N3: Resource (T) | O3: Costce | P3: Costce (T) | Q3: TC | R3: Text | S3: Company Curr | T3: Budget Code | U3: Quarter
A4: B | B4: H5 | C4: 1572754 | D4: 1 | E4: 44536 | F4: 202212 | G4: 45520 | H4: Repairs and maintenance of computers | I4: 590 | J4: 65822 | K4: PID65000 | L4: EU | O4: 5 | P4: Southeast Asia | Q4: 0 | R4: Monthly**************e_Trust***** | S4: 53.9 | T4: =IF(J4="","","FCR-"&_xlfn.XLOOKUP(J4,Bud_Vs_Exp!$A$14:$A$72,Bud_Vs_Exp!$B$14:$B$72,"")) -> FCR-4.4 | U4: =_xlfn.XLOOKUP(F4,SetUp!$O$2:$O$13,SetUp!$P$2:$P$13,"") -> Q4
A5: B | B5: H5 | C5: 1572760 | D5: 1 | E5: 44544 | F5: 202212 | G5: 45020 | H5: Electricity | I5: 590 | J5: 65822 | K5: PID65000 | L5: EU | O5: 5 | P5: Southeast Asia | Q5: 0 | R5: Electri************** 72_Nov***** | S5: 64.75 | T5: =IF(J5="","","FCR-"&_xlfn.XLOOKUP(J5,Bud_Vs_Exp!$A$14:$A$72,Bud_Vs_Exp!$B$14:$B$72,"")) -> FCR-4.4 | U5: =_xlfn.XLOOKUP(F5,SetUp!$O$2:$O$13,SetUp!$P$2:$P$13,"") -> Q4
A6: B | B6: H5 | C6: 1572760 | D6: 0 | E6: 44544 | F6: 202212 | G6: 46150 | H6: Printed matter | I6: 590 | J6: 65821 | K6: PID65000 | L6: EU | O6: 5 | P6: Southeast Asia | Q6: 0 | R6: Printin************** shop_s***** | S6: 4.22 | T6: =IF(J6="","","FCR-"&_xlfn.XLOOKUP(J6,Bud_Vs_Exp!$A$14:$A$72,Bud_Vs_Exp!$B$14:$B$72,"")) -> FCR-4.3 | U6: =_xlfn.XLOOKUP(F6,SetUp!$O$2:$O$13,SetUp!$P$2:$P$13,"") -> Q4
A7: B | B7: H5 | C7: 1572766 | D7: 0 | E7: 44553 | F7: 202212 | G7: 47622 | H7: Health care (Regional offices) | I7: 590 | J7: 65802 | K7: PID65000 | L7: EU | O7: 5 | P7: Southeast Asia | Q7: 0 | R7: Remaini**************cal cos***** | S7: 291.22 | T7: =IF(J7="","","FCR-"&_xlfn.XLOOKUP(J7,Bud_Vs_Exp!$A$14:$A$72,Bud_Vs_Exp!$B$14:$B$72,"")) -> FCR-1.1.1.33 | U7: =_xlfn.XLOOKUP(F7,SetUp!$O$2:$O$13,SetUp!$P$2:$P$13,"") -> Q4
A8: B | B8: H5 | C8: 1572766 | D8: 4 | E8: 44553 | F8: 202212 | G8: 47622 | H8: Health care (Regional offices) | I8: 590 | J8: 65804 | K8: PID65000 | L8: EU | O8: 5 | P8: Southeast Asia | Q8: 0 | R8: Remaini**************cal cos***** | S8: 22.26 | T8: =IF(J8="","","FCR-"&_xlfn.XLOOKUP(J8,Bud_Vs_Exp!$A$14:$A$72,Bud_Vs_Exp!$B$14:$B$72,"")) -> FCR-1.1.2.26 | U8: =_xlfn.XLOOKUP(F8,SetUp!$O$2:$O$13,SetUp!$P$2:$P$13,"") -> Q4
A9: B | B9: H5 | C9: 1572766 | D9: 9 | E9: 44553 | F9: 202212 | G9: 47622 | H9: Health care (Regional offices) | I9: 590 | J9: 65807 | K9: PID65000 | L9: EU | O9: 5 | P9: Southeast Asia | Q9: 0 | R9: Remaini**************cal cos***** | S9: 38.71 | T9: =IF(J9="","","FCR-"&_xlfn.XLOOKUP(J9,Bud_Vs_Exp!$A$14:$A$72,Bud_Vs_Exp!$B$14:$B$72,"")) -> FCR-1.1.2.29 | U9: =_xlfn.XLOOKUP(F9,SetUp!$O$2:$O$13,SetUp!$P$2:$P$13,"") -> Q4
A10: B | B10: H5 | C10: 1572766 | D10: 14 | E10: 44553 | F10: 202212 | G10: 47622 | H10: Health care (Regional offices) | I10: 590 | J10: 65806 | K10: PID65000 | L10: EU | O10: 5 | P10: Southeast Asia | Q10: 0 | R10: Remaini**************cal cos***** | S10: 54.1 | T10: =IF(J10="","","FCR-"&_xlfn.XLOOKUP(J10,Bud_Vs_Exp!$A$14:$A$72,Bud_Vs_Exp!$B$14:$B$72,"")) -> FCR-1.1.2.28 | U10: =_xlfn.XLOOKUP(F10,SetUp!$O$2:$O$13,SetUp!$P$2:$P$13,"") -> Q4
A11: B | B11: H5 | C11: 1572767 | D11: 7 | E11: 44553 | F11: 202212 | G11: 47390 | H11: Other employee benefits | I11: 590 | J11: 65801 | K11: PID65000 | L11: EU | O11: 5 | P11: Southeast Asia | Q11: 0 | R11: Communi**************rey_Dec***** | S11: 20.47 | T11: =IF(J11="","","FCR-"&_xlfn.XLOOKUP(J11,Bud_Vs_Exp!$A$14:$A$72,Bud_Vs_Exp!$B$14:$B$72,"")) -> FCR-1.1.1.32 | U11: =_xlfn.XLOOKUP(F11,SetUp!$O$2:$O$13,SetUp!$P$2:$P$13,"") -> Q4
A12: B | B12: H5 | C12: 1572767 | D12: 1 | E12: 44553 | F12: 202212 | G12: 47211 | H12: Salary (employees outside HO) | I12: 590 | J12: 65801 | K12: PID65000 | L12: EU | O12: 5 | P12: Southeast Asia | Q12: 0 | R12: Salary **************1_EU***** | S12: 1096.78 | T12: =IF(J12="","","FCR-"&_xlfn.XLOOKUP(J12,Bud_Vs_Exp!$A$14:$A$72,Bud_Vs_Exp!$B$14:$B$72,"")) -> FCR-1.1.1.32 | U12: =_xlfn.XLOOKUP(F12,SetUp!$O$2:$O$13,SetUp!$P$2:$P$13,"") -> Q4
A13: B | B13: H5 | C13: 1572767 | D13: 4 | E13: 44553 | F13: 202212 | G13: 47211 | H13: Salary (employees outside HO) | I13: 590 | J13: 65801 | K13: PID65000 | L13: EU | O13: 5 | P13: Southeast Asia | Q13: 0 | R13: Seniori************** 2021 B***** | S13: 387.3 | T13: =IF(J13="","","FCR-"&_xlfn.XLOOKUP(J13,Bud_Vs_Exp!$A$14:$A$72,Bud_Vs_Exp!$B$14:$B$72,"")) -> FCR-1.1.1.32 | U13: =_xlfn.XLOOKUP(F13,SetUp!$O$2:$O$13,SetUp!$P$2:$P$13,"") -> Q4
A14: B | B14: X5 | C14: 1572770 | D14: 2 | E14: 44558 | F14: 202212 | G14: 47090 | H14: Change in accrued holiday pay provision | I14: 590 | J14: 65801 | K14: PID65000 | L14: EU | O14: 5 | P14: Southeast Asia | Q14: 0 | R14: Rev: Ac**************eave Bo***** | S14: -76.11 | T14: =IF(J14="","","FCR-"&_xlfn.XLOOKUP(J14,Bud_Vs_Exp!$A$14:$A$72,Bud_Vs_Exp!$B$14:$B$72,"")) -> FCR-1.1.1.32 | U14: =_xlfn.XLOOKUP(F14,SetUp!$O$2:$O$13,SetUp!$P$2:$P$13,"") -> Q4
A15: B | B15: X5 | C15: 1572770 | D15: 14 | E15: 44558 | F15: 202212 | G15: 47090 | H15: Change in accrued holiday pay provision | I15: 590 | J15: 65802 | K15: PID65000 | L15: EU | O15: 5 | P15: Southeast Asia | Q15: 0 | R15: Accrued**************LyLy fr***** | S15: 207.28 | T15: =IF(J15="","","FCR-"&_xlfn.XLOOKUP(J15,Bud_Vs_Exp!$A$14:$A$72,Bud_Vs_Exp!$B$14:$B$72,"")) -> FCR-1.1.1.33 | U15: =_xlfn.XLOOKUP(F15,SetUp!$O$2:$O$13,SetUp!$P$2:$P$13,"") -> Q4
... A20: B | B20: X5 | C20: 1572772 | D20: 0 | E20: 44558 | F20: 202212 | G20: 47217 | H20: Severance pay | I20: 590 | J20: 65806 | K20: PID65000 | L20: EU | O20: 5 | P20: Southeast Asia | Q20: 0 | R20: Seniori************** of 202***** | S20: 47.48 | T20: =IF(J20="","","FCR-"&_xlfn.XLOOKUP(J20,Bud_Vs_Exp!$A$14:$A$72,Bud_Vs_Exp!$B$14:$B$72,"")) -> FCR-1.1.2.28 | U20: =_xlfn.XLOOKUP(F20,SetUp!$O$2:$O$13,SetUp!$P$2:$P$13,"") -> Q4
A21: B | B21: X5 | C21: 1572772 | D21: 11 | E21: 44558 | F21: 202212 | G21: 47217 | H21: Severance pay | I21: 590 | J21: 65805 | K21: PID65000 | L21: =IF(LEFT(J21,3)="658","EU") -> EU | O21: 5 | P21: Southeast Asia | Q21: 0 | R21: Seniori************** of 202***** | S21: 80.01 | T21: =IF(J21="","","FCR-"&_xlfn.XLOOKUP(J21,Bud_Vs_Exp!$A$14:$A$72,Bud_Vs_Exp!$B$14:$B$72,"")) -> FCR-1.1.2.27 | U21: =_xlfn.XLOOKUP(F21,SetUp!$O$2:$O$13,SetUp!$P$2:$P$13,"") -> Q4
A22: B | B22: X5 | C22: 1572772 | D22: 9 | E22: 44558 | F22: 202212 | G22: 47217 | H22: Severance pay | I22: 590 | J22: 65802 | K22: PID65000 | L22: EU | O22: 5 | P22: Southeast Asia | Q22: 0 | R22: Seniori************** of 202***** | S22: 504.57 | T22: =IF(J22="","","FCR-"&_xlfn.XLOOKUP(J22,Bud_Vs_Exp!$A$14:$A$72,Bud_Vs_Exp!$B$14:$B$72,"")) -> FCR-1.1.1.33 | U22: =_xlfn.XLOOKUP(F22,SetUp!$O$2:$O$13,SetUp!$P$2:$P$13,"") -> Q4
A23: B | B23: X5 | C23: 1572772 | D23: 6 | E23: 44558 | F23: 202212 | G23: 47217 | H23: Severance pay | I23: 590 | J23: 65804 | K23: PID65000 | L23: EU | O23: 5 | P23: Southeast Asia | Q23: 0 | R23: Seniori************** of 202***** | S23: 103.84 | T23: =IF(J23="","","FCR-"&_xlfn.XLOOKUP(J23,Bud_Vs_Exp!$A$14:$A$72,Bud_Vs_Exp!$B$14:$B$72,"")) -> FCR-1.1.2.26 | U23: =_xlfn.XLOOKUP(F23,SetUp!$O$2:$O$13,SetUp!$P$2:$P$13,"") -> Q4
A24: B | B24: H5 | C24: 1572773 | D24: 0 | E24: 44561 | F24: 202212 | G24: 46570 | H24: Banking costs | I24: 590 | J24: 65827 | K24: PID65000 | L24: EU | O24: 5 | P24: Southeast Asia | Q24: 0 | R24: Monthly**************Dec'21***** | S24: 1.5 | T24: =IF(J24="","","FCR-"&_xlfn.XLOOKUP(J24,Bud_Vs_Exp!$A$14:$A$72,Bud_Vs_Exp!$B$14:$B$72,"")) -> FCR-5.6 | U24: =_xlfn.XLOOKUP(F24,SetUp!$O$2:$O$13,SetUp!$P$2:$P$13,"") -> Q4
A25: B | B25: H5 | C25: 1572774 | D25: 0 | E25: 44561 | F25: 202212 | G25: 45020 | H25: Electricity | I25: 590 | J25: 65822 | K25: PID65000 | L25: EU | O25: 5 | P25: Southeast Asia | Q25: 0 | R25: Accrued**************partmen***** | S25: 50.58 | T25: =IF(J25="","","FCR-"&_xlfn.XLOOKUP(J25,Bud_Vs_Exp!$A$14:$A$72,Bud_Vs_Exp!$B$14:$B$72,"")) -> FCR-4.4 | U25: =_xlfn.XLOOKUP(F25,SetUp!$O$2:$O$13,SetUp!$P$2:$P$13,"") -> Q4
A26: B | B26: X5 | C26: 1572775 | D26: 2 | E26: 44561 | F26: 202212 | G26: 47211 | H26: Salary (employees outside HO) | I26: 590 | J26: 65806 | K26: PID65000 | L26: EU | O26: 5 | P26: Southeast Asia | Q26: 0 | R26: Salary **************c'21_EU***** | S26: 131.46 | T26: =IF(J26="","","FCR-"&_xlfn.XLOOKUP(J26,Bud_Vs_Exp!$A$14:$A$72,Bud_Vs_Exp!$B$14:$B$72,"")) -> FCR-1.1.2.28 | U26: =_xlfn.XLOOKUP(F26,SetUp!$O$2:$O$13,SetUp!$P$2:$P$13,"") -> Q4
A27: B | B27: X5 | C27: 1572775 | D27: 5 | E27: 44561 | F27: 202212 | G27: 47211 | H27: Salary (employees outside HO) | I27: 590 | J27: 65804 | K27: PID65000 | L27: EU | O27: 5 | P27: Southeast Asia | Q27: 0 | R27: Salary **************'21_EU***** | S27: 301.77 | T27: =IF(J27="","","FCR-"&_xlfn.XLOOKUP(J27,Bud_Vs_Exp!$A$14:$A$72,Bud_Vs_Exp!$B$14:$B$72,"")) -> FCR-1.1.2.26 | U27: =_xlfn.XLOOKUP(F27,SetUp!$O$2:$O$13,SetUp!$P$2:$P$13,"") -> Q4
A28: B | B28: X5 | C28: 1572775 | D28: 7 | E28: 44561 | F28: 202212 | G28: 47211 | H28: Salary (employees outside HO) | I28: 590 | J28: 65802 | K28: PID65000 | L28: EU | O28: 5 | P28: Southeast Asia | Q28: 0 | R28: Salary **************'21_EU***** | S28: 1517.15 | T28: =IF(J28="","","FCR-"&_xlfn.XLOOKUP(J28,Bud_Vs_Exp!$A$14:$A$72,Bud_Vs_Exp!$B$14:$B$72,"")) -> FCR-1.1.1.33 | U28: =_xlfn.XLOOKUP(F28,SetUp!$O$2:$O$13,SetUp!$P$2:$P$13,"") -> Q4
A29: B | B29: X5 | C29: 1572775 | D29: 9 | E29: 44561 | F29: 202212 | G29: 47211 | H29: Salary (employees outside HO) | I29: 590 | J29: 65805 | K29: PID65000 | L29: =IF(LEFT(J29,3)="658","EU") -> EU | O29: 5 | P29: Southeast Asia | Q29: 0 | R29: Salary **************'21_EU***** | S29: 234.84 | T29: =IF(J29="","","FCR-"&_xlfn.XLOOKUP(J29,Bud_Vs_Exp!$A$14:$A$72,Bud_Vs_Exp!$B$14:$B$72,"")) -> FCR-1.1.2.27 | U29: =_xlfn.XLOOKUP(F29,SetUp!$O$2:$O$13,SetUp!$P$2:$P$13,"") -> Q4
A30: B | B30: X5 | C30: 1572775 | D30: 12 | E30: 44561 | F30: 202212 | G30: 47211 | H30: Salary (employees outside HO) | I30: 590 | J30: 65807 | K30: PID65000 | L30: EU | O30: 5 | P30: Southeast Asia | Q30: 0 | R30: Salary **************c'21_EU***** | S30: 54.56 | T30: =IF(J30="","","FCR-"&_xlfn.XLOOKUP(J30,Bud_Vs_Exp!$A$14:$A$72,Bud_Vs_Exp!$B$14:$B$72,"")) -> FCR-1.1.2.29 | U30: =_xlfn.XLOOKUP(F30,SetUp!$O$2:$O$13,SetUp!$P$2:$P$13,"") -> Q4
A31: B | B31: X5 | C31: 1572776 | D31: 2 | E31: 44561 | F31: 202212 | G31: 47390 | H31: Other employee benefits | I31: 590 | J31: 65806 | K31: PID65000 | L31: EU | O31: 5 | P31: Southeast Asia | Q31: 0 | R31: Communi**************nea in ***** | S31: 2.7 | T31: =IF(J31="","","FCR-"&_xlfn.XLOOKUP(J31,Bud_Vs_Exp!$A$14:$A$72,Bud_Vs_Exp!$B$14:$B$72,"")) -> FCR-1.1.2.28 | U31: =_xlfn.XLOOKUP(F31,SetUp!$O$2:$O$13,SetUp!$P$2:$P$13,"") -> Q4
A32: B | B32: X5 | C32: 1572776 | D32: 5 | E32: 44561 | F32: 202212 | G32: 47390 | H32: Other employee benefits | I32: 590 | J32: 65804 | K32: PID65000 | L32: EU | O32: 5 | P32: Southeast Asia | Q32: 0 | R32: Communi**************Da in D***** | S32: 5.58 | T32: =IF(J32="","","FCR-"&_xlfn.XLOOKUP(J32,Bud_Vs_Exp!$A$14:$A$72,Bud_Vs_Exp!$B$14:$B$72,"")) -> FCR-1.1.2.26 | U32: =_xlfn.XLOOKUP(F32,SetUp!$O$2:$O$13,SetUp!$P$2:$P$13,"") -> Q4
A33: B | B33: X5 | C33: 1572776 | D33: 7 | E33: 44561 | F33: 202212 | G33: 47390 | H33: Other employee benefits | I33: 590 | J33: 65802 | K33: PID65000 | L33: EU | O33: 5 | P33: Southeast Asia | Q33: 0 | R33: Communi**************Ly in D***** | S33: 39.92 | T33: =IF(J33="","","FCR-"&_xlfn.XLOOKUP(J33,Bud_Vs_Exp!$A$14:$A$72,Bud_Vs_Exp!$B$14:$B$72,"")) -> FCR-1.1.1.33 | U33: =_xlfn.XLOOKUP(F33,SetUp!$O$2:$O$13,SetUp!$P$2:$P$13,"") -> Q4
A34: B | B34: X5 | C34: 1572776 | D34: 9 | E34: 44561 | F34: 202212 | G34: 47390 | H34: Other employee benefits | I34: 590 | J34: 65805 | K34: PID65000 | L34: =IF(LEFT(J34,3)="658","EU") -> EU | O34: 5 | P34: Southeast Asia | Q34: 0 | R34: Communi**************sa in D***** | S34: 2.85 | T34: =IF(J34="","","FCR-"&_xlfn.XLOOKUP(J34,Bud_Vs_Exp!$A$14:$A$72,Bud_Vs_Exp!$B$14:$B$72,"")) -> FCR-1.1.2.27 | U34: =_xlfn.XLOOKUP(F34,SetUp!$O$2:$O$13,SetUp!$P$2:$P$13,"") -> Q4
A35: B | B35: X5 | C35: 1572776 | D35: 12 | E35: 44561 | F35: 202212 | G35: 47390 | H35: Other employee benefits | I35: 590 | J35: 65807 | K35: PID65000 | L35: EU | O35: 5 | P35: Southeast Asia | Q35: 0 | R35: Communi**************uch in ***** | S35: 0.75 | T35: =IF(J35="","","FCR-"&_xlfn.XLOOKUP(J35,Bud_Vs_Exp!$A$14:$A$72,Bud_Vs_Exp!$B$14:$B$72,"")) -> FCR-1.1.2.29 | U35: =_xlfn.XLOOKUP(F35,SetUp!$O$2:$O$13,SetUp!$P$2:$P$13,"") -> Q4
A36: B | B36: X5 | C36: 1572777 | D36: 10 | E36: 44561 | F36: 202212 | G36: 47586 | H36: Personnel insurance (employees outside HO) | I36: 590 | J36: 65802 | K36: PID65000 | L36: EU | O36: 5 | P36: Southeast Asia | Q36: 0 | R36: health **************urance ***** | S36: 12.51 | T36: =IF(J36="","","FCR-"&_xlfn.XLOOKUP(J36,Bud_Vs_Exp!$A$14:$A$72,Bud_Vs_Exp!$B$14:$B$72,"")) -> FCR-1.1.1.33 | U36: =_xlfn.XLOOKUP(F36,SetUp!$O$2:$O$13,SetUp!$P$2:$P$13,"") -> Q4
A37: B | B37: X5 | C37: 1572777 | D37: 2 | E37: 44561 | F37: 202212 | G37: 47586 | H37: Personnel insurance (employees outside HO) | I37: 590 | J37: 65801 | K37: PID65000 | L37: EU | O37: 5 | P37: Southeast Asia | Q37: 0 | R37: health **************urance ***** | S37: 6.41 | T37: =IF(J37="","","FCR-"&_xlfn.XLOOKUP(J37,Bud_Vs_Exp!$A$14:$A$72,Bud_Vs_Exp!$B$14:$B$72,"")) -> FCR-1.1.1.32 | U37: =_xlfn.XLOOKUP(F37,SetUp!$O$2:$O$13,SetUp!$P$2:$P$13,"") -> Q4
A38: B | B38: X5 | C38: 1572777 | D38: 5 | E38: 44561 | F38: 202212 | G38: 47586 | H38: Personnel insurance (employees outside HO) | I38: 590 | J38: 65806 | K38: PID65000 | L38: EU | O38: 5 | P38: Southeast Asia | Q38: 0 | R38: health **************urance ***** | S38: 1.7 | T38: =IF(J38="","","FCR-"&_xlfn.XLOOKUP(J38,Bud_Vs_Exp!$A$14:$A$72,Bud_Vs_Exp!$B$14:$B$72,"")) -> FCR-1.1.2.28 | U38: =_xlfn.XLOOKUP(F38,SetUp!$O$2:$O$13,SetUp!$P$2:$P$13,"") -> Q4
A39: B | B39: X5 | C39: 1572777 | D39: 8 | E39: 44561 | F39: 202212 | G39: 47586 | H39: Personnel insurance (employees outside HO) | I39: 590 | J39: 65804 | K39: PID65000 | L39: EU | O39: 5 | P39: Southeast Asia | Q39: 0 | R39: health **************urance ***** | S39: 1.75 | T39: =IF(J39="","","FCR-"&_xlfn.XLOOKUP(J39,Bud_Vs_Exp!$A$14:$A$72,Bud_Vs_Exp!$B$14:$B$72,"")) -> FCR-1.1.2.26 | U39: =_xlfn.XLOOKUP(F39,SetUp!$O$2:$O$13,SetUp!$P$2:$P$13,"") -> Q4
A40: B | B40: X5 | C40: 1572777 | D40: 12 | E40: 44561 | F40: 202212 | G40: 47586 | H40: Personnel insurance (employees outside HO) | I40: 590 | J40: 65805 | K40: PID65000 | L40: =IF(LEFT(J40,3)="658","EU") -> EU | O40: 5 | P40: Southeast Asia | Q40: 0 | R40: health **************urance ***** | S40: 2.98 | T40: =IF(J40="","","FCR-"&_xlfn.XLOOKUP(J40,Bud_Vs_Exp!$A$14:$A$72,Bud_Vs_Exp!$B$14:$B$72,"")) -> FCR-1.1.2.27 | U40: =_xlfn.XLOOKUP(F40,SetUp!$O$2:$O$13,SetUp!$P$2:$P$13,"") -> Q4
A41: B | B41: X5 | C41: 1572777 | D41: 15 | E41: 44561 | F41: 202212 | G41: 47586 | H41: Personnel insurance (employees outside HO) | I41: 590 | J41: 65807 | K41: PID65000 | L41: EU | O41: 5 | P41: Southeast Asia | Q41: 0 | R41: health **************urance ***** | S41: 2.35 | T41: =IF(J41="","","FCR-"&_xlfn.XLOOKUP(J41,Bud_Vs_Exp!$A$14:$A$72,Bud_Vs_Exp!$B$14:$B$72,"")) -> FCR-1.1.2.29 | U41: =_xlfn.XLOOKUP(F41,SetUp!$O$2:$O$13,SetUp!$P$2:$P$13,"") -> Q4
A42: B | B42: X5 | C42: 1572778 | D42: 8 | E42: 44561 | F42: 202212 | G42: 46990 | H42: Other external expenses | I42: 590 | J42: 65804 | K42: PID65000 | L42: EU | O42: 5 | P42: Southeast Asia | Q42: 0 | R42: NSSF to**************1_EU***** | S42: 1.11 | T42: =IF(J42="","","FCR-"&_xlfn.XLOOKUP(J42,Bud_Vs_Exp!$A$14:$A$72,Bud_Vs_Exp!$B$14:$B$72,"")) -> FCR-1.1.2.26 | U42: =_xlfn.XLOOKUP(F42,SetUp!$O$2:$O$13,SetUp!$P$2:$P$13,"") -> Q4
A43: B | B43: X5 | C43: 1572778 | D43: 10 | E43: 44561 | F43: 202212 | G43: 46990 | H43: Other external expenses | I43: 590 | J43: 65802 | K43: PID65000 | L43: EU | O43: 5 | P43: Southeast Asia | Q43: 0 | R43: NSSF to**************1_EU***** | S43: 7.94 | T43: =IF(J43="","","FCR-"&_xlfn.XLOOKUP(J43,Bud_Vs_Exp!$A$14:$A$72,Bud_Vs_Exp!$B$14:$B$72,"")) -> FCR-1.1.1.33 | U43: =_xlfn.XLOOKUP(F43,SetUp!$O$2:$O$13,SetUp!$P$2:$P$13,"") -> Q4
A44: B | B44: X5 | C44: 1572778 | D44: 12 | E44: 44561 | F44: 202212 | G44: 46990 | H44: Other external expenses | I44: 590 | J44: 65805 | K44: PID65000 | L44: =IF(LEFT(J44,3)="658","EU") -> EU | O44: 5 | P44: Southeast Asia | Q44: 0 | R44: NSSF to**************1_EU***** | S44: 1.89 | T44: =IF(J44="","","FCR-"&_xlfn.XLOOKUP(J44,Bud_Vs_Exp!$A$14:$A$72,Bud_Vs_Exp!$B$14:$B$72,"")) -> FCR-1.1.2.27 | U44: =_xlfn.XLOOKUP(F44,SetUp!$O$2:$O$13,SetUp!$P$2:$P$13,"") -> Q4
A45: B | B45: X5 | C45: 1572778 | D45: 15 | E45: 44561 | F45: 202212 | G45: 46990 | H45: Other external expenses | I45: 590 | J45: 65807 | K45: PID65000 | L45: EU | O45: 5 | P45: Southeast Asia | Q45: 0 | R45: NSSF to**************21_EU***** | S45: 1.49 | T45: =IF(J45="","","FCR-"&_xlfn.XLOOKUP(J45,Bud_Vs_Exp!$A$14:$A$72,Bud_Vs_Exp!$B$14:$B$72,"")) -> FCR-1.1.2.29 | U45: =_xlfn.XLOOKUP(F45,SetUp!$O$2:$O$13,SetUp!$P$2:$P$13,"") -> Q4
A46: B | B46: X5 | C46: 1572778 | D46: 2 | E46: 44561 | F46: 202212 | G46: 46990 | H46: Other external expenses | I46: 590 | J46: 65801 | K46: PID65000 | L46: EU | O46: 5 | P46: Southeast Asia | Q46: 0 | R46: NSSF to**************21_EU***** | S46: 4.07 | T46: =IF(J46="","","FCR-"&_xlfn.XLOOKUP(J46,Bud_Vs_Exp!$A$14:$A$72,Bud_Vs_Exp!$B$14:$B$72,"")) -> FCR-1.1.1.32 | U46: =_xlfn.XLOOKUP(F46,SetUp!$O$2:$O$13,SetUp!$P$2:$P$13,"") -> Q4
A47: B | B47: X5 | C47: 1572778 | D47: 5 | E47: 44561 | F47: 202212 | G47: 46990 | H47: Other external expenses | I47: 590 | J47: 65806 | K47: PID65000 | L47: EU | O47: 5 | P47: Southeast Asia | Q47: 0 | R47: NSSF to**************21_EU***** | S47: 1.08 | T47: =IF(J47="","","FCR-"&_xlfn.XLOOKUP(J47,Bud_Vs_Exp!$A$14:$A$72,Bud_Vs_Exp!$B$14:$B$72,"")) -> FCR-1.1.2.28 | U47: =_xlfn.XLOOKUP(F47,SetUp!$O$2:$O$13,SetUp!$P$2:$P$13,"") -> Q4
A48: B | B48: X5 | C48: 1572780 | D48: 13 | E48: 44561 | F48: 202212 | G48: 47586 | H48: Personnel insurance (employees outside HO) | I48: 590 | J48: 65804 | K48: PID65000 | L48: EU | O48: 5 | P48: Southeast Asia | Q48: 0 | R48: CB: Tra**************lth & A***** | S48: 1.73 | T48: =IF(J48="","","FCR-"&_xlfn.XLOOKUP(J48,Bud_Vs_Exp!$A$14:$A$72,Bud_Vs_Exp!$B$14:$B$72,"")) -> FCR-1.1.2.26 | U48: =_xlfn.XLOOKUP(F48,SetUp!$O$2:$O$13,SetUp!$P$2:$P$13,"") -> Q4
A49: B | B49: X5 | C49: 1572780 | D49: 5 | E49: 44561 | F49: 202212 | G49: 47586 | H49: Personnel insurance (employees outside HO) | I49: 590 | J49: 65802 | K49: PID65000 | L49: EU | O49: 5 | P49: Southeast Asia | Q49: 0 | R49: CB: Tra**************th & Ac***** | S49: -1.72 | T49: =IF(J49="","","FCR-"&_xlfn.XLOOKUP(J49,Bud_Vs_Exp!$A$14:$A$72,Bud_Vs_Exp!$B$14:$B$72,"")) -> FCR-1.1.1.33 | U49: =_xlfn.XLOOKUP(F49,SetUp!$O$2:$O$13,SetUp!$P$2:$P$13,"") -> Q4
A50: B | B50: X5 | C50: 1572780 | D50: 6 | E50: 44561 | F50: 202212 | G50: 47586 | H50: Personnel insurance (employees outside HO) | I50: 590 | J50: 65802 | K50: PID65000 | L50: EU | O50: 5 | P50: Southeast Asia | Q50: 0 | R50: CB: Tra**************th & Ac***** | S50: -1.75 | T50: =IF(J50="","","FCR-"&_xlfn.XLOOKUP(J50,Bud_Vs_Exp!$A$14:$A$72,Bud_Vs_Exp!$B$14:$B$72,"")) -> FCR-1.1.1.33 | U50: =_xlfn.XLOOKUP(F50,SetUp!$O$2:$O$13,SetUp!$P$2:$P$13,"") -> Q4
A51: B | B51: X5 | C51: 1572780 | D51: 7 | E51: 44561 | F51: 202212 | G51: 47586 | H51: Personnel insurance (employees outside HO) | I51: 590 | J51: 65802 | K51: PID65000 | L51: EU | O51: 5 | P51: Southeast Asia | Q51: 0 | R51: CB: Tra**************th & Ac***** | S51: -1.72 | T51: =IF(J51="","","FCR-"&_xlfn.XLOOKUP(J51,Bud_Vs_Exp!$A$14:$A$72,Bud_Vs_Exp!$B$14:$B$72,"")) -> FCR-1.1.1.33 | U51: =_xlfn.XLOOKUP(F51,SetUp!$O$2:$O$13,SetUp!$P$2:$P$13,"") -> Q4
A52: B | B52: X5 | C52: 1572780 | D52: 8 | E52: 44561 | F52: 202212 | G52: 47586 | H52: Personnel insurance (employees outside HO) | I52: 590 | J52: 65802 | K52: PID65000 | L52: EU | O52: 5 | P52: Southeast Asia | Q52: 0 | R52: CB: Tra**************lth & A***** | S52: -1.73 | T52: =IF(J52="","","FCR-"&_xlfn.XLOOKUP(J52,Bud_Vs_Exp!$A$14:$A$72,Bud_Vs_Exp!$B$14:$B$72,"")) -> FCR-1.1.1.33 | U52: =_xlfn.XLOOKUP(F52,SetUp!$O$2:$O$13,SetUp!$P$2:$P$13,"") -> Q4
A53: B | B53: X5 | C53: 1572780 | D53: 9 | E53: 44561 | F53: 202212 | G53: 47586 | H53: Personnel insurance (employees outside HO) | I53: 590 | J53: 65804 | K53: PID65000 | L53: EU | O53: 5 | P53: Southeast Asia | Q53: 0 | R53: CB: Tra**************th & Ac***** | S53: 1.72 | T53: =IF(J53="","","FCR-"&_xlfn.XLOOKUP(J53,Bud_Vs_Exp!$A$14:$A$72,Bud_Vs_Exp!$B$14:$B$72,"")) -> FCR-1.1.2.26 | U53: =_xlfn.XLOOKUP(F53,SetUp!$O$2:$O$13,SetUp!$P$2:$P$13,"") -> Q4
A54: B | B54: X5 | C54: 1572780 | D54: 10 | E54: 44561 | F54: 202212 | G54: 47586 | H54: Personnel insurance (employees outside HO) | I54: 590 | J54: 65804 | K54: PID65000 | L54: EU | O54: 5 | P54: Southeast Asia | Q54: 0 | R54: CB: Tra**************th & Ac***** | S54: 1.72 | T54: =IF(J54="","","FCR-"&_xlfn.XLOOKUP(J54,Bud_Vs_Exp!$A$14:$A$72,Bud_Vs_Exp!$B$14:$B$72,"")) -> FCR-1.1.2.26 | U54: =_xlfn.XLOOKUP(F54,SetUp!$O$2:$O$13,SetUp!$P$2:$P$13,"") -> Q4
A55: B | B55: X5 | C55: 1572780 | D55: 11 | E55: 44561 | F55: 202212 | G55: 47586 | H55: Personnel insurance (employees outside HO) | I55: 590 | J55: 65804 | K55: PID65000 | L55: EU | O55: 5 | P55: Southeast Asia | Q55: 0 | R55: CB: Tra**************th & Ac***** | S55: 1.75 | T55: =IF(J55="","","FCR-"&_xlfn.XLOOKUP(J55,Bud_Vs_Exp!$A$14:$A$72,Bud_Vs_Exp!$B$14:$B$72,"")) -> FCR-1.1.2.26 | U55: =_xlfn.XLOOKUP(F55,SetUp!$O$2:$O$13,SetUp!$P$2:$P$13,"") -> Q4
A56: B | B56: X5 | C56: 1572780 | D56: 12 | E56: 44561 | F56: 202212 | G56: 47586 | H56: Personnel insurance (employees outside HO) | I56: 590 | J56: 65804 | K56: PID65000 | L56: EU | O56: 5 | P56: Southeast Asia | Q56: 0 | R56: CB: Tra**************th & Ac***** | S56: 1.72 | T56: =IF(J56="","","FCR-"&_xlfn.XLOOKUP(J56,Bud_Vs_Exp!$A$14:$A$72,Bud_Vs_Exp!$B$14:$B$72,"")) -> FCR-1.1.2.26 | U56: =_xlfn.XLOOKUP(F56,SetUp!$O$2:$O$13,SetUp!$P$2:$P$13,"") -> Q4
... A72: B | B72: X5 | C72: 1573423 | D72: 12 | E72: 44592 | F72: 202201 | G72: 47390 | H72: Other employee benefits | I72: 590 | J72: 65807 | K72: PID65000 | L72: EU | O72: 5 | P72: Southeast Asia | Q72: 0 | R72: Communi**************uch in ***** | S72: 0.76 | T72: =IF(J72="","","FCR-"&_xlfn.XLOOKUP(J72,Bud_Vs_Exp!$A$14:$A$72,Bud_Vs_Exp!$B$14:$B$72,"")) -> FCR-1.1.2.29 | U72: =_xlfn.XLOOKUP(F72,SetUp!$O$2:$O$13,SetUp!$P$2:$P$13,"") -> Q1
A73: B | B73: X5 | C73: 1573423 | D73: 9 | E73: 44592 | F73: 202201 | G73: 47390 | H73: Other employee benefits | I73: 590 | J73: 65805 | K73: PID65000 | L73: =IF(LEFT(J73,3)="658","EU") -> EU | O73: 5 | P73: Southeast Asia | Q73: 0 | R73: Communi**************sa in J***** | S73: 7.37 | T73: =IF(J73="","","FCR-"&_xlfn.XLOOKUP(J73,Bud_Vs_Exp!$A$14:$A$72,Bud_Vs_Exp!$B$14:$B$72,"")) -> FCR-1.1.2.27 | U73: =_xlfn.XLOOKUP(F73,SetUp!$O$2:$O$13,SetUp!$P$2:$P$13,"") -> Q1
A74: B | B74: X5 | C74: 1573423 | D74: 5 | E74: 44592 | F74: 202201 | G74: 47390 | H74: Other employee benefits | I74: 590 | J74: 65804 | K74: PID65000 | L74: EU | O74: 5 | P74: Southeast Asia | Q74: 0 | R74: Communi**************Da in J***** | S74: 5.23 | T74: =IF(J74="","","FCR-"&_xlfn.XLOOKUP(J74,Bud_Vs_Exp!$A$14:$A$72,Bud_Vs_Exp!$B$14:$B$72,"")) -> FCR-1.1.2.26 | U74: =_xlfn.XLOOKUP(F74,SetUp!$O$2:$O$13,SetUp!$P$2:$P$13,"") -> Q1
A75: B | B75: X5 | C75: 1573423 | D75: 2 | E75: 44592 | F75: 202201 | G75: 47390 | H75: Other employee benefits | I75: 590 | J75: 65806 | K75: PID65000 | L75: EU | O75: 5 | P75: Southeast Asia | Q75: 0 | R75: Communi**************nea in ***** | S75: 2.67 | T75: =IF(J75="","","FCR-"&_xlfn.XLOOKUP(J75,Bud_Vs_Exp!$A$14:$A$72,Bud_Vs_Exp!$B$14:$B$72,"")) -> FCR-1.1.2.28 | U75: =_xlfn.XLOOKUP(F75,SetUp!$O$2:$O$13,SetUp!$P$2:$P$13,"") -> Q1
A76: B | B76: X5 | C76: 1573424 | D76: 12 | E76: 44592 | F76: 202201 | G76: 47586 | H76: Personnel insurance (employees outside HO) | I76: 590 | J76: 65807 | K76: PID65000 | L76: EU | O76: 5 | P76: Southeast Asia | Q76: 0 | R76: health **************urance ***** | S76: 3.77 | T76: =IF(J76="","","FCR-"&_xlfn.XLOOKUP(J76,Bud_Vs_Exp!$A$14:$A$72,Bud_Vs_Exp!$B$14:$B$72,"")) -> FCR-1.1.2.29 | U76: =_xlfn.XLOOKUP(F76,SetUp!$O$2:$O$13,SetUp!$P$2:$P$13,"") -> Q1
A77: B | B77: X5 | C77: 1573424 | D77: 5 | E77: 44592 | F77: 202201 | G77: 47586 | H77: Personnel insurance (employees outside HO) | I77: 590 | J77: 65804 | K77: PID65000 | L77: EU | O77: 5 | P77: Southeast Asia | Q77: 0 | R77: health **************urance ***** | S77: 2.61 | T77: =IF(J77="","","FCR-"&_xlfn.XLOOKUP(J77,Bud_Vs_Exp!$A$14:$A$72,Bud_Vs_Exp!$B$14:$B$72,"")) -> FCR-1.1.2.26 | U77: =_xlfn.XLOOKUP(F77,SetUp!$O$2:$O$13,SetUp!$P$2:$P$13,"") -> Q1
A78: B | B78: X5 | C78: 1573424 | D78: 2 | E78: 44592 | F78: 202201 | G78: 47586 | H78: Personnel insurance (employees outside HO) | I78: 590 | J78: 65806 | K78: PID65000 | L78: EU | O78: 5 | P78: Southeast Asia | Q78: 0 | R78: health **************urance ***** | S78: 2.67 | T78: =IF(J78="","","FCR-"&_xlfn.XLOOKUP(J78,Bud_Vs_Exp!$A$14:$A$72,Bud_Vs_Exp!$B$14:$B$72,"")) -> FCR-1.1.2.28 | U78: =_xlfn.XLOOKUP(F78,SetUp!$O$2:$O$13,SetUp!$P$2:$P$13,"") -> Q1
A79: B | B79: X5 | C79: 1573424 | D79: 7 | E79: 44592 | F79: 202201 | G79: 47586 | H79: Personnel insurance (employees outside HO) | I79: 590 | J79: 65802 | K79: PID65000 | L79: EU | O79: 5 | P79: Southeast Asia | Q79: 0 | R79: health **************urance ***** | S79: 20.05 | T79: =IF(J79="","","FCR-"&_xlfn.XLOOKUP(J79,Bud_Vs_Exp!$A$14:$A$72,Bud_Vs_Exp!$B$14:$B$72,"")) -> FCR-1.1.1.33 | U79: =_xlfn.XLOOKUP(F79,SetUp!$O$2:$O$13,SetUp!$P$2:$P$13,"") -> Q1
A80: B | B80: X5 | C80: 1573424 | D80: 10 | E80: 44592 | F80: 202201 | G80: 47586 | H80: Personnel insurance (employees outside HO) | I80: 590 | J80: 65805 | K80: PID65000 | L80: =IF(LEFT(J80,3)="658","EU") -> EU | O80: 5 | P80: Southeast Asia | Q80: 0 | R80: health **************urance ***** | S80: 2.58 | T80: =IF(J80="","","FCR-"&_xlfn.XLOOKUP(J80,Bud_Vs_Exp!$A$14:$A$72,Bud_Vs_Exp!$B$14:$B$72,"")) -> FCR-1.1.2.27 | U80: =_xlfn.XLOOKUP(F80,SetUp!$O$2:$O$13,SetUp!$P$2:$P$13,"") -> Q1
A81: B | B81: X5 | C81: 1573425 | D81: 2 | E81: 44592 | F81: 202201 | G81: 46990 | H81: Other external expenses | I81: 590 | J81: 65806 | K81: PID65000 | L81: EU | O81: 5 | P81: Southeast Asia | Q81: 0 | R81: NSSF to**************22_EU***** | S81: 1.07 | T81: =IF(J81="","","FCR-"&_xlfn.XLOOKUP(J81,Bud_Vs_Exp!$A$14:$A$72,Bud_Vs_Exp!$B$14:$B$72,"")) -> FCR-1.1.2.28 | U81: =_xlfn.XLOOKUP(F81,SetUp!$O$2:$O$13,SetUp!$P$2:$P$13,"") -> Q1
A82: B | B82: X5 | C82: 1573425 | D82: 5 | E82: 44592 | F82: 202201 | G82: 46990 | H82: Other external expenses | I82: 590 | J82: 65804 | K82: PID65000 | L82: EU | O82: 5 | P82: Southeast Asia | Q82: 0 | R82: NSSF to**************2_EU***** | S82: 1.04 | T82: =IF(J82="","","FCR-"&_xlfn.XLOOKUP(J82,Bud_Vs_Exp!$A$14:$A$72,Bud_Vs_Exp!$B$14:$B$72,"")) -> FCR-1.1.2.26 | U82: =_xlfn.XLOOKUP(F82,SetUp!$O$2:$O$13,SetUp!$P$2:$P$13,"") -> Q1
A83: B | B83: X5 | C83: 1573425 | D83: 7 | E83: 44592 | F83: 202201 | G83: 46990 | H83: Other external expenses | I83: 590 | J83: 65802 | K83: PID65000 | L83: EU | O83: 5 | P83: Southeast Asia | Q83: 0 | R83: NSSF to**************2_EU***** | S83: 8.01 | T83: =IF(J83="","","FCR-"&_xlfn.XLOOKUP(J83,Bud_Vs_Exp!$A$14:$A$72,Bud_Vs_Exp!$B$14:$B$72,"")) -> FCR-1.1.1.33 | U83: =_xlfn.XLOOKUP(F83,SetUp!$O$2:$O$13,SetUp!$P$2:$P$13,"") -> Q1
A84: B | B84: X5 | C84: 1573425 | D84: 9 | E84: 44592 | F84: 202201 | G84: 46990 | H84: Other external expenses | I84: 590 | J84: 65805 | K84: PID65000 | L84: =IF(LEFT(J84,3)="658","EU") -> EU | O84: 5 | P84: Southeast Asia | Q84: 0 | R84: NSSF to**************2_MacP***** | S84: 4.9 | T84: =IF(J84="","","FCR-"&_xlfn.XLOOKUP(J84,Bud_Vs_Exp!$A$14:$A$72,Bud_Vs_Exp!$B$14:$B$72,"")) -> FCR-1.1.2.27 | U84: =_xlfn.XLOOKUP(F84,SetUp!$O$2:$O$13,SetUp!$P$2:$P$13,"") -> Q1
A85: B | B85: X5 | C85: 1573425 | D85: 12 | E85: 44592 | F85: 202201 | G85: 46990 | H85: Other external expenses | I85: 590 | J85: 65807 | K85: PID65000 | L85: EU | O85: 5 | P85: Southeast Asia | Q85: 0 | R85: NSSF to**************22_EU***** | S85: 1.51 | T85: =IF(J85="","","FCR-"&_xlfn.XLOOKUP(J85,Bud_Vs_Exp!$A$14:$A$72,Bud_Vs_Exp!$B$14:$B$72,"")) -> FCR-1.1.2.29 | U85: =_xlfn.XLOOKUP(F85,SetUp!$O$2:$O$13,SetUp!$P$2:$P$13,"") -> Q1
A86: B | B86: X5 | C86: 1573426 | D86: 2 | E86: 44592 | F86: 202201 | G86: 47211 | H86: Salary (employees outside HO) | I86: 590 | J86: 65806 | K86: PID65000 | L86: EU | O86: 5 | P86: Southeast Asia | Q86: 0 | R86: Salary **************n'22_EU***** | S86: 129.88 | T86: =IF(J86="","","FCR-"&_xlfn.XLOOKUP(J86,Bud_Vs_Exp!$A$14:$A$72,Bud_Vs_Exp!$B$14:$B$72,"")) -> FCR-1.1.2.28 | U86: =_xlfn.XLOOKUP(F86,SetUp!$O$2:$O$13,SetUp!$P$2:$P$13,"") -> Q1
A87: B | B87: X5 | C87: 1573426 | D87: 5 | E87: 44592 | F87: 202201 | G87: 47211 | H87: Salary (employees outside HO) | I87: 590 | J87: 65804 | K87: PID65000 | L87: EU | O87: 5 | P87: Southeast Asia | Q87: 0 | R87: Salary **************'22_EU***** | S87: 282.84 | T87: =IF(J87="","","FCR-"&_xlfn.XLOOKUP(J87,Bud_Vs_Exp!$A$14:$A$72,Bud_Vs_Exp!$B$14:$B$72,"")) -> FCR-1.1.2.26 | U87: =_xlfn.XLOOKUP(F87,SetUp!$O$2:$O$13,SetUp!$P$2:$P$13,"") -> Q1
A88: B | B88: X5 | C88: 1573426 | D88: 12 | E88: 44592 | F88: 202201 | G88: 47211 | H88: Salary (employees outside HO) | I88: 590 | J88: 65807 | K88: PID65000 | L88: EU | O88: 5 | P88: Southeast Asia | Q88: 0 | R88: Salary **************n'22_EU***** | S88: 55.04 | T88: =IF(J88="","","FCR-"&_xlfn.XLOOKUP(J88,Bud_Vs_Exp!$A$14:$A$72,Bud_Vs_Exp!$B$14:$B$72,"")) -> FCR-1.1.2.29 | U88: =_xlfn.XLOOKUP(F88,SetUp!$O$2:$O$13,SetUp!$P$2:$P$13,"") -> Q1
A89: B | B89: X5 | C89: 1573426 | D89: 9 | E89: 44592 | F89: 202201 | G89: 47211 | H89: Salary (employees outside HO) | I89: 590 | J89: 65805 | K89: PID65000 | L89: =IF(LEFT(J89,3)="658","EU") -> EU | O89: 5 | P89: Southeast Asia | Q89: 0 | R89: Salary **************'22_EU***** | S89: 607.37 | T89: =IF(J89="","","FCR-"&_xlfn.XLOOKUP(J89,Bud_Vs_Exp!$A$14:$A$72,Bud_Vs_Exp!$B$14:$B$72,"")) -> FCR-1.1.2.27 | U89: =_xlfn.XLOOKUP(F89,SetUp!$O$2:$O$13,SetUp!$P$2:$P$13,"") -> Q1
A90: B | B90: X5 | C90: 1573426 | D90: 7 | E90: 44592 | F90: 202201 | G90: 47211 | H90: Salary (employees outside HO) | I90: 590 | J90: 65802 | K90: PID65000 | L90: EU | O90: 5 | P90: Southeast Asia | Q90: 0 | R90: Salary **************'22_EU***** | S90: 1525.51 | T90: =IF(J90="","","FCR-"&_xlfn.XLOOKUP(J90,Bud_Vs_Exp!$A$14:$A$72,Bud_Vs_Exp!$B$14:$B$72,"")) -> FCR-1.1.1.33 | U90: =_xlfn.XLOOKUP(F90,SetUp!$O$2:$O$13,SetUp!$P$2:$P$13,"") -> Q1
A91: B | B91: H1 | C91: 2064014 | D91: 0 | E91: 44585 | F91: 202201 | G91: 46570 | H91: Banking costs | I91: 590 | J91: 65827 | K91: PID65000 | L91: EU | O91: 1 | P91: Head Office | Q91: 0 | R91: Bankavg**************toneX 4***** | S91: 30 | T91: =IF(J91="","","FCR-"&_xlfn.XLOOKUP(J91,Bud_Vs_Exp!$A$14:$A$72,Bud_Vs_Exp!$B$14:$B$72,"")) -> FCR-5.6 | U91: =_xlfn.XLOOKUP(F91,SetUp!$O$2:$O$13,SetUp!$P$2:$P$13,"") -> Q1
A92: B | B92: H5 | C92: 1573430 | D92: 0 | E92: 44599 | F92: 202202 | G92: 47326 | H92: Subsistence allowances (employees outside HO) | I92: 590 | J92: 65803 | K92: PID65000 | L92: EU | O92: 5 | P92: Southeast Asia | Q92: 0 | R92: Per die************** launch***** | S92: 37.81 | T92: =IF(J92="","","FCR-"&_xlfn.XLOOKUP(J92,Bud_Vs_Exp!$A$14:$A$72,Bud_Vs_Exp!$B$14:$B$72,"")) -> FCR-1.1.1.34 | U92: =_xlfn.XLOOKUP(F92,SetUp!$O$2:$O$13,SetUp!$P$2:$P$13,"") -> Q1
A93: B | B93: H5 | C93: 1573430 | D93: 1 | E93: 44599 | F93: 202202 | G93: 45813 | H93: Travel expenses, not in | I93: 590 | J93: 65814 | K93: PID65000 | L93: EU | O93: 5 | P93: Southeast Asia | Q93: 0 | R93: Transpo**************roject ***** | S93: 22.79 | T93: =IF(J93="","","FCR-"&_xlfn.XLOOKUP(J93,Bud_Vs_Exp!$A$14:$A$72,Bud_Vs_Exp!$B$14:$B$72,"")) -> FCR-2.4 | U93: =_xlfn.XLOOKUP(F93,SetUp!$O$2:$O$13,SetUp!$P$2:$P$13,"") -> Q1
A94: B | B94: H5 | C94: 1573430 | D94: 3 | E94: 44599 | F94: 202202 | G94: 47639 | H94: Meeting expenses and similar | I94: 590 | J94: 65834 | K94: PID65000 | L94: EU | O94: 5 | P94: Southeast Asia | Q94: 0 | R94: refresh**************ing-LyL***** | S94: 87.5 | T94: =IF(J94="","","FCR-"&_xlfn.XLOOKUP(J94,Bud_Vs_Exp!$A$14:$A$72,Bud_Vs_Exp!$B$14:$B$72,"")) -> FCR-6.4.4 | U94: =_xlfn.XLOOKUP(F94,SetUp!$O$2:$O$13,SetUp!$P$2:$P$13,"") -> Q1
A95: B | B95: H5 | C95: 1573430 | D95: 2 | E95: 44599 | F95: 202202 | G95: 47639 | H95: Meeting expenses and similar | I95: 590 | J95: 65834 | K95: PID65000 | L95: EU | O95: 5 | P95: Southeast Asia | Q95: 0 | R95: Venue f**************y proje***** | S95: 150 | T95: =IF(J95="","","FCR-"&_xlfn.XLOOKUP(J95,Bud_Vs_Exp!$A$14:$A$72,Bud_Vs_Exp!$B$14:$B$72,"")) -> FCR-6.4.4 | U95: =_xlfn.XLOOKUP(F95,SetUp!$O$2:$O$13,SetUp!$P$2:$P$13,"") -> Q1
A96: B | B96: H5 | C96: 1573430 | D96: 4 | E96: 44599 | F96: 202202 | G96: 47639 | H96: Meeting expenses and similar | I96: 590 | J96: 65834 | K96: PID65000 | L96: EU | O96: 5 | P96: Southeast Asia | Q96: 0 | R96: Lunch f**************s-LyLy ***** | S96: 245 | T96: =IF(J96="","","FCR-"&_xlfn.XLOOKUP(J96,Bud_Vs_Exp!$A$14:$A$72,Bud_Vs_Exp!$B$14:$B$72,"")) -> FCR-6.4.4 | U96: =_xlfn.XLOOKUP(F96,SetUp!$O$2:$O$13,SetUp!$P$2:$P$13,"") -> Q1
A97: B | B97: H5 | C97: 1573430 | D97: 5 | E97: 44599 | F97: 202202 | G97: 47639 | H97: Meeting expenses and similar | I97: 590 | J97: 65834 | K97: PID65000 | L97: EU | O97: 5 | P97: Southeast Asia | Q97: 0 | R97: Backdro************** launch***** | S97: 30.24 | T97: =IF(J97="","","FCR-"&_xlfn.XLOOKUP(J97,Bud_Vs_Exp!$A$14:$A$72,Bud_Vs_Exp!$B$14:$B$72,"")) -> FCR-6.4.4 | U97: =_xlfn.XLOOKUP(F97,SetUp!$O$2:$O$13,SetUp!$P$2:$P$13,"") -> Q1
A98: B | B98: H5 | C98: 1573434 | D98: 0 | E98: 44600 | F98: 202202 | G98: 47622 | H98: Health care (Regional offices) | I98: 590 | J98: 65807 | K98: PID65000 | L98: EU | O98: 5 | P98: Southeast Asia | Q98: 0 | R98: Medical**************b'2022***** | S98: 31.16 | T98: =IF(J98="","","FCR-"&_xlfn.XLOOKUP(J98,Bud_Vs_Exp!$A$14:$A$72,Bud_Vs_Exp!$B$14:$B$72,"")) -> FCR-1.1.2.29 | U98: =_xlfn.XLOOKUP(F98,SetUp!$O$2:$O$13,SetUp!$P$2:$P$13,"") -> Q1
A99: B | B99: H5 | C99: 1573435 | D99: 0 | E99: 44601 | F99: 202202 | G99: 45020 | H99: Electricity | I99: 590 | J99: 65822 | K99: PID65000 | L99: EU | O99: 5 | P99: Southeast Asia | Q99: 0 | R99: Electri**************t72_Jan***** | S99: 19.25 | T99: =IF(J99="","","FCR-"&_xlfn.XLOOKUP(J99,Bud_Vs_Exp!$A$14:$A$72,Bud_Vs_Exp!$B$14:$B$72,"")) -> FCR-4.4 | U99: =_xlfn.XLOOKUP(F99,SetUp!$O$2:$O$13,SetUp!$P$2:$P$13,"") -> Q1
A100: B | B100: H5 | C100: 1573436 | D100: 1 | E100: 44601 | F100: 202202 | G100: 45520 | H100: Repairs and maintenance of computers | I100: 590 | J100: 65822 | K100: PID65000 | L100: EU | O100: 5 | P100: Southeast Asia | Q100: 0 | R100: monthly**************e-Trust***** | S100: 15.4 | T100: =IF(J100="","","FCR-"&_xlfn.XLOOKUP(J100,Bud_Vs_Exp!$A$14:$A$72,Bud_Vs_Exp!$B$14:$B$72,"")) -> FCR-4.4 | U100: =_xlfn.XLOOKUP(F100,SetUp!$O$2:$O$13,SetUp!$P$2:$P$13,"") -> Q1
A101: B | B101: H5 | C101: 1573441 | D101: 5 | E101: 44617 | F101: 202202 | G101: 46570 | H101: Banking costs | I101: 590 | J101: 65827 | K101: PID65000 | L101: EU | O101: 5 | P101: Southeast Asia | Q101: 0 | R101: Bank ch************** Feb'22***** | S101: 1 | T101: =IF(J101="","","FCR-"&_xlfn.XLOOKUP(J101,Bud_Vs_Exp!$A$14:$A$72,Bud_Vs_Exp!$B$14:$B$72,"")) -> FCR-5.6 | U101: =_xlfn.XLOOKUP(F101,SetUp!$O$2:$O$13,SetUp!$P$2:$P$13,"") -> Q1
A102: B | B102: H5 | C102: 1573442 | D102: 1 | E102: 44620 | F102: 202202 | G102: 47326 | H102: Subsistence allowances (employees outside HO) | I102: 590 | J102: 65803 | K102: PID65000 | L102: =IF(LEFT(J102,3)="658","EU") -> EU | O102: 5 | P102: Southeast Asia | Q102: 0 | R102: Perdiem************** assess***** | S102: 108.06 | T102: =IF(J102="","","FCR-"&_xlfn.XLOOKUP(J102,Bud_Vs_Exp!$A$14:$A$72,Bud_Vs_Exp!$B$14:$B$72,"")) -> FCR-1.1.1.34 | U102: =_xlfn.XLOOKUP(F102,SetUp!$O$2:$O$13,SetUp!$P$2:$P$13,"") -> Q1
A103: B | B103: H5 | C103: 1573442 | D103: 0 | E103: 44620 | F103: 202202 | G103: 47326 | H103: Subsistence allowances (employees outside HO) | I103: 590 | J103: 65803 | K103: PID65000 | L103: EU | O103: 5 | P103: Southeast Asia | Q103: 0 | R103: Perdiem************** assess***** | S103: 108.06 | T103: =IF(J103="","","FCR-"&_xlfn.XLOOKUP(J103,Bud_Vs_Exp!$A$14:$A$72,Bud_Vs_Exp!$B$14:$B$72,"")) -> FCR-1.1.1.34 | U103: =_xlfn.XLOOKUP(F103,SetUp!$O$2:$O$13,SetUp!$P$2:$P$13,"") -> Q1
A104: B | B104: H5 | C104: 1573443 | D104: 1 | E104: 44620 | F104: 202202 | G104: 45832 | H104: Board and lodging, not in | I104: 590 | J104: 65803 | K104: PID65000 | L104: EU | O104: 5 | P104: Southeast Asia | Q104: 0 | R104: Accomod**************5 Feb'2***** | S104: 60 | T104: =IF(J104="","","FCR-"&_xlfn.XLOOKUP(J104,Bud_Vs_Exp!$A$14:$A$72,Bud_Vs_Exp!$B$14:$B$72,"")) -> FCR-1.1.1.34 | U104: =_xlfn.XLOOKUP(F104,SetUp!$O$2:$O$13,SetUp!$P$2:$P$13,"") -> Q1
A105: B | B105: H5 | C105: 1573443 | D105: 9 | E105: 44620 | F105: 202202 | G105: 47639 | H105: Meeting expenses and similar | I105: 590 | J105: 65832 | K105: PID65000 | L105: EU | O105: 5 | P105: Southeast Asia | Q105: 0 | R105: materia**************rientat***** | S105: 13.24 | T105: =IF(J105="","","FCR-"&_xlfn.XLOOKUP(J105,Bud_Vs_Exp!$A$14:$A$72,Bud_Vs_Exp!$B$14:$B$72,"")) -> FCR-6.4.2 | U105: =_xlfn.XLOOKUP(F105,SetUp!$O$2:$O$13,SetUp!$P$2:$P$13,"") -> Q1
A106: B | B106: H5 | C106: 1573443 | D106: 8 | E106: 44620 | F106: 202202 | G106: 47639 | H106: Meeting expenses and similar | I106: 590 | J106: 65832 | K106: PID65000 | L106: EU | O106: 5 | P106: Southeast Asia | Q106: 0 | R106: Refresh**************ticipan***** | S106: 375.15 | T106: =IF(J106="","","FCR-"&_xlfn.XLOOKUP(J106,Bud_Vs_Exp!$A$14:$A$72,Bud_Vs_Exp!$B$14:$B$72,"")) -> FCR-6.4.2 | U106: =_xlfn.XLOOKUP(F106,SetUp!$O$2:$O$13,SetUp!$P$2:$P$13,"") -> Q1
A107: B | B107: H5 | C107: 1573443 | D107: 7 | E107: 44620 | F107: 202202 | G107: 47639 | H107: Meeting expenses and similar | I107: 590 | J107: 65832 | K107: PID65000 | L107: EU | O107: 5 | P107: Southeast Asia | Q107: 0 | R107: Transpo**************ipants_***** | S107: 88 | T107: =IF(J107="","","FCR-"&_xlfn.XLOOKUP(J107,Bud_Vs_Exp!$A$14:$A$72,Bud_Vs_Exp!$B$14:$B$72,"")) -> FCR-6.4.2 | U107: =_xlfn.XLOOKUP(F107,SetUp!$O$2:$O$13,SetUp!$P$2:$P$13,"") -> Q1
A108: B | B108: H5 | C108: 1573443 | D108: 6 | E108: 44620 | F108: 202202 | G108: 47639 | H108: Meeting expenses and similar | I108: 590 | J108: 65832 | K108: PID65000 | L108: EU | O108: 5 | P108: Southeast Asia | Q108: 0 | R108: Accomod**************ants_EU***** | S108: 170 | T108: =IF(J108="","","FCR-"&_xlfn.XLOOKUP(J108,Bud_Vs_Exp!$A$14:$A$72,Bud_Vs_Exp!$B$14:$B$72,"")) -> FCR-6.4.2 | U108: =_xlfn.XLOOKUP(F108,SetUp!$O$2:$O$13,SetUp!$P$2:$P$13,"") -> Q1
A109: B | B109: H5 | C109: 1573443 | D109: 5 | E109: 44620 | F109: 202202 | G109: 47639 | H109: Meeting expenses and similar | I109: 590 | J109: 65832 | K109: PID65000 | L109: EU | O109: 5 | P109: Southeast Asia | Q109: 0 | R109: Perdiem**************EU proj***** | S109: 174 | T109: =IF(J109="","","FCR-"&_xlfn.XLOOKUP(J109,Bud_Vs_Exp!$A$14:$A$72,Bud_Vs_Exp!$B$14:$B$72,"")) -> FCR-6.4.2 | U109: =_xlfn.XLOOKUP(F109,SetUp!$O$2:$O$13,SetUp!$P$2:$P$13,"") -> Q1
A110: B | B110: H5 | C110: 1573443 | D110: 4 | E110: 44620 | F110: 202202 | G110: 47326 | H110: Subsistence allowances (employees outside HO) | I110: 590 | J110: 65803 | K110: PID65000 | L110: EU | O110: 5 | P110: Southeast Asia | Q110: 0 | R110: Perdiem**************ct orie***** | S110: 54.03 | T110: =IF(J110="","","FCR-"&_xlfn.XLOOKUP(J110,Bud_Vs_Exp!$A$14:$A$72,Bud_Vs_Exp!$B$14:$B$72,"")) -> FCR-1.1.1.34 | U110: =_xlfn.XLOOKUP(F110,SetUp!$O$2:$O$13,SetUp!$P$2:$P$13,"") -> Q1
A111: B | B111: H5 | C111: 1573443 | D111: 2 | E111: 44620 | F111: 202202 | G111: 47326 | H111: Subsistence allowances (employees outside HO) | I111: 590 | J111: 65803 | K111: PID65000 | L111: =IF(LEFT(J111,3)="658","EU") -> EU | O111: 5 | P111: Southeast Asia | Q111: 0 | R111: Accomod**************a 20-25***** | S111: 153 | T111: =IF(J111="","","FCR-"&_xlfn.XLOOKUP(J111,Bud_Vs_Exp!$A$14:$A$72,Bud_Vs_Exp!$B$14:$B$72,"")) -> FCR-1.1.1.34 | U111: =_xlfn.XLOOKUP(F111,SetUp!$O$2:$O$13,SetUp!$P$2:$P$13,"") -> Q1
A112: B | B112: H5 | C112: 1573444 | D112: 1 | E112: 44620 | F112: 202202 | G112: 45813 | H112: Travel expenses, not in | I112: 590 | J112: 65814 | K112: PID65000 | L112: EU | O112: 5 | P112: Southeast Asia | Q112: 0 | R112: transpo**************isith c***** | S112: 300 | T112: =IF(J112="","","FCR-"&_xlfn.XLOOKUP(J112,Bud_Vs_Exp!$A$14:$A$72,Bud_Vs_Exp!$B$14:$B$72,"")) -> FCR-2.4 | U112: =_xlfn.XLOOKUP(F112,SetUp!$O$2:$O$13,SetUp!$P$2:$P$13,"") -> Q1
A113: B | B113: H5 | C113: 1573446 | D113: 0 | E113: 44620 | F113: 202202 | G113: 46570 | H113: Banking costs | I113: 590 | J113: 65827 | K113: PID65000 | L113: EU | O113: 5 | P113: Southeast Asia | Q113: 0 | R113: Monthly**************eb'22***** | S113: 1.5 | T113: =IF(J113="","","FCR-"&_xlfn.XLOOKUP(J113,Bud_Vs_Exp!$A$14:$A$72,Bud_Vs_Exp!$B$14:$B$72,"")) -> FCR-5.6 | U113: =_xlfn.XLOOKUP(F113,SetUp!$O$2:$O$13,SetUp!$P$2:$P$13,"") -> Q1
A114: B | B114: X5 | C114: 1573448 | D114: 8 | E114: 44620 | F114: 202202 | G114: 47211 | H114: Salary (employees outside HO) | I114: 590 | J114: 65805 | K114: PID65000 | L114: =IF(LEFT(J114,3)="658","EU") -> EU | O114: 5 | P114: Southeast Asia | Q114: 0 | R114: Salary **************'22_EU***** | S114: 154.5 | T114: =IF(J114="","","FCR-"&_xlfn.XLOOKUP(J114,Bud_Vs_Exp!$A$14:$A$72,Bud_Vs_Exp!$B$14:$B$72,"")) -> FCR-1.1.2.27 | U114: =_xlfn.XLOOKUP(F114,SetUp!$O$2:$O$13,SetUp!$P$2:$P$13,"") -> Q1
A115: B | B115: X5 | C115: 1573448 | D115: 6 | E115: 44620 | F115: 202202 | G115: 47211 | H115: Salary (employees outside HO) | I115: 590 | J115: 65802 | K115: PID65000 | L115: EU | O115: 5 | P115: Southeast Asia | Q115: 0 | R115: Salary **************'22_EU***** | S115: 1325.82 | T115: =IF(J115="","","FCR-"&_xlfn.XLOOKUP(J115,Bud_Vs_Exp!$A$14:$A$72,Bud_Vs_Exp!$B$14:$B$72,"")) -> FCR-1.1.1.33 | U115: =_xlfn.XLOOKUP(F115,SetUp!$O$2:$O$13,SetUp!$P$2:$P$13,"") -> Q1
A116: B | B116: X5 | C116: 1573448 | D116: 4 | E116: 44620 | F116: 202202 | G116: 47211 | H116: Salary (employees outside HO) | I116: 590 | J116: 65804 | K116: PID65000 | L116: EU | O116: 5 | P116: Southeast Asia | Q116: 0 | R116: Salary **************'22_EU***** | S116: 355.85 | T116: =IF(J116="","","FCR-"&_xlfn.XLOOKUP(J116,Bud_Vs_Exp!$A$14:$A$72,Bud_Vs_Exp!$B$14:$B$72,"")) -> FCR-1.1.2.26 | U116: =_xlfn.XLOOKUP(F116,SetUp!$O$2:$O$13,SetUp!$P$2:$P$13,"") -> Q1
A117: B | B117: X5 | C117: 1573448 | D117: 11 | E117: 44620 | F117: 202202 | G117: 47211 | H117: Salary (employees outside HO) | I117: 590 | J117: 65807 | K117: PID65000 | L117: EU | O117: 5 | P117: Southeast Asia | Q117: 0 | R117: Salary **************b'22_EU***** | S117: 50.3 | T117: =IF(J117="","","FCR-"&_xlfn.XLOOKUP(J117,Bud_Vs_Exp!$A$14:$A$72,Bud_Vs_Exp!$B$14:$B$72,"")) -> FCR-1.1.2.29 | U117: =_xlfn.XLOOKUP(F117,SetUp!$O$2:$O$13,SetUp!$P$2:$P$13,"") -> Q1
A118: B | B118: X5 | C118: 1573448 | D118: 1 | E118: 44620 | F118: 202202 | G118: 47211 | H118: Salary (employees outside HO) | I118: 590 | J118: 65806 | K118: PID65000 | L118: EU | O118: 5 | P118: Southeast Asia | Q118: 0 | R118: Salary **************b'22_EU***** | S118: 136.08 | T118: =IF(J118="","","FCR-"&_xlfn.XLOOKUP(J118,Bud_Vs_Exp!$A$14:$A$72,Bud_Vs_Exp!$B$14:$B$72,"")) -> FCR-1.1.2.28 | U118: =_xlfn.XLOOKUP(F118,SetUp!$O$2:$O$13,SetUp!$P$2:$P$13,"") -> Q1
A119: B | B119: X5 | C119: 1573449 | D119: 8 | E119: 44620 | F119: 202202 | G119: 47390 | H119: Other employee benefits | I119: 590 | J119: 65805 | K119: PID65000 | L119: =IF(LEFT(J119,3)="658","EU") -> EU | O119: 5 | P119: Southeast Asia | Q119: 0 | R119: Communi**************sa in F***** | S119: 1.88 | T119: =IF(J119="","","FCR-"&_xlfn.XLOOKUP(J119,Bud_Vs_Exp!$A$14:$A$72,Bud_Vs_Exp!$B$14:$B$72,"")) -> FCR-1.1.2.27 | U119: =_xlfn.XLOOKUP(F119,SetUp!$O$2:$O$13,SetUp!$P$2:$P$13,"") -> Q1
A120: B | B120: X5 | C120: 1573449 | D120: 1 | E120: 44620 | F120: 202202 | G120: 47390 | H120: Other employee benefits | I120: 590 | J120: 65806 | K120: PID65000 | L120: EU | O120: 5 | P120: Southeast Asia | Q120: 0 | R120: Communi**************nea in ***** | S120: 2.8 | T120: =IF(J120="","","FCR-"&_xlfn.XLOOKUP(J120,Bud_Vs_Exp!$A$14:$A$72,Bud_Vs_Exp!$B$14:$B$72,"")) -> FCR-1.1.2.28 | U120: =_xlfn.XLOOKUP(F120,SetUp!$O$2:$O$13,SetUp!$P$2:$P$13,"") -> Q1
...

Sheet Filter
A1: DFAT | R1: TOTAL | S1: =SUM(S3:S90) -> 22088.68 | Y1: VSTACK
A3: T | B3: TT | C3: TransNo | D3: # | E3: Trans.date | F3: Period | G3: Account | H3: Account (T) | I3: Unit | J3: Activity code | K3: Project | L3: Project (T) | M3: Resource | N3: Resource (T) | O3: Costce | P3: Costce (T) | Q3: TC | R3: Text | S3: Company Curr | T3: Budget Code | U3: Quarter | Y3: {=_xlfn.VSTACK($A$3:$U$90,A104:U723)} -> T | Z3: TT | AA3: TransNo | AB3: # | AC3: Trans.date | AD3: Period | AE3: Account | AF3: Account (T) | AG3: Unit | AH3: Activity code | AI3: Project | AJ3: Project (T) | AK3: Resource | AL3: Resource (T) | AM3: Costce | AN3: Costce (T) | AO3: TC | AP3: Text | AQ3: Company Curr | AR3: Budget Code | AS3: Quarter
A4: {=_xlfn._xlws.FILTER(Data!$A$4:$U$1000,Data!$L$4:$L$1000=A1)} -> B | B4: H5 | C4: 1572766 | D4: 1 | E4: 44553 | F4: 202212 | G4: 47622 | H4: Health care (Regional offices) | I4: 590 | J4: 66131 | K4: PID66000 | L4: DFAT | M4: 0 | N4: 0 | O4: 5 | P4: Southeast Asia | Q4: 0 | R4: Remaini**************cal cos***** | S4: 73.49 | T4: FCR- | U4: Q4 | Y4: B | Z4: H5 | AA4: 1572766 | AB4: 1 | AC4: 44553 | AD4: 202212 | AE4: 47622 | AF4: Health care (Regional offices) | AG4: 590 | AH4: 66131 | AI4: PID66000 | AJ4: DFAT | AK4: 0 | AL4: 0 | AM4: 5 | AN4: Southeast Asia | AO4: 0 | AP4: Remaini**************cal cos***** | AQ4: 73.49 | AR4: FCR- | AS4: Q4
A5: B | B5: H5 | C5: 1572767 | D5: 6 | E5: 44553 | F5: 202212 | G5: 47390 | H5: Other employee benefits | I5: 590 | J5: 66136 | K5: PID66000 | L5: DFAT | M5: 0 | N5: 0 | O5: 5 | P5: Southeast Asia | Q5: 0 | R5: Communi**************rey_Dec***** | S5: 4.22 | T5: FCR- | U5: Q4 | Y5: B | Z5: H5 | AA5: 1572767 | AB5: 6 | AC5: 44553 | AD5: 202212 | AE5: 47390 | AF5: Other employee benefits | AG5: 590 | AH5: 66136 | AI5: PID66000 | AJ5: DFAT | AK5: 0 | AL5: 0 | AM5: 5 | AN5: Southeast Asia | AO5: 0 | AP5: Communi**************rey_Dec***** | AQ5: 4.22 | AR5: FCR- | AS5: Q4
A6: B | B6: H5 | C6: 1572767 | D6: 0 | E6: 44553 | F6: 202212 | G6: 47211 | H6: Salary (employees outside HO) | I6: 590 | J6: 66136 | K6: PID66000 | L6: DFAT | M6: 0 | N6: 0 | O6: 5 | P6: Southeast Asia | Q6: 0 | R6: Salary **************1_MACP***** | S6: 226.11 | T6: FCR- | U6: Q4 | Y6: B | Z6: H5 | AA6: 1572767 | AB6: 0 | AC6: 44553 | AD6: 202212 | AE6: 47211 | AF6: Salary (employees outside HO) | AG6: 590 | AH6: 66136 | AI6: PID66000 | AJ6: DFAT | AK6: 0 | AL6: 0 | AM6: 5 | AN6: Southeast Asia | AO6: 0 | AP6: Salary **************1_MACP***** | AQ6: 226.11 | AR6: FCR- | AS6: Q4
A7: B | B7: H5 | C7: 1572767 | D7: 3 | E7: 44553 | F7: 202212 | G7: 47211 | H7: Salary (employees outside HO) | I7: 590 | J7: 66136 | K7: PID66000 | L7: DFAT | M7: 0 | N7: 0 | O7: 5 | P7: Southeast Asia | Q7: 0 | R7: Seniori************** 2021 B***** | S7: 209.98 | T7: FCR- | U7: Q4 | Y7: B | Z7: H5 | AA7: 1572767 | AB7: 3 | AC7: 44553 | AD7: 202212 | AE7: 47211 | AF7: Salary (employees outside HO) | AG7: 590 | AH7: 66136 | AI7: PID66000 | AJ7: DFAT | AK7: 0 | AL7: 0 | AM7: 5 | AN7: Southeast Asia | AO7: 0 | AP7: Seniori************** 2021 B***** | AQ7: 209.98 | AR7: FCR- | AS7: Q4
A8: B | B8: X5 | C8: 1572770 | D8: 1 | E8: 44558 | F8: 202212 | G8: 47090 | H8: Change in accrued holiday pay provision | I8: 590 | J8: 66136 | K8: PID66000 | L8: DFAT | M8: 0 | N8: 0 | O8: 5 | P8: Southeast Asia | Q8: 0 | R8: Rev: Ac**************eave Bo***** | S8: -127.27 | T8: FCR- | U8: Q4 | Y8: B | Z8: X5 | AA8: 1572770 | AB8: 1 | AC8: 44558 | AD8: 202212 | AE8: 47090 | AF8: Change in accrued holiday pay provision | AG8: 590 | AH8: 66136 | AI8: PID66000 | AJ8: DFAT | AK8: 0 | AL8: 0 | AM8: 5 | AN8: Southeast Asia | AO8: 0 | AP8: Rev: Ac**************eave Bo***** | AQ8: -127.27 | AR8: FCR- | AS8: Q4
A9: B | B9: X5 | C9: 1572770 | D9: 13 | E9: 44558 | F9: 202212 | G9: 47090 | H9: Change in accrued holiday pay provision | I9: 590 | J9: 66131 | K9: PID66000 | L9: DFAT | M9: 0 | N9: 0 | O9: 5 | P9: Southeast Asia | Q9: 0 | R9: Accrued**************LyLy fr***** | S9: 51.81 | T9: FCR- | U9: Q4 | Y9: B | Z9: X5 | AA9: 1572770 | AB9: 13 | AC9: 44558 | AD9: 202212 | AE9: 47090 | AF9: Change in accrued holiday pay provision | AG9: 590 | AH9: 66131 | AI9: PID66000 | AJ9: DFAT | AK9: 0 | AL9: 0 | AM9: 5 | AN9: Southeast Asia | AO9: 0 | AP9: Accrued**************LyLy fr***** | AQ9: 51.81 | AR9: FCR- | AS9: Q4
A10: B | B10: X5 | C10: 1572772 | D10: 10 | E10: 44558 | F10: 202212 | G10: 47217 | H10: Severance pay | I10: 590 | J10: 66131 | K10: PID66000 | L10: DFAT | M10: 0 | N10: 0 | O10: 5 | P10: Southeast Asia | Q10: 0 | R10: Seniori************** of 202***** | S10: 126.11 | T10: FCR- | U10: Q4 | Y10: B | Z10: X5 | AA10: 1572772 | AB10: 10 | AC10: 44558 | AD10: 202212 | AE10: 47217 | AF10: Severance pay | AG10: 590 | AH10: 66131 | AI10: PID66000 | AJ10: DFAT | AK10: 0 | AL10: 0 | AM10: 5 | AN10: Southeast Asia | AO10: 0 | AP10: Seniori************** of 202***** | AQ10: 126.11 | AR10: FCR- | AS10: Q4
A11: B | B11: X5 | C11: 1572775 | D11: 6 | E11: 44561 | F11: 202212 | G11: 47211 | H11: Salary (employees outside HO) | I11: 590 | J11: 66131 | K11: PID66000 | L11: DFAT | M11: 0 | N11: 0 | O11: 5 | P11: Southeast Asia | Q11: 0 | R11: Salary **************'21_Mac***** | S11: 382.85 | T11: FCR- | U11: Q4 | Y11: B | Z11: X5 | AA11: 1572775 | AB11: 6 | AC11: 44561 | AD11: 202212 | AE11: 47211 | AF11: Salary (employees outside HO) | AG11: 590 | AH11: 66131 | AI11: PID66000 | AJ11: DFAT | AK11: 0 | AL11: 0 | AM11: 5 | AN11: Southeast Asia | AO11: 0 | AP11: Salary **************'21_Mac***** | AQ11: 382.85 | AR11: FCR- | AS11: Q4
A12: B | B12: X5 | C12: 1572777 | D12: 1 | E12: 44561 | F12: 202212 | G12: 47586 | H12: Personnel insurance (employees outside HO) | I12: 590 | J12: 66136 | K12: PID66000 | L12: DFAT | M12: 0 | N12: 0 | O12: 5 | P12: Southeast Asia | Q12: 0 | R12: health **************urance ***** | S12: 1.32 | T12: FCR- | U12: Q4 | Y12: B | Z12: X5 | AA12: 1572777 | AB12: 1 | AC12: 44561 | AD12: 202212 | AE12: 47586 | AF12: Personnel insurance (employees outside HO) | AG12: 590 | AH12: 66136 | AI12: PID66000 | AJ12: DFAT | AK12: 0 | AL12: 0 | AM12: 5 | AN12: Southeast Asia | AO12: 0 | AP12: health **************urance ***** | AQ12: 1.32 | AR12: FCR- | AS12: Q4
A13: B | B13: X5 | C13: 1572777 | D13: 9 | E13: 44561 | F13: 202212 | G13: 47586 | H13: Personnel insurance (employees outside HO) | I13: 590 | J13: 66131 | K13: PID66000 | L13: DFAT | M13: 0 | N13: 0 | O13: 5 | P13: Southeast Asia | Q13: 0 | R13: health **************urance ***** | S13: 3.16 | T13: FCR- | U13: Q4 | Y13: B | Z13: X5 | AA13: 1572777 | AB13: 9 | AC13: 44561 | AD13: 202212 | AE13: 47586 | AF13: Personnel insurance (employees outside HO) | AG13: 590 | AH13: 66131 | AI13: PID66000 | AJ13: DFAT | AK13: 0 | AL13: 0 | AM13: 5 | AN13: Southeast Asia | AO13: 0 | AP13: health **************urance ***** | AQ13: 3.16 | AR13: FCR- | AS13: Q4
A14: B | B14: X5 | C14: 1572778 | D14: 9 | E14: 44561 | F14: 202212 | G14: 46990 | H14: Other external expenses | I14: 590 | J14: 66131 | K14: PID66000 | L14: DFAT | M14: 0 | N14: 0 | O14: 5 | P14: Southeast Asia | Q14: 0 | R14: NSSF to**************1_MacP***** | S14: 2 | T14: FCR- | U14: Q4 | Y14: B | Z14: X5 | AA14: 1572778 | AB14: 9 | AC14: 44561 | AD14: 202212 | AE14: 46990 | AF14: Other external expenses | AG14: 590 | AH14: 66131 | AI14: PID66000 | AJ14: DFAT | AK14: 0 | AL14: 0 | AM14: 5 | AN14: Southeast Asia | AO14: 0 | AP14: NSSF to**************1_MacP***** | AQ14: 2 | AR14: FCR- | AS14: Q4
A15: B | B15: X5 | C15: 1572778 | D15: 1 | E15: 44561 | F15: 202212 | G15: 46990 | H15: Other external expenses | I15: 590 | J15: 66136 | K15: PID66000 | L15: DFAT | M15: 0 | N15: 0 | O15: 5 | P15: Southeast Asia | Q15: 0 | R15: NSSF to**************21_DFAT***** | S15: 0.84 | T15: FCR- | U15: Q4 | Y15: B | Z15: X5 | AA15: 1572778 | AB15: 1 | AC15: 44561 | AD15: 202212 | AE15: 46990 | AF15: Other external expenses | AG15: 590 | AH15: 66136 | AI15: PID66000 | AJ15: DFAT | AK15: 0 | AL15: 0 | AM15: 5 | AN15: Southeast Asia | AO15: 0 | AP15: NSSF to**************21_DFAT***** | AQ15: 0.84 | AR15: FCR- | AS15: Q4
A16: B | B16: X5 | C16: 1573424 | D16: 6 | E16: 44592 | F16: 202201 | G16: 47586 | H16: Personnel insurance (employees outside HO) | I16: 590 | J16: 66131 | K16: PID66000 | L16: DFAT | M16: 0 | N16: 0 | O16: 5 | P16: Southeast Asia | Q16: 0 | R16: health **************urance ***** | S16: 4.92 | T16: FCR- | U16: Q1 | Y16: B | Z16: X5 | AA16: 1573424 | AB16: 6 | AC16: 44592 | AD16: 202201 | AE16: 47586 | AF16: Personnel insurance (employees outside HO) | AG16: 590 | AH16: 66131 | AI16: PID66000 | AJ16: DFAT | AK16: 0 | AL16: 0 | AM16: 5 | AN16: Southeast Asia | AO16: 0 | AP16: health **************urance ***** | AQ16: 4.92 | AR16: FCR- | AS16: Q1
... A86: B | B86: X5 | C86: 1573577 | D86: 7 | E86: 44742 | F86: 202206 | G86: 47217 | H86: Severance pay | I86: 590 | J86: 66135 | K86: PID66000 | L86: DFAT | M86: 0 | N86: 0 | O86: 5 | P86: Southeast Asia | Q86: 0 | R86: Seniori**************a on Ja***** | S86: 37.17 | T86: FCR- | U86: Q2 | Y86: B | Z86: X5 | AA86: 1573577 | AB86: 7 | AC86: 44742 | AD86: 202206 | AE86: 47217 | AF86: Severance pay | AG86: 590 | AH86: 66135 | AI86: PID66000 | AJ86: DFAT | AK86: 0 | AL86: 0 | AM86: 5 | AN86: Southeast Asia | AO86: 0 | AP86: Seniori**************a on Ja***** | AQ86: 37.17 | AR86: FCR- | AS86: Q2
Y87: 0 | Z87: 0 | AA87: 0 | AB87: 0 | AC87: 0 | AD87: 0 | AE87: 0 | AF87: 0 | AG87: 0 | AH87: 0 | AI87: 0 | AJ87: 0 | AK87: 0 | AL87: 0 | AM87: 0 | AN87: 0 | AO87: 0 | AP87: 0 | AQ87: 0 | AR87: 0 | AS87: 0
Y88: 0 | Z88: 0 | AA88: 0 | AB88: 0 | AC88: 0 | AD88: 0 | AE88: 0 | AF88: 0 | AG88: 0 | AH88: 0 | AI88: 0 | AJ88: 0 | AK88: 0 | AL88: 0 | AM88: 0 | AN88: 0 | AO88: 0 | AP88: 0 | AQ88: 0 | AR88: 0 | AS88: 0
Y89: 0 | Z89: 0 | AA89: 0 | AB89: 0 | AC89: 0 | AD89: 0 | AE89: 0 | AF89: 0 | AG89: 0 | AH89: 0 | AI89: 0 | AJ89: 0 | AK89: 0 | AL89: 0 | AM89: 0 | AN89: 0 | AO89: 0 | AP89: 0 | AQ89: 0 | AR89: 0 | AS89: 0
Y90: 0 | Z90: 0 | AA90: 0 | AB90: 0 | AC90: 0 | AD90: 0 | AE90: 0 | AF90: 0 | AG90: 0 | AH90: 0 | AI90: 0 | AJ90: 0 | AK90: 0 | AL90: 0 | AM90: 0 | AN90: 0 | AO90: 0 | AP90: 0 | AQ90: 0 | AR90: 0 | AS90: 0
Y91: B | Z91: H5 | AA91: 1572754 | AB91: 1 | AC91: 44536 | AD91: 202212 | AE91: 45520 | AF91: Repairs and maintenance of computers | AG91: 590 | AH91: 65822 | AI91: PID65000 | AJ91: EU | AK91: 0 | AL91: 0 | AM91: 5 | AN91: Southeast Asia | AO91: 0 | AP91: Monthly**************e_Trust***** | AQ91: 53.9 | AR91: FCR-4.4 | AS91: Q4
Y92: B | Z92: H5 | AA92: 1572760 | AB92: 1 | AC92: 44544 | AD92: 202212 | AE92: 45020 | AF92: Electricity | AG92: 590 | AH92: 65822 | AI92: PID65000 | AJ92: EU | AK92: 0 | AL92: 0 | AM92: 5 | AN92: Southeast Asia | AO92: 0 | AP92: Electri************** 72_Nov***** | AQ92: 64.75 | AR92: FCR-4.4 | AS92: Q4
Y93: B | Z93: H5 | AA93: 1572760 | AB93: 0 | AC93: 44544 | AD93: 202212 | AE93: 46150 | AF93: Printed matter | AG93: 590 | AH93: 65821 | AI93: PID65000 | AJ93: EU | AK93: 0 | AL93: 0 | AM93: 5 | AN93: Southeast Asia | AO93: 0 | AP93: Printin************** shop_s***** | AQ93: 4.22 | AR93: FCR-4.3 | AS93: Q4
Y94: B | Z94: H5 | AA94: 1572766 | AB94: 0 | AC94: 44553 | AD94: 202212 | AE94: 47622 | AF94: Health care (Regional offices) | AG94: 590 | AH94: 65802 | AI94: PID65000 | AJ94: EU | AK94: 0 | AL94: 0 | AM94: 5 | AN94: Southeast Asia | AO94: 0 | AP94: Remaini**************cal cos***** | AQ94: 291.22 | AR94: FCR-1.1.1.33 | AS94: Q4
Y95: B | Z95: H5 | AA95: 1572766 | AB95: 4 | AC95: 44553 | AD95: 202212 | AE95: 47622 | AF95: Health care (Regional offices) | AG95: 590 | AH95: 65804 | AI95: PID65000 | AJ95: EU | AK95: 0 | AL95: 0 | AM95: 5 | AN95: Southeast Asia | AO95: 0 | AP95: Remaini**************cal cos***** | AQ95: 22.26 | AR95: FCR-1.1.2.26 | AS95: Q4
Y96: B | Z96: H5 | AA96: 1572766 | AB96: 9 | AC96: 44553 | AD96: 202212 | AE96: 47622 | AF96: Health care (Regional offices) | AG96: 590 | AH96: 65807 | AI96: PID65000 | AJ96: EU | AK96: 0 | AL96: 0 | AM96: 5 | AN96: Southeast Asia | AO96: 0 | AP96: Remaini**************cal cos***** | AQ96: 38.71 | AR96: FCR-1.1.2.29 | AS96: Q4
Y97: B | Z97: H5 | AA97: 1572766 | AB97: 14 | AC97: 44553 | AD97: 202212 | AE97: 47622 | AF97: Health care (Regional offices) | AG97: 590 | AH97: 65806 | AI97: PID65000 | AJ97: EU | AK97: 0 | AL97: 0 | AM97: 5 | AN97: Southeast Asia | AO97: 0 | AP97: Remaini**************cal cos***** | AQ97: 54.1 | AR97: FCR-1.1.2.28 | AS97: Q4
Y98: B | Z98: H5 | AA98: 1572767 | AB98: 7 | AC98: 44553 | AD98: 202212 | AE98: 47390 | AF98: Other employee benefits | AG98: 590 | AH98: 65801 | AI98: PID65000 | AJ98: EU | AK98: 0 | AL98: 0 | AM98: 5 | AN98: Southeast Asia | AO98: 0 | AP98: Communi**************rey_Dec***** | AQ98: 20.47 | AR98: FCR-1.1.1.32 | AS98: Q4
Y99: B | Z99: H5 | AA99: 1572767 | AB99: 1 | AC99: 44553 | AD99: 202212 | AE99: 47211 | AF99: Salary (employees outside HO) | AG99: 590 | AH99: 65801 | AI99: PID65000 | AJ99: EU | AK99: 0 | AL99: 0 | AM99: 5 | AN99: Southeast Asia | AO99: 0 | AP99: Salary **************1_EU***** | AQ99: 1096.78 | AR99: FCR-1.1.1.32 | AS99: Q4
Y100: B | Z100: H5 | AA100: 1572767 | AB100: 4 | AC100: 44553 | AD100: 202212 | AE100: 47211 | AF100: Salary (employees outside HO) | AG100: 590 | AH100: 65801 | AI100: PID65000 | AJ100: EU | AK100: 0 | AL100: 0 | AM100: 5 | AN100: Southeast Asia | AO100: 0 | AP100: Seniori************** 2021 B***** | AQ100: 387.3 | AR100: FCR-1.1.1.32 | AS100: Q4
A101: EU | R101: TOTAL | S101: =SUM(S103:S1101) -> 183155.88 | T101: =S1 -> 22088.68 | Y101: B | Z101: X5 | AA101: 1572770 | AB101: 2 | AC101: 44558 | AD101: 202212 | AE101: 47090 | AF101: Change in accrued holiday pay provision | AG101: 590 | AH101: 65801 | AI101: PID65000 | AJ101: EU | AK101: 0 | AL101: 0 | AM101: 5 | AN101: Southeast Asia | AO101: 0 | AP101: Rev: Ac**************eave Bo***** | AQ101: -76.11 | AR101: FCR-1.1.1.32 | AS101: Q4
Y102: B | Z102: X5 | AA102: 1572770 | AB102: 14 | AC102: 44558 | AD102: 202212 | AE102: 47090 | AF102: Change in accrued holiday pay provision | AG102: 590 | AH102: 65802 | AI102: PID65000 | AJ102: EU | AK102: 0 | AL102: 0 | AM102: 5 | AN102: Southeast Asia | AO102: 0 | AP102: Accrued**************LyLy fr***** | AQ102: 207.28 | AR102: FCR-1.1.1.33 | AS102: Q4
A103: T | B103: TT | C103: TransNo | D103: # | E103: Trans.date | F103: Period | G103: Account | H103: Account (T) | I103: Unit | J103: Activity code | K103: Project | L103: Project (T) | M103: Resource | N103: Resource (T) | O103: Costce | P103: Costce (T) | Q103: TC | R103: Text | S103: Company Curr | T103: Budget Code | U103: Quarter | Y103: B | Z103: X5 | AA103: 1572770 | AB103: 12 | AC103: 44558 | AD103: 202212 | AE103: 47090 | AF103: Change in accrued holiday pay provision | AG103: 590 | AH103: 65804 | AI103: PID65000 | AJ103: EU | AK103: 0 | AL103: 0 | AM103: 5 | AN103: Southeast Asia | AO103: 0 | AP103: Accrued**************DaDa fr***** | AQ103: 69.17 | AR103: FCR-1.1.2.26 | AS103: Q4
A104: {=_xlfn._xlws.FILTER(Data!$A$4:$U$1000,Data!$L$4:$L$1000=A101)} -> B | B104: H5 | C104: 1572754 | D104: 1 | E104: 44536 | F104: 202212 | G104: 45520 | H104: Repairs and maintenance of computers | I104: 590 | J104: 65822 | K104: PID65000 | L104: EU | M104: 0 | N104: 0 | O104: 5 | P104: Southeast Asia | Q104: 0 | R104: Monthly**************e_Trust***** | S104: 53.9 | T104: FCR-4.4 | U104: Q4 | Y104: B | Z104: X5 | AA104: 1572770 | AB104: 9 | AC104: 44558 | AD104: 202212 | AE104: 47090 | AF104: Change in accrued holiday pay provision | AG104: 590 | AH104: 65806 | AI104: PID65000 | AJ104: EU | AK104: 0 | AL104: 0 | AM104: 5 | AN104: Southeast Asia | AO104: 0 | AP104: Accrued**************Minea f***** | AQ104: 12.22 | AR104: FCR-1.1.2.28 | AS104: Q4
A105: B | B105: H5 | C105: 1572760 | D105: 1 | E105: 44544 | F105: 202212 | G105: 45020 | H105: Electricity | I105: 590 | J105: 65822 | K105: PID65000 | L105: EU | M105: 0 | N105: 0 | O105: 5 | P105: Southeast Asia | Q105: 0 | R105: Electri************** 72_Nov***** | S105: 64.75 | T105: FCR-4.4 | U105: Q4 | Y105: B | Z105: X5 | AA105: 1572770 | AB105: 6 | AC105: 44558 | AD105: 202212 | AE105: 47090 | AF105: Change in accrued holiday pay provision | AG105: 590 | AH105: 65807 | AI105: PID65000 | AJ105: EU | AK105: 0 | AL105: 0 | AM105: 5 | AN105: Southeast Asia | AO105: 0 | AP105: Accrued**************Touch J***** | AQ105: 5.57 | AR105: FCR-1.1.2.29 | AS105: Q4
A106: B | B106: H5 | C106: 1572760 | D106: 0 | E106: 44544 | F106: 202212 | G106: 46150 | H106: Printed matter | I106: 590 | J106: 65821 | K106: PID65000 | L106: EU | M106: 0 | N106: 0 | O106: 5 | P106: Southeast Asia | Q106: 0 | R106: Printin************** shop_s***** | S106: 4.22 | T106: FCR-4.3 | U106: Q4 | Y106: B | Z106: X5 | AA106: 1572772 | AB106: 3 | AC106: 44558 | AD106: 202212 | AE106: 47217 | AF106: Severance pay | AG106: 590 | AH106: 65807 | AI106: PID65000 | AJ106: EU | AK106: 0 | AL106: 0 | AM106: 5 | AN106: Southeast Asia | AO106: 0 | AP106: Seniori************** of 202***** | AQ106: 18.74 | AR106: FCR-1.1.2.29 | AS106: Q4
A107: B | B107: H5 | C107: 1572766 | D107: 0 | E107: 44553 | F107: 202212 | G107: 47622 | H107: Health care (Regional offices) | I107: 590 | J107: 65802 | K107: PID65000 | L107: EU | M107: 0 | N107: 0 | O107: 5 | P107: Southeast Asia | Q107: 0 | R107: Remaini**************cal cos***** | S107: 291.22 | T107: FCR-1.1.1.33 | U107: Q4 | Y107: B | Z107: X5 | AA107: 1572772 | AB107: 0 | AC107: 44558 | AD107: 202212 | AE107: 47217 | AF107: Severance pay | AG107: 590 | AH107: 65806 | AI107: PID65000 | AJ107: EU | AK107: 0 | AL107: 0 | AM107: 5 | AN107: Southeast Asia | AO107: 0 | AP107: Seniori************** of 202***** | AQ107: 47.48 | AR107: FCR-1.1.2.28 | AS107: Q4
A108: B | B108: H5 | C108: 1572766 | D108: 4 | E108: 44553 | F108: 202212 | G108: 47622 | H108: Health care (Regional offices) | I108: 590 | J108: 65804 | K108: PID65000 | L108: EU | M108: 0 | N108: 0 | O108: 5 | P108: Southeast Asia | Q108: 0 | R108: Remaini**************cal cos***** | S108: 22.26 | T108: FCR-1.1.2.26 | U108: Q4 | Y108: B | Z108: X5 | AA108: 1572772 | AB108: 11 | AC108: 44558 | AD108: 202212 | AE108: 47217 | AF108: Severance pay | AG108: 590 | AH108: 65805 | AI108: PID65000 | AJ108: EU | AK108: 0 | AL108: 0 | AM108: 5 | AN108: Southeast Asia | AO108: 0 | AP108: Seniori************** of 202***** | AQ108: 80.01 | AR108: FCR-1.1.2.27 | AS108: Q4
A109: B | B109: H5 | C109: 1572766 | D109: 9 | E109: 44553 | F109: 202212 | G109: 47622 | H109: Health care (Regional offices) | I109: 590 | J109: 65807 | K109: PID65000 | L109: EU | M109: 0 | N109: 0 | O109: 5 | P109: Southeast Asia | Q109: 0 | R109: Remaini**************cal cos***** | S109: 38.71 | T109: FCR-1.1.2.29 | U109: Q4 | Y109: B | Z109: X5 | AA109: 1572772 | AB109: 9 | AC109: 44558 | AD109: 202212 | AE109: 47217 | AF109: Severance pay | AG109: 590 | AH109: 65802 | AI109: PID65000 | AJ109: EU | AK109: 0 | AL109: 0 | AM109: 5 | AN109: Southeast Asia | AO109: 0 | AP109: Seniori************** of 202***** | AQ109: 504.57 | AR109: FCR-1.1.1.33 | AS109: Q4
A110: B | B110: H5 | C110: 1572766 | D110: 14 | E110: 44553 | F110: 202212 | G110: 47622 | H110: Health care (Regional offices) | I110: 590 | J110: 65806 | K110: PID65000 | L110: EU | M110: 0 | N110: 0 | O110: 5 | P110: Southeast Asia | Q110: 0 | R110: Remaini**************cal cos***** | S110: 54.1 | T110: FCR-1.1.2.28 | U110: Q4 | Y110: B | Z110: X5 | AA110: 1572772 | AB110: 6 | AC110: 44558 | AD110: 202212 | AE110: 47217 | AF110: Severance pay | AG110: 590 | AH110: 65804 | AI110: PID65000 | AJ110: EU | AK110: 0 | AL110: 0 | AM110: 5 | AN110: Southeast Asia | AO110: 0 | AP110: Seniori************** of 202***** | AQ110: 103.84 | AR110: FCR-1.1.2.26 | AS110: Q4
A111: B | B111: H5 | C111: 1572767 | D111: 7 | E111: 44553 | F111: 202212 | G111: 47390 | H111: Other employee benefits | I111: 590 | J111: 65801 | K111: PID65000 | L111: EU | M111: 0 | N111: 0 | O111: 5 | P111: Southeast Asia | Q111: 0 | R111: Communi**************rey_Dec***** | S111: 20.47 | T111: FCR-1.1.1.32 | U111: Q4 | Y111: B | Z111: H5 | AA111: 1572773 | AB111: 0 | AC111: 44561 | AD111: 202212 | AE111: 46570 | AF111: Banking costs | AG111: 590 | AH111: 65827 | AI111: PID65000 | AJ111: EU | AK111: 0 | AL111: 0 | AM111: 5 | AN111: Southeast Asia | AO111: 0 | AP111: Monthly**************Dec'21***** | AQ111: 1.5 | AR111: FCR-5.6 | AS111: Q4
A112: B | B112: H5 | C112: 1572767 | D112: 1 | E112: 44553 | F112: 202212 | G112: 47211 | H112: Salary (employees outside HO) | I112: 590 | J112: 65801 | K112: PID65000 | L112: EU | M112: 0 | N112: 0 | O112: 5 | P112: Southeast Asia | Q112: 0 | R112: Salary **************1_EU***** | S112: 1096.78 | T112: FCR-1.1.1.32 | U112: Q4 | Y112: B | Z112: H5 | AA112: 1572774 | AB112: 0 | AC112: 44561 | AD112: 202212 | AE112: 45020 | AF112: Electricity | AG112: 590 | AH112: 65822 | AI112: PID65000 | AJ112: EU | AK112: 0 | AL112: 0 | AM112: 5 | AN112: Southeast Asia | AO112: 0 | AP112: Accrued**************partmen***** | AQ112: 50.58 | AR112: FCR-4.4 | AS112: Q4
A113: B | B113: H5 | C113: 1572767 | D113: 4 | E113: 44553 | F113: 202212 | G113: 47211 | H113: Salary (employees outside HO) | I113: 590 | J113: 65801 | K113: PID65000 | L113: EU | M113: 0 | N113: 0 | O113: 5 | P113: Southeast Asia | Q113: 0 | R113: Seniori************** 2021 B***** | S113: 387.3 | T113: FCR-1.1.1.32 | U113: Q4 | Y113: B | Z113: X5 | AA113: 1572775 | AB113: 2 | AC113: 44561 | AD113: 202212 | AE113: 47211 | AF113: Salary (employees outside HO) | AG113: 590 | AH113: 65806 | AI113: PID65000 | AJ113: EU | AK113: 0 | AL113: 0 | AM113: 5 | AN113: Southeast Asia | AO113: 0 | AP113: Salary **************c'21_EU***** | AQ113: 131.46 | AR113: FCR-1.1.2.28 | AS113: Q4
A114: B | B114: X5 | C114: 1572770 | D114: 2 | E114: 44558 | F114: 202212 | G114: 47090 | H114: Change in accrued holiday pay provision | I114: 590 | J114: 65801 | K114: PID65000 | L114: EU | M114: 0 | N114: 0 | O114: 5 | P114: Southeast Asia | Q114: 0 | R114: Rev: Ac**************eave Bo***** | S114: -76.11 | T114: FCR-1.1.1.32 | U114: Q4 | Y114: B | Z114: X5 | AA114: 1572775 | AB114: 5 | AC114: 44561 | AD114: 202212 | AE114: 47211 | AF114: Salary (employees outside HO) | AG114: 590 | AH114: 65804 | AI114: PID65000 | AJ114: EU | AK114: 0 | AL114: 0 | AM114: 5 | AN114: Southeast Asia | AO114: 0 | AP114: Salary **************'21_EU***** | AQ114: 301.77 | AR114: FCR-1.1.2.26 | AS114: Q4
A115: B | B115: X5 | C115: 1572770 | D115: 14 | E115: 44558 | F115: 202212 | G115: 47090 | H115: Change in accrued holiday pay provision | I115: 590 | J115: 65802 | K115: PID65000 | L115: EU | M115: 0 | N115: 0 | O115: 5 | P115: Southeast Asia | Q115: 0 | R115: Accrued**************LyLy fr***** | S115: 207.28 | T115: FCR-1.1.1.33 | U115: Q4 | Y115: B | Z115: X5 | AA115: 1572775 | AB115: 7 | AC115: 44561 | AD115: 202212 | AE115: 47211 | AF115: Salary (employees outside HO) | AG115: 590 | AH115: 65802 | AI115: PID65000 | AJ115: EU | AK115: 0 | AL115: 0 | AM115: 5 | AN115: Southeast Asia | AO115: 0 | AP115: Salary **************'21_EU***** | AQ115: 1517.15 | AR115: FCR-1.1.1.33 | AS115: Q4
A116: B | B116: X5 | C116: 1572770 | D116: 12 | E116: 44558 | F116: 202212 | G116: 47090 | H116: Change in accrued holiday pay provision | I116: 590 | J116: 65804 | K116: PID65000 | L116: EU | M116: 0 | N116: 0 | O116: 5 | P116: Southeast Asia | Q116: 0 | R116: Accrued**************DaDa fr***** | S116: 69.17 | T116: FCR-1.1.2.26 | U116: Q4 | Y116: B | Z116: X5 | AA116: 1572775 | AB116: 9 | AC116: 44561 | AD116: 202212 | AE116: 47211 | AF116: Salary (employees outside HO) | AG116: 590 | AH116: 65805 | AI116: PID65000 | AJ116: EU | AK116: 0 | AL116: 0 | AM116: 5 | AN116: Southeast Asia | AO116: 0 | AP116: Salary **************'21_EU***** | AQ116: 234.84 | AR116: FCR-1.1.2.27 | AS116: Q4
... A690: B | B690: H5 | C690: 1573697 | D690: 0 | E690: 44893 | F690: 202211 | G690: 47326 | H690: Subsistence allowances (employees outside HO) | I690: 590 | J690: 65803 | K690: PID65000 | L690: EU | M690: 0 | N690: 0 | O690: 5 | P690: Southeast Asia | Q690: 0 | R690: Refresh************** visit ***** | S690: 17.89 | T690: FCR-1.1.1.34 | U690: Q4 | Y690: B | Z690: X1 | AA690: 2064473 | AB690: 13 | AC690: 44895 | AD690: 202211 | AE690: 49960 | AF690: Internal Costs | AG690: 590 | AH690: 65899 | AI690: PID65000 | AJ690: EU | AK690: 0 | AL690: 0 | AM690: 1 | AN690: Head Office | AO690: 0 | AP690: Salary **************-Cambod***** | AQ690: 11982.16 | AR690: FCR-VIII | AS690: Q4
A691: B | B691: X5 | C691: 1573703 | D691: 1 | E691: 44895 | F691: 202211 | G691: 47586 | H691: Personnel insurance (employees outside HO) | I691: 590 | J691: 65804 | K691: PID65000 | L691: EU | M691: 0 | N691: 0 | O691: 5 | P691: Southeast Asia | Q691: 0 | R691: health **************urance ***** | S691: 4.5 | T691: FCR-1.1.2.26 | U691: Q4 | Y691: 0 | Z691: 0 | AA691: 0 | AB691: 0 | AC691: 0 | AD691: 0 | AE691: 0 | AF691: 0 | AG691: 0 | AH691: 0 | AI691: 0 | AJ691: 0 | AK691: 0 | AL691: 0 | AM691: 0 | AN691: 0 | AO691: 0 | AP691: 0 | AQ691: 0 | AR691: 0 | AS691: 0
A692: B | B692: X5 | C692: 1573703 | D692: 2 | E692: 44895 | F692: 202211 | G692: 47586 | H692: Personnel insurance (employees outside HO) | I692: 590 | J692: 65802 | K692: PID65000 | L692: EU | M692: 0 | N692: 0 | O692: 5 | P692: Southeast Asia | Q692: 0 | R692: health **************urance ***** | S692: 7.49 | T692: FCR-1.1.1.33 | U692: Q4 | Y692: 0 | Z692: 0 | AA692: 0 | AB692: 0 | AC692: 0 | AD692: 0 | AE692: 0 | AF692: 0 | AG692: 0 | AH692: 0 | AI692: 0 | AJ692: 0 | AK692: 0 | AL692: 0 | AM692: 0 | AN692: 0 | AO692: 0 | AP692: 0 | AQ692: 0 | AR692: 0 | AS692: 0
A693: B | B693: X5 | C693: 1573702 | D693: 1 | E693: 44895 | F693: 202211 | G693: 47390 | H693: Other employee benefits | I693: 590 | J693: 65804 | K693: PID65000 | L693: EU | M693: 0 | N693: 0 | O693: 5 | P693: Southeast Asia | Q693: 0 | R693: Communi**************Da in N***** | S693: 30.05 | T693: FCR-1.1.2.26 | U693: Q4 | Y693: 0 | Z693: 0 | AA693: 0 | AB693: 0 | AC693: 0 | AD693: 0 | AE693: 0 | AF693: 0 | AG693: 0 | AH693: 0 | AI693: 0 | AJ693: 0 | AK693: 0 | AL693: 0 | AM693: 0 | AN693: 0 | AO693: 0 | AP693: 0 | AQ693: 0 | AR693: 0 | AS693: 0
A694: B | B694: X5 | C694: 1573702 | D694: 2 | E694: 44895 | F694: 202211 | G694: 47390 | H694: Other employee benefits | I694: 590 | J694: 65802 | K694: PID65000 | L694: EU | M694: 0 | N694: 0 | O694: 5 | P694: Southeast Asia | Q694: 0 | R694: Communi**************Ly in N***** | S694: 50 | T694: FCR-1.1.1.33 | U694: Q4 | Y694: 0 | Z694: 0 | AA694: 0 | AB694: 0 | AC694: 0 | AD694: 0 | AE694: 0 | AF694: 0 | AG694: 0 | AH694: 0 | AI694: 0 | AJ694: 0 | AK694: 0 | AL694: 0 | AM694: 0 | AN694: 0 | AO694: 0 | AP694: 0 | AQ694: 0 | AR694: 0 | AS694: 0
A695: B | B695: X5 | C695: 1573702 | D695: 4 | E695: 44895 | F695: 202211 | G695: 47390 | H695: Other employee benefits | I695: 590 | J695: 65805 | K695: PID65000 | L695: EU | M695: 0 | N695: 0 | O695: 5 | P695: Southeast Asia | Q695: 0 | R695: Communi**************nea in ***** | S695: 3.11 | T695: FCR-1.1.2.27 | U695: Q4 | Y695: 0 | Z695: 0 | AA695: 0 | AB695: 0 | AC695: 0 | AD695: 0 | AE695: 0 | AF695: 0 | AG695: 0 | AH695: 0 | AI695: 0 | AJ695: 0 | AK695: 0 | AL695: 0 | AM695: 0 | AN695: 0 | AO695: 0 | AP695: 0 | AQ695: 0 | AR695: 0 | AS695: 0
A696: B | B696: X5 | C696: 1573703 | D696: 4 | E696: 44895 | F696: 202211 | G696: 47586 | H696: Personnel insurance (employees outside HO) | I696: 590 | J696: 65805 | K696: PID65000 | L696: EU | M696: 0 | N696: 0 | O696: 5 | P696: Southeast Asia | Q696: 0 | R696: health **************urance ***** | S696: 1.55 | T696: FCR-1.1.2.27 | U696: Q4 | Y696: 0 | Z696: 0 | AA696: 0 | AB696: 0 | AC696: 0 | AD696: 0 | AE696: 0 | AF696: 0 | AG696: 0 | AH696: 0 | AI696: 0 | AJ696: 0 | AK696: 0 | AL696: 0 | AM696: 0 | AN696: 0 | AO696: 0 | AP696: 0 | AQ696: 0 | AR696: 0 | AS696: 0
A697: B | B697: X5 | C697: 1573707 | D697: 4 | E697: 44895 | F697: 202211 | G697: 48312 | H697: Interest income, abroad | I697: 590 | J697: 65827 | K697: PID65000 | L697: EU | M697: 0 | N697: 0 | O697: 5 | P697: Southeast Asia | Q697: 0 | R697: Interes**************2***** | S697: -24.92 | T697: FCR-5.6 | U697: Q4 | Y697: 0 | Z697: 0 | AA697: 0 | AB697: 0 | AC697: 0 | AD697: 0 | AE697: 0 | AF697: 0 | AG697: 0 | AH697: 0 | AI697: 0 | AJ697: 0 | AK697: 0 | AL697: 0 | AM697: 0 | AN697: 0 | AO697: 0 | AP697: 0 | AQ697: 0 | AR697: 0 | AS697: 0
A698: B | B698: X5 | C698: 1573717 | D698: 4 | E698: 44895 | F698: 202211 | G698: 48312 | H698: Interest income, abroad | I698: 590 | J698: 65827 | K698: PID65000 | L698: EU | M698: 0 | N698: 0 | O698: 5 | P698: Southeast Asia | Q698: 0 | R698: Bank in**************ober to***** | S698: -3.58 | T698: FCR-5.6 | U698: Q4 | Y698: 0 | Z698: 0 | AA698: 0 | AB698: 0 | AC698: 0 | AD698: 0 | AE698: 0 | AF698: 0 | AG698: 0 | AH698: 0 | AI698: 0 | AJ698: 0 | AK698: 0 | AL698: 0 | AM698: 0 | AN698: 0 | AO698: 0 | AP698: 0 | AQ698: 0 | AR698: 0 | AS698: 0
A699: B | B699: X5 | C699: 1573715 | D699: 4 | E699: 44895 | F699: 202211 | G699: 48312 | H699: Interest income, abroad | I699: 590 | J699: 65827 | K699: PID65000 | L699: EU | M699: 0 | N699: 0 | O699: 5 | P699: Southeast Asia | Q699: 0 | R699: Bank in**************ber to ***** | S699: -4.76 | T699: FCR-5.6 | U699: Q4 | Y699: 0 | Z699: 0 | AA699: 0 | AB699: 0 | AC699: 0 | AD699: 0 | AE699: 0 | AF699: 0 | AG699: 0 | AH699: 0 | AI699: 0 | AJ699: 0 | AK699: 0 | AL699: 0 | AM699: 0 | AN699: 0 | AO699: 0 | AP699: 0 | AQ699: 0 | AR699: 0 | AS699: 0
A700: B | B700: X5 | C700: 1573716 | D700: 4 | E700: 44895 | F700: 202211 | G700: 48312 | H700: Interest income, abroad | I700: 590 | J700: 65827 | K700: PID65000 | L700: EU | M700: 0 | N700: 0 | O700: 5 | P700: Southeast Asia | Q700: 0 | R700: Bank in**************ober-No***** | S700: -5.99 | T700: FCR-5.6 | U700: Q4 | Y700: 0 | Z700: 0 | AA700: 0 | AB700: 0 | AC700: 0 | AD700: 0 | AE700: 0 | AF700: 0 | AG700: 0 | AH700: 0 | AI700: 0 | AJ700: 0 | AK700: 0 | AL700: 0 | AM700: 0 | AN700: 0 | AO700: 0 | AP700: 0 | AQ700: 0 | AR700: 0 | AS700: 0
A701: B | B701: X1 | C701: 2064472 | D701: 4 | E701: 44895 | F701: 202211 | G701: 49510 | H701: Internal expenses, support TA/FC | I701: 590 | J701: 65809 | K701: PID65000 | L701: EU | M701: 0 | N701: 0 | O701: 1 | P701: Head Office | Q701: 0 | R701: Interna**************er 2022***** | S701: 300 | T701: FCR-1.2.16 | U701: Q4 | Y701: 0 | Z701: 0 | AA701: 0 | AB701: 0 | AC701: 0 | AD701: 0 | AE701: 0 | AF701: 0 | AG701: 0 | AH701: 0 | AI701: 0 | AJ701: 0 | AK701: 0 | AL701: 0 | AM701: 0 | AN701: 0 | AO701: 0 | AP701: 0 | AQ701: 0 | AR701: 0 | AS701: 0
A702: B | B702: X1 | C702: 2064470 | D702: 13 | E702: 44895 | F702: 202211 | G702: 49561 | H702: Internal expenses, employee costs | I702: 590 | J702: 65808 | K702: PID65000 | L702: EU | M702: 0 | N702: 0 | O702: 1 | P702: Head Office | Q702: 0 | R702: Salary **************-Cambod***** | S702: 500 | T702: FCR-1.2.15 | U702: Q4 | Y702: 0 | Z702: 0 | AA702: 0 | AB702: 0 | AC702: 0 | AD702: 0 | AE702: 0 | AF702: 0 | AG702: 0 | AH702: 0 | AI702: 0 | AJ702: 0 | AK702: 0 | AL702: 0 | AM702: 0 | AN702: 0 | AO702: 0 | AP702: 0 | AQ702: 0 | AR702: 0 | AS702: 0
A703: B | B703: X1 | C703: 2064473 | D703: 13 | E703: 44895 | F703: 202211 | G703: 49960 | H703: Internal Costs | I703: 590 | J703: 65899 | K703: PID65000 | L703: EU | M703: 0 | N703: 0 | O703: 1 | P703: Head Office | Q703: 0 | R703: Salary **************-Cambod***** | S703: 11982.16 | T703: FCR-VIII | U703: Q4 | Y703: 0 | Z703: 0 | AA703: 0 | AB703: 0 | AC703: 0 | AD703: 0 | AE703: 0 | AF703: 0 | AG703: 0 | AH703: 0 | AI703: 0 | AJ703: 0 | AK703: 0 | AL703: 0 | AM703: 0 | AN703: 0 | AO703: 0 | AP703: 0 | AQ703: 0 | AR703: 0 | AS703: 0
Y704: 0 | Z704: 0 | AA704: 0 | AB704: 0 | AC704: 0 | AD704: 0 | AE704: 0 | AF704: 0 | AG704: 0 | AH704: 0 | AI704: 0 | AJ704: 0 | AK704: 0 | AL704: 0 | AM704: 0 | AN704: 0 | AO704: 0 | AP704: 0 | AQ704: 0 | AR704: 0 | AS704: 0
Y705: 0 | Z705: 0 | AA705: 0 | AB705: 0 | AC705: 0 | AD705: 0 | AE705: 0 | AF705: 0 | AG705: 0 | AH705: 0 | AI705: 0 | AJ705: 0 | AK705: 0 | AL705: 0 | AM705: 0 | AN705: 0 | AO705: 0 | AP705: 0 | AQ705: 0 | AR705: 0 | AS705: 0
Y706: 0 | Z706: 0 | AA706: 0 | AB706: 0 | AC706: 0 | AD706: 0 | AE706: 0 | AF706: 0 | AG706: 0 | AH706: 0 | AI706: 0 | AJ706: 0 | AK706: 0 | AL706: 0 | AM706: 0 | AN706: 0 | AO706: 0 | AP706: 0 | AQ706: 0 | AR706: 0 | AS706: 0
Y707: 0 | Z707: 0 | AA707: 0 | AB707: 0 | AC707: 0 | AD707: 0 | AE707: 0 | AF707: 0 | AG707: 0 | AH707: 0 | AI707: 0 | AJ707: 0 | AK707: 0 | AL707: 0 | AM707: 0 | AN707: 0 | AO707: 0 | AP707: 0 | AQ707: 0 | AR707: 0 | AS707: 0
Y708: 0 | Z708: 0 | AA708: 0 | AB708: 0 | AC708: 0 | AD708: 0 | AE708: 0 | AF708: 0 | AG708: 0 | AH708: 0 | AI708: 0 | AJ708: 0 | AK708: 0 | AL708: 0 | AM708: 0 | AN708: 0 | AO708: 0 | AP708: 0 | AQ708: 0 | AR708: 0 | AS708: 0
Y709: 0 | Z709: 0 | AA709: 0 | AB709: 0 | AC709: 0 | AD709: 0 | AE709: 0 | AF709: 0 | AG709: 0 | AH709: 0 | AI709: 0 | AJ709: 0 | AK709: 0 | AL709: 0 | AM709: 0 | AN709: 0 | AO709: 0 | AP709: 0 | AQ709: 0 | AR709: 0 | AS709: 0
Y710: 0 | Z710: 0 | AA710: 0 | AB710: 0 | AC710: 0 | AD710: 0 | AE710: 0 | AF710: 0 | AG710: 0 | AH710: 0 | AI710: 0 | AJ710: 0 | AK710: 0 | AL710: 0 | AM710: 0 | AN710: 0 | AO710: 0 | AP710: 0 | AQ710: 0 | AR710: 0 | AS710: 0

Sheet Favourite Formulas
B1: External Report | S1: Internal/Organizational report | AE1: Project (T) | AF1: (All)
C3: Sumif | F3: Sumifs | K3: Sum of Company Curr | L3: Column Labels | AE3: Sum of Company Curr | AG3: Quarter | AP3: Mapping to Tax Report | AS3: Mapping to ACAR Report
B4: Activity Code | E4: Activity Code | F4: EU | G4: DFAT | H4: TOTAL | K4: Row Labels | L4: DFAT | M4: EU | N4: (blank) | O4: Grand Total | S4: G/L Account | U4: Annual Expenditure | W4: TOTAL | X4: {=TRANSPOSE(_xlfn.UNIQUE(Data!U4:U1000))} -> Q4 | Y4: Q1 | Z4: Q2 | AA4: Q3 | AE4: Account | AF4: Account (T) | AH4: Q1 | AI4: Q2 | AJ4: Q3 | AK4: Q4 | AL4: (blank) | AM4: Grand Total | AP4: យោង | AQ4: បរិយាយ/Description | AS4: លេខកូដ Code | AT4: ឈ្មោះគណនី / Item name
B5: {=_xlfn.UNIQUE(Data!$J$4:$J$10000)} -> 65822 | C5: =SUMIF(Data!$J$4:$J$10000,B5,Data!$S$4:$S$10000) -> 1725.27 | E5: {=_xlfn.UNIQUE(Data!$J$4:$J$10000)} -> 65822 | F5: =SUMIFS(Data!$S$4:$S$685,Data!$J$4:$J$685,$E5,Data!$L$4:$L$685,F$4) -> 1725.27 | G5: =SUMIFS(Data!$S$4:$S$685,Data!$J$4:$J$685,$E5,Data!$L$4:$L$685,G$4) -> 0 | H5: =SUM(F5:G5) -> 1725.27 | K5: 65801 | M5: 1438.92 | O5: 1438.92 | S5: {=_xlfn.UNIQUE(Data!G4:G10000)} -> 45520 | T5: =_xlfn.XLOOKUP(S5,Data!$G$4:$G$1000,Data!$H$4:$H$1000,"") -> Repairs and maintenance of computers | U5: =SUMIF(Data!$G$4:$G$10000,$S$5:$S$36,Data!$S$4:$S$10000) -> 146.3 | W5: =SUM(X5:AB5) -> 146.3 | X5: =SUMIFS(Data!$S$4:$S$1000,Data!$G$4:$G$1000,$S5,Data!$U$4:$U$1000,X$4) -> 53.9 | Y5: =SUMIFS(Data!$S$4:$S$1000,Data!$G$4:$G$1000,$S5,Data!$U$4:$U$1000,Y$4) -> 46.2 | Z5: =SUMIFS(Data!$S$4:$S$1000,Data!$G$4:$G$1000,$S5,Data!$U$4:$U$1000,Z$4) -> 46.2 | AA5: =SUMIFS(Data!$S$4:$S$1000,Data!$G$4:$G$1000,$S5,Data!$U$4:$U$1000,AA$4) -> 0 | AB5: =SUMIFS(Data!$S$4:$S$1000,Data!$G$4:$G$1000,$S5,Data!$U$4:$U$1000,AB$4) -> 0 | AE5: 4323 | AF5: Sub granting | AH5: 12703.78 | AI5: 25477.8 | AJ5: 30412.87 | AK5: 24036.02 | AM5: 92630.47 | AP5: =_xlfn.XLOOKUP(AQ5,SetUp!$F$3:$F$206,SetUp!$D$3:$D$206) -> B24 | AQ5: B24-ចំណាយប្រេង ឧស្ម័ន អគ្គីសនី និងទឹក /Fuel, gas, electricity and water expenses | AS5: =_xlfn.XLOOKUP(AT5,SetUp!$J$23:$J$62,SetUp!$H$23:$H$62,"") -> XN-1 | AT5: XN-1-ការទិញ និងចំណាយពាក់ព័ន្ធ / Purchases and related costs
B6: 65821 | C6: =SUMIF(Data!$J$4:$J$10000,B6,Data!$S$4:$S$10000) -> 40.95 | E6: 65821 | F6: =SUMIFS(Data!$S$4:$S$685,Data!$J$4:$J$685,$E6,Data!$L$4:$L$685,F$4) -> 40.95 | G6: =SUMIFS(Data!$S$4:$S$685,Data!$J$4:$J$685,$E6,Data!$L$4:$L$685,G$4) -> 0 | H6: =SUM(F6:G6) -> 40.95 | K6: 65802 | M6: 23017.95 | O6: 23017.95 | S6: 45020 | T6: =_xlfn.XLOOKUP(S6,Data!$G$4:$G$1000,Data!$H$4:$H$1000,"") -> Electricity | U6: =SUMIF(Data!$G$4:$G$10000,$S$5:$S$36,Data!$S$4:$S$10000) -> 590.83 | W6: =SUM(X6:AB6) -> 590.83 | X6: =SUMIFS(Data!$S$4:$S$1000,Data!$G$4:$G$1000,$S6,Data!$U$4:$U$1000,X$4) -> 242.08 | Y6: =SUMIFS(Data!$S$4:$S$1000,Data!$G$4:$G$1000,$S6,Data!$U$4:$U$1000,Y$4) -> 32.35 | Z6: =SUMIFS(Data!$S$4:$S$1000,Data!$G$4:$G$1000,$S6,Data!$U$4:$U$1000,Z$4) -> 56.65 | AA6: =SUMIFS(Data!$S$4:$S$1000,Data!$G$4:$G$1000,$S6,Data!$U$4:$U$1000,AA$4) -> 259.75 | AB6: =SUMIFS(Data!$S$4:$S$1000,Data!$G$4:$G$1000,$S6,Data!$U$4:$U$1000,AB$4) -> 0 | AE6: 5010 | AF6: Rent | AH6: 474.67 | AI6: 474.65 | AJ6: 2373.33 | AK6: 1582.22 | AM6: 4904.87 | AP6: =_xlfn.XLOOKUP(AQ6,SetUp!$F$3:$F$206,SetUp!$D$3:$D$206) -> B25 | AQ6: B25-ចំណាយធ្វើដំណើរ និងចំណាយស្នាក់នៅ/Travelling and accommodation expenses | AS6: =_xlfn.XLOOKUP(AT6,SetUp!$J$23:$J$62,SetUp!$H$23:$H$62,"") -> XN-2 | AT6: XN-2-ការប្រែប្រួល WIP និងសន្និធិផលិតផលសម្រេច / Changes of WIP and Finished Goods Inventories
B7: 65802 | C7: =SUMIF(Data!$J$4:$J$10000,B7,Data!$S$4:$S$10000) -> 23017.95 | E7: 65802 | F7: =SUMIFS(Data!$S$4:$S$685,Data!$J$4:$J$685,$E7,Data!$L$4:$L$685,F$4) -> 23017.95 | G7: =SUMIFS(Data!$S$4:$S$685,Data!$J$4:$J$685,$E7,Data!$L$4:$L$685,G$4) -> 0 | H7: =SUM(F7:G7) -> 23017.95 | K7: 65803 | M7: 1640.39 | O7: 1640.39 | S7: 46150 | T7: =_xlfn.XLOOKUP(S7,Data!$G$4:$G$1000,Data!$H$4:$H$1000,"") -> Printed matter | U7: =SUMIF(Data!$G$4:$G$10000,$S$5:$S$36,Data!$S$4:$S$10000) -> 46.6 | W7: =SUM(X7:AB7) -> 46.6 | X7: =SUMIFS(Data!$S$4:$S$1000,Data!$G$4:$G$1000,$S7,Data!$U$4:$U$1000,X$4) -> 11.79 | Y7: =SUMIFS(Data!$S$4:$S$1000,Data!$G$4:$G$1000,$S7,Data!$U$4:$U$1000,Y$4) -> 0 | Z7: =SUMIFS(Data!$S$4:$S$1000,Data!$G$4:$G$1000,$S7,Data!$U$4:$U$1000,Z$4) -> 19.08 | AA7: =SUMIFS(Data!$S$4:$S$1000,Data!$G$4:$G$1000,$S7,Data!$U$4:$U$1000,AA$4) -> 15.73 | AB7: =SUMIFS(Data!$S$4:$S$1000,Data!$G$4:$G$1000,$S7,Data!$U$4:$U$1000,AB$4) -> 0 | AE7: 5020 | AF7: Electricity | AH7: 32.35 | AI7: 56.65 | AJ7: 259.75 | AK7: 242.08 | AM7: 590.83 | AP7: =_xlfn.XLOOKUP(AQ7,SetUp!$F$3:$F$206,SetUp!$D$3:$D$206) -> B26 | AQ7: B26-ចំណាយដឹកជញ្ជូន/Transportation expenses | AS7: =_xlfn.XLOOKUP(AT7,SetUp!$J$23:$J$62,SetUp!$H$23:$H$62,"") -> XN-3 | AT7: XN-3-វត្ថុធាតុដើម និងទំនិញដែលបានប្រើប្រាស់ / Raw material and consumables used
B8: 65804 | C8: =SUMIF(Data!$J$4:$J$10000,B8,Data!$S$4:$S$10000) -> 9712.29 | E8: 65804 | F8: =SUMIFS(Data!$S$4:$S$685,Data!$J$4:$J$685,$E8,Data!$L$4:$L$685,F$4) -> 9712.29 | G8: =SUMIFS(Data!$S$4:$S$685,Data!$J$4:$J$685,$E8,Data!$L$4:$L$685,G$4) -> 0 | H8: =SUM(F8:G8) -> 9712.29 | K8: 65804 | M8: 9712.29 | O8: 9712.29 | S8: 47622 | T8: =_xlfn.XLOOKUP(S8,Data!$G$4:$G$1000,Data!$H$4:$H$1000,"") -> Health care (Regional offices) | U8: =SUMIF(Data!$G$4:$G$10000,$S$5:$S$36,Data!$S$4:$S$10000) -> 1117.6 | W8: =SUM(X8:AB8) -> 1117.6 | X8: =SUMIFS(Data!$S$4:$S$1000,Data!$G$4:$G$1000,$S8,Data!$U$4:$U$1000,X$4) -> 583.98 | Y8: =SUMIFS(Data!$S$4:$S$1000,Data!$G$4:$G$1000,$S8,Data!$U$4:$U$1000,Y$4) -> 43.13 | Z8: =SUMIFS(Data!$S$4:$S$1000,Data!$G$4:$G$1000,$S8,Data!$U$4:$U$1000,Z$4) -> 490.49 | AA8: =SUMIFS(Data!$S$4:$S$1000,Data!$G$4:$G$1000,$S8,Data!$U$4:$U$1000,AA$4) -> 0 | AB8: =SUMIFS(Data!$S$4:$S$1000,Data!$G$4:$G$1000,$S8,Data!$U$4:$U$1000,AB$4) -> 0 | AE8: 5060 | AF8: Cleaning and refuse collection | AJ8: 90 | AK8: 80 | AM8: 170 | AP8: =_xlfn.XLOOKUP(AQ8,SetUp!$F$3:$F$206,SetUp!$D$3:$D$206) -> B27 | AQ8: B27-ចំណាយលើការជួល/Rental expenses | AS8: =_xlfn.XLOOKUP(AT8,SetUp!$J$23:$J$62,SetUp!$H$23:$H$62,"") -> XN-4 | AT8: XN-4-ប្រាក់ខែ និងអត្ថប្រយោជន៍និយោជិត / Salaries and employee benefits
B9: 65807 | C9: =SUMIF(Data!$J$4:$J$10000,B9,Data!$S$4:$S$10000) -> 494.41 | E9: 65807 | F9: =SUMIFS(Data!$S$4:$S$685,Data!$J$4:$J$685,$E9,Data!$L$4:$L$685,F$4) -> 494.41 | G9: =SUMIFS(Data!$S$4:$S$685,Data!$J$4:$J$685,$E9,Data!$L$4:$L$685,G$4) -> 0 | H9: =SUM(F9:G9) -> 494.41 | K9: 65805 | M9: 2200.65 | O9: 2200.65 | S9: 47390 | T9: =_xlfn.XLOOKUP(S9,Data!$G$4:$G$1000,Data!$H$4:$H$1000,"") -> Other employee benefits | U9: =SUMIF(Data!$G$4:$G$10000,$S$5:$S$36,Data!$S$4:$S$10000) -> 820.21 | W9: =SUM(X9:AB9) -> 820.21 | X9: =SUMIFS(Data!$S$4:$S$1000,Data!$G$4:$G$1000,$S9,Data!$U$4:$U$1000,X$4) -> 242.9 | Y9: =SUMIFS(Data!$S$4:$S$1000,Data!$G$4:$G$1000,$S9,Data!$U$4:$U$1000,Y$4) -> 158.76 | Z9: =SUMIFS(Data!$S$4:$S$1000,Data!$G$4:$G$1000,$S9,Data!$U$4:$U$1000,Z$4) -> 169.22 | AA9: =SUMIFS(Data!$S$4:$S$1000,Data!$G$4:$G$1000,$S9,Data!$U$4:$U$1000,AA$4) -> 249.33 | AB9: =SUMIFS(Data!$S$4:$S$1000,Data!$G$4:$G$1000,$S9,Data!$U$4:$U$1000,AB$4) -> 0 | AE9: 5460 | AF9: Consumable materials | AH9: 35.9 | AI9: 25.05 | AJ9: 116.76 | AK9: 23 | AM9: 200.71 | AP9: =_xlfn.XLOOKUP(AQ9,SetUp!$F$3:$F$206,SetUp!$D$3:$D$206) -> B28 | AQ9: B28-ចំណាយលើការថែទាំ និងជួសជុល/Repair and maintenance expenses | AS9: =_xlfn.XLOOKUP(AT9,SetUp!$J$23:$J$62,SetUp!$H$23:$H$62,"") -> XN-5 | AT9: XN-5-ចំណាយរំលស់ / Depreciation and amortisation expense
B10: 65806 | C10: =SUMIF(Data!$J$4:$J$10000,B10,Data!$S$4:$S$10000) -> 581.06 | E10: 65806 | F10: =SUMIFS(Data!$S$4:$S$685,Data!$J$4:$J$685,$E10,Data!$L$4:$L$685,F$4) -> 581.06 | G10: =SUMIFS(Data!$S$4:$S$685,Data!$J$4:$J$685,$E10,Data!$L$4:$L$685,G$4) -> 0 | H10: =SUM(F10:G10) -> 581.06 | K10: 65806 | M10: 581.06 | O10: 581.06 | S10: 47211 | T10: =_xlfn.XLOOKUP(S10,Data!$G$4:$G$1000,Data!$H$4:$H$1000,"") -> Salary (employees outside HO) | U10: =SUMIF(Data!$G$4:$G$10000,$S$5:$S$36,Data!$S$4:$S$10000) -> 53162.87 | W10: =SUM(X10:AB10) -> 53162.87 | X10: =SUMIFS(Data!$S$4:$S$1000,Data!$G$4:$G$1000,$S10,Data!$U$4:$U$1000,X$4) -> 10379.61 | Y10: =SUMIFS(Data!$S$4:$S$1000,Data!$G$4:$G$1000,$S10,Data!$U$4:$U$1000,Y$4) -> 16979.18 | Z10: =SUMIFS(Data!$S$4:$S$1000,Data!$G$4:$G$1000,$S10,Data!$U$4:$U$1000,Z$4) -> 17052.46 | AA10: =SUMIFS(Data!$S$4:$S$1000,Data!$G$4:$G$1000,$S10,Data!$U$4:$U$1000,AA$4) -> 8751.62 | AB10: =SUMIFS(Data!$S$4:$S$1000,Data!$G$4:$G$1000,$S10,Data!$U$4:$U$1000,AB$4) -> 0 | AE10: 5510 | AF10: Repairs and maintenance of equipment | AH10: 0 | AI10: 16 | AM10: 16 | AP10: =_xlfn.XLOOKUP(AQ10,SetUp!$F$3:$F$206,SetUp!$D$3:$D$206) -> B29 | AQ10: B29-ចំណាយលើការកំសាន្តសប្បាយ/Entertainment expenses | AS10: =_xlfn.XLOOKUP(AT10,SetUp!$J$23:$J$62,SetUp!$H$23:$H$62,"") -> XN-6 | AT10: XN-6-ការធ្លាក់ចុះតម្លៃនៃទ្រព្យសកម្ម / Impairment of assets
B11: 65801 | C11: =SUMIF(Data!$J$4:$J$10000,B11,Data!$S$4:$S$10000) -> 1438.92 | E11: 65801 | F11: =SUMIFS(Data!$S$4:$S$685,Data!$J$4:$J$685,$E11,Data!$L$4:$L$685,F$4) -> 1438.92 | G11: =SUMIFS(Data!$S$4:$S$685,Data!$J$4:$J$685,$E11,Data!$L$4:$L$685,G$4) -> 0 | H11: =SUM(F11:G11) -> 1438.92 | K11: 65807 | M11: 494.41 | O11: 494.41 | S11: 47090 | T11: =_xlfn.XLOOKUP(S11,Data!$G$4:$G$1000,Data!$H$4:$H$1000,"") -> Change in accrued holiday pay provision | U11: =SUMIF(Data!$G$4:$G$10000,$S$5:$S$36,Data!$S$4:$S$10000) -> 142.67 | W11: =SUM(X11:AB11) -> 142.67 | X11: =SUMIFS(Data!$S$4:$S$1000,Data!$G$4:$G$1000,$S11,Data!$U$4:$U$1000,X$4) -> 142.67 | Y11: =SUMIFS(Data!$S$4:$S$1000,Data!$G$4:$G$1000,$S11,Data!$U$4:$U$1000,Y$4) -> 0 | Z11: =SUMIFS(Data!$S$4:$S$1000,Data!$G$4:$G$1000,$S11,Data!$U$4:$U$1000,Z$4) -> 0 | AA11: =SUMIFS(Data!$S$4:$S$1000,Data!$G$4:$G$1000,$S11,Data!$U$4:$U$1000,AA$4) -> 0 | AB11: =SUMIFS(Data!$S$4:$S$1000,Data!$G$4:$G$1000,$S11,Data!$U$4:$U$1000,AB$4) -> 0 | AE11: 5520 | AF11: Repairs and maintenance of computers | AH11: 46.2 | AI11: 46.2 | AK11: 53.9 | AM11: 146.3 | AP11: =_xlfn.XLOOKUP(AQ11,SetUp!$F$3:$F$206,SetUp!$D$3:$D$206) -> B30 | AQ11: B30-ចំណាយកម្រៃជើងសារ ផ្សាយពាណិជ្ជកម្ម និងចំណាយការលក់/Commission, advertising, and selling expenses | AS11: =_xlfn.XLOOKUP(AT11,SetUp!$J$23:$J$62,SetUp!$H$23:$H$62,"") -> XN-7 | AT11: XN-7-ចំណាយហិរញ្ញវត្ថុ / Finance cost
B12: 65805 | C12: =SUMIF(Data!$J$4:$J$10000,B12,Data!$S$4:$S$10000) -> 2200.65 | E12: 65805 | F12: =SUMIFS(Data!$S$4:$S$685,Data!$J$4:$J$685,$E12,Data!$L$4:$L$685,F$4) -> 2200.65 | G12: =SUMIFS(Data!$S$4:$S$685,Data!$J$4:$J$685,$E12,Data!$L$4:$L$685,G$4) -> 0 | H12: =SUM(F12:G12) -> 2200.65 | K12: 65808 | M12: 7400 | O12: 7400 | S12: 47217 | T12: =_xlfn.XLOOKUP(S12,Data!$G$4:$G$1000,Data!$H$4:$H$1000,"") -> Severance pay | U12: =SUMIF(Data!$G$4:$G$10000,$S$5:$S$36,Data!$S$4:$S$10000) -> 3684.97 | W12: =SUM(X12:AB12) -> 3684.97 | X12: =SUMIFS(Data!$S$4:$S$1000,Data!$G$4:$G$1000,$S12,Data!$U$4:$U$1000,X$4) -> 1233.35 | Y12: =SUMIFS(Data!$S$4:$S$1000,Data!$G$4:$G$1000,$S12,Data!$U$4:$U$1000,Y$4) -> 0 | Z12: =SUMIFS(Data!$S$4:$S$1000,Data!$G$4:$G$1000,$S12,Data!$U$4:$U$1000,Z$4) -> 1954.36 | AA12: =SUMIFS(Data!$S$4:$S$1000,Data!$G$4:$G$1000,$S12,Data!$U$4:$U$1000,AA$4) -> 497.26 | AB12: =SUMIFS(Data!$S$4:$S$1000,Data!$G$4:$G$1000,$S12,Data!$U$4:$U$1000,AB$4) -> 0 | AE12: 5812 | AF12: Travel expenses, to/from | AJ12: 1175.4 | AK12: 16.4 | AM12: 1191.8 | AP12: =_xlfn.XLOOKUP(AQ12,SetUp!$F$3:$F$206,SetUp!$D$3:$D$206) -> B31 | AQ12: B31-ចំណាយបង់ពន្ធ និងអាករផ្សេងៗ/Other taxes expense | AS12: =_xlfn.XLOOKUP(AT12,SetUp!$J$23:$J$62,SetUp!$H$23:$H$62,"") -> XN-8 | AT12: XN-8-ចំណាយទឹកភ្លើង / Utilities expense
B13: 65827 | C13: =SUMIF(Data!$J$4:$J$10000,B13,Data!$S$4:$S$10000) -> 329.75 | E13: 65827 | F13: =SUMIFS(Data!$S$4:$S$685,Data!$J$4:$J$685,$E13,Data!$L$4:$L$685,F$4) -> 329.75 | G13: =SUMIFS(Data!$S$4:$S$685,Data!$J$4:$J$685,$E13,Data!$L$4:$L$685,G$4) -> 0 | H13: =SUM(F13:G13) -> 329.75 | K13: 65809 | M13: 3700 | O13: 3700 | S13: 46570 | T13: =_xlfn.XLOOKUP(S13,Data!$G$4:$G$1000,Data!$H$4:$H$1000,"") -> Banking costs | U13: =SUMIF(Data!$G$4:$G$10000,$S$5:$S$36,Data!$S$4:$S$10000) -> 400.28 | W13: =SUM(X13:AB13) -> 400.28 | X13: =SUMIFS(Data!$S$4:$S$1000,Data!$G$4:$G$1000,$S13,Data!$U$4:$U$1000,X$4) -> 211.3 | Y13: =SUMIFS(Data!$S$4:$S$1000,Data!$G$4:$G$1000,$S13,Data!$U$4:$U$1000,Y$4) -> 88.8 | Z13: =SUMIFS(Data!$S$4:$S$1000,Data!$G$4:$G$1000,$S13,Data!$U$4:$U$1000,Z$4) -> 86.69 | AA13: =SUMIFS(Data!$S$4:$S$1000,Data!$G$4:$G$1000,$S13,Data!$U$4:$U$1000,AA$4) -> 13.49 | AB13: =SUMIFS(Data!$S$4:$S$1000,Data!$G$4:$G$1000,$S13,Data!$U$4:$U$1000,AB$4) -> 0 | AE13: 5813 | AF13: Travel expenses, not in | AH13: 22.79 | AM13: 22.79 | AP13: =_xlfn.XLOOKUP(AQ13,SetUp!$F$3:$F$206,SetUp!$D$3:$D$206) -> B32 | AQ13: B32-ចំណាយលើអំណោយ/Donation expense | AS13: =_xlfn.XLOOKUP(AT13,SetUp!$J$23:$J$62,SetUp!$H$23:$H$62,"") -> XN-9 | AT13: XN-9-ចំណាយលើការថែទាំនិងជួសជុល / Repair and maintenance expense
B14: 65808 | C14: =SUMIF(Data!$J$4:$J$10000,B14,Data!$S$4:$S$10000) -> 7400 | E14: 65808 | F14: =SUMIFS(Data!$S$4:$S$685,Data!$J$4:$J$685,$E14,Data!$L$4:$L$685,F$4) -> 7400 | G14: =SUMIFS(Data!$S$4:$S$685,Data!$J$4:$J$685,$E14,Data!$L$4:$L$685,G$4) -> 0 | H14: =SUM(F14:G14) -> 7400 | K14: 65810 | M14: 0 | O14: 0 | S14: 47586 | T14: =_xlfn.XLOOKUP(S14,Data!$G$4:$G$1000,Data!$H$4:$H$1000,"") -> Personnel insurance (employees outside HO) | U14: =SUMIF(Data!$G$4:$G$10000,$S$5:$S$36,Data!$S$4:$S$10000) -> 352.77 | W14: =SUM(X14:AB14) -> 352.77 | X14: =SUMIFS(Data!$S$4:$S$1000,Data!$G$4:$G$1000,$S14,Data!$U$4:$U$1000,X$4) -> 59.28 | Y14: =SUMIFS(Data!$S$4:$S$1000,Data!$G$4:$G$1000,$S14,Data!$U$4:$U$1000,Y$4) -> 137.84 | Z14: =SUMIFS(Data!$S$4:$S$1000,Data!$G$4:$G$1000,$S14,Data!$U$4:$U$1000,Z$4) -> 74.67 | AA14: =SUMIFS(Data!$S$4:$S$1000,Data!$G$4:$G$1000,$S14,Data!$U$4:$U$1000,AA$4) -> 80.98 | AB14: =SUMIFS(Data!$S$4:$S$1000,Data!$G$4:$G$1000,$S14,Data!$U$4:$U$1000,AB$4) -> 0 | AE14: 5832 | AF14: Board and lodging, not in | AH14: 60 | AI14: 215 | AK14: 97.32 | AM14: 372.32 | AP14: =_xlfn.XLOOKUP(AQ14,SetUp!$F$3:$F$206,SetUp!$D$3:$D$206) -> B33 | AQ14: B33-ចំណាយសេវាគ្រប់គ្រង ពិគ្រោះយោបល់ បច្ចេកទេស និងសេវាប្រហាក់ប្រហែល/Management, consulting, technical, and other similar services expense | AS14: =_xlfn.XLOOKUP(AT14,SetUp!$J$23:$J$62,SetUp!$H$23:$H$62,"") -> XN-10 | AT14: XN-10-អំណោយ និងការបរិច្ឋាគ/ Grant and Donation
B15: 65809 | C15: =SUMIF(Data!$J$4:$J$10000,B15,Data!$S$4:$S$10000) -> 3700 | E15: 65809 | F15: =SUMIFS(Data!$S$4:$S$685,Data!$J$4:$J$685,$E15,Data!$L$4:$L$685,F$4) -> 3700 | G15: =SUMIFS(Data!$S$4:$S$685,Data!$J$4:$J$685,$E15,Data!$L$4:$L$685,G$4) -> 0 | H15: =SUM(F15:G15) -> 3700 | K15: 65813 | M15: 1339.74 | O15: 1339.74 | S15: 46990 | T15: =_xlfn.XLOOKUP(S15,Data!$G$4:$G$1000,Data!$H$4:$H$1000,"") -> Other external expenses | U15: =SUMIF(Data!$G$4:$G$10000,$S$5:$S$36,Data!$S$4:$S$10000) -> 281.58 | W15: =SUM(X15:AB15) -> 281.58 | X15: =SUMIFS(Data!$S$4:$S$1000,Data!$G$4:$G$1000,$S15,Data!$U$4:$U$1000,X$4) -> 56.05 | Y15: =SUMIFS(Data!$S$4:$S$1000,Data!$G$4:$G$1000,$S15,Data!$U$4:$U$1000,Y$4) -> 93.04 | Z15: =SUMIFS(Data!$S$4:$S$1000,Data!$G$4:$G$1000,$S15,Data!$U$4:$U$1000,Z$4) -> 78.52 | AA15: =SUMIFS(Data!$S$4:$S$1000,Data!$G$4:$G$1000,$S15,Data!$U$4:$U$1000,AA$4) -> 53.97 | AB15: =SUMIFS(Data!$S$4:$S$1000,Data!$G$4:$G$1000,$S15,Data!$U$4:$U$1000,AB$4) -> 0 | AE15: 5890 | AF15: Other travel expenses | AH15: 440 | AJ15: 4 | AK15: 51.06 | AM15: 495.06 | AP15: =_xlfn.XLOOKUP(AQ15,SetUp!$F$3:$F$206,SetUp!$D$3:$D$206) -> B31 | AQ15: B31-ចំណាយបង់ពន្ធ និងអាករផ្សេងៗ/Other taxes expense | AS15: =_xlfn.XLOOKUP(AT15,SetUp!$J$23:$J$62,SetUp!$H$23:$H$62,"") -> XN-4 | AT15: XN-4-ប្រាក់ខែ និងអត្ថប្រយោជន៍និយោជិត / Salaries and employee benefits
B16: 65820 | C16: =SUMIF(Data!$J$4:$J$10000,B16,Data!$S$4:$S$10000) -> 4904.87 | E16: 65820 | F16: =SUMIFS(Data!$S$4:$S$685,Data!$J$4:$J$685,$E16,Data!$L$4:$L$685,F$4) -> 4904.87 | G16: =SUMIFS(Data!$S$4:$S$685,Data!$J$4:$J$685,$E16,Data!$L$4:$L$685,G$4) -> 0 | H16: =SUM(F16:G16) -> 4904.87 | K16: 65814 | M16: 1689.85 | O16: 1689.85 | S16: 49561 | T16: =_xlfn.XLOOKUP(S16,Data!$G$4:$G$1000,Data!$H$4:$H$1000,"") -> Internal expenses, employee costs | U16: =SUMIF(Data!$G$4:$G$10000,$S$5:$S$36,Data!$S$4:$S$10000) -> 7400 | W16: =SUM(X16:AB16) -> 7400 | X16: =SUMIFS(Data!$S$4:$S$1000,Data!$G$4:$G$1000,$S16,Data!$U$4:$U$1000,X$4) -> 1700 | Y16: =SUMIFS(Data!$S$4:$S$1000,Data!$G$4:$G$1000,$S16,Data!$U$4:$U$1000,Y$4) -> 1500 | Z16: =SUMIFS(Data!$S$4:$S$1000,Data!$G$4:$G$1000,$S16,Data!$U$4:$U$1000,Z$4) -> 2100 | AA16: =SUMIFS(Data!$S$4:$S$1000,Data!$G$4:$G$1000,$S16,Data!$U$4:$U$1000,AA$4) -> 2100 | AB16: =SUMIFS(Data!$S$4:$S$1000,Data!$G$4:$G$1000,$S16,Data!$U$4:$U$1000,AB$4) -> 0 | AE16: 6150 | AF16: Printed matter | AI16: 19.08 | AJ16: 15.73 | AK16: 11.79 | AM16: 46.6 | AP16: =_xlfn.XLOOKUP(AQ16,SetUp!$F$3:$F$206,SetUp!$D$3:$D$206) -> B31 | AQ16: B31-ចំណាយបង់ពន្ធ និងអាករផ្សេងៗ/Other taxes expense | AS16: =_xlfn.XLOOKUP(AT16,SetUp!$J$23:$J$62,SetUp!$H$23:$H$62,"") -> XN-5 | AT16: XN-5-ចំណាយរំលស់ / Depreciation and amortisation expense
B17: 65830 | C17: =SUMIF(Data!$J$4:$J$10000,B17,Data!$S$4:$S$10000) -> 92630.47 | E17: 65830 | F17: =SUMIFS(Data!$S$4:$S$685,Data!$J$4:$J$685,$E17,Data!$L$4:$L$685,F$4) -> 92630.47 | G17: =SUMIFS(Data!$S$4:$S$685,Data!$J$4:$J$685,$E17,Data!$L$4:$L$685,G$4) -> 0 | H17: =SUM(F17:G17) -> 92630.47 | K17: 65820 | M17: 4904.87 | O17: 4904.87 | S17: 49510 | T17: =_xlfn.XLOOKUP(S17,Data!$G$4:$G$1000,Data!$H$4:$H$1000,"") -> Internal expenses, support TA/FC | U17: =SUMIF(Data!$G$4:$G$10000,$S$5:$S$36,Data!$S$4:$S$10000) -> 3700 | W17: =SUM(X17:AB17) -> 3700 | X17: =SUMIFS(Data!$S$4:$S$1000,Data!$G$4:$G$1000,$S17,Data!$U$4:$U$1000,X$4) -> 1300 | Y17: =SUMIFS(Data!$S$4:$S$1000,Data!$G$4:$G$1000,$S17,Data!$U$4:$U$1000,Y$4) -> 1000 | Z17: =SUMIFS(Data!$S$4:$S$1000,Data!$G$4:$G$1000,$S17,Data!$U$4:$U$1000,Z$4) -> 600 | AA17: =SUMIFS(Data!$S$4:$S$1000,Data!$G$4:$G$1000,$S17,Data!$U$4:$U$1000,AA$4) -> 800 | AB17: =SUMIFS(Data!$S$4:$S$1000,Data!$G$4:$G$1000,$S17,Data!$U$4:$U$1000,AB$4) -> 0 | AE17: 6212 | AF17: Mobile telephone | AH17: 15.14 | AI17: 11.28 | AJ17: 72.9 | AK17: 33.1 | AM17: 132.42 | AP17: =_xlfn.XLOOKUP(AQ17,SetUp!$F$3:$F$206,SetUp!$D$3:$D$206) -> B31 | AQ17: B31-ចំណាយបង់ពន្ធ និងអាករផ្សេងៗ/Other taxes expense | AS17: =_xlfn.XLOOKUP(AT17,SetUp!$J$23:$J$62,SetUp!$H$23:$H$62,"") -> XN-6 | AT17: XN-6-ការធ្លាក់ចុះតម្លៃនៃទ្រព្យសកម្ម / Impairment of assets
B18: 65803 | C18: =SUMIF(Data!$J$4:$J$10000,B18,Data!$S$4:$S$10000) -> 1640.39 | E18: 65803 | F18: =SUMIFS(Data!$S$4:$S$685,Data!$J$4:$J$685,$E18,Data!$L$4:$L$685,F$4) -> 1640.39 | G18: =SUMIFS(Data!$S$4:$S$685,Data!$J$4:$J$685,$E18,Data!$L$4:$L$685,G$4) -> 0 | H18: =SUM(F18:G18) -> 1640.39 | K18: 65821 | M18: 40.95 | O18: 40.95 | S18: 45010 | T18: =_xlfn.XLOOKUP(S18,Data!$G$4:$G$1000,Data!$H$4:$H$1000,"") -> Rent | U18: =SUMIF(Data!$G$4:$G$10000,$S$5:$S$36,Data!$S$4:$S$10000) -> 4904.87 | W18: =SUM(X18:AB18) -> 4904.87 | X18: =SUMIFS(Data!$S$4:$S$1000,Data!$G$4:$G$1000,$S18,Data!$U$4:$U$1000,X$4) -> 1582.22 | Y18: =SUMIFS(Data!$S$4:$S$1000,Data!$G$4:$G$1000,$S18,Data!$U$4:$U$1000,Y$4) -> 474.67 | Z18: =SUMIFS(Data!$S$4:$S$1000,Data!$G$4:$G$1000,$S18,Data!$U$4:$U$1000,Z$4) -> 474.65 | AA18: =SUMIFS(Data!$S$4:$S$1000,Data!$G$4:$G$1000,$S18,Data!$U$4:$U$1000,AA$4) -> 2373.33 | AB18: =SUMIFS(Data!$S$4:$S$1000,Data!$G$4:$G$1000,$S18,Data!$U$4:$U$1000,AB$4) -> 0 | AE18: 6230 | AF18: Computer communication | AJ18: 145.2 | AK18: 96.8 | AM18: 242 | AP18: =_xlfn.XLOOKUP(AQ18,SetUp!$F$3:$F$206,SetUp!$D$3:$D$206) -> B37 | AQ18: B37-ការកើនឡើង/ថយចុះ នូវសំវិធានធន/Increase/decrease in provisions | AS18: =_xlfn.XLOOKUP(AT18,SetUp!$J$23:$J$62,SetUp!$H$23:$H$62,"") -> XN-7 | AT18: XN-7-ចំណាយហិរញ្ញវត្ថុ / Finance cost
B19: 65814 | C19: =SUMIF(Data!$J$4:$J$10000,B19,Data!$S$4:$S$10000) -> 1689.85 | E19: 65814 | F19: =SUMIFS(Data!$S$4:$S$685,Data!$J$4:$J$685,$E19,Data!$L$4:$L$685,F$4) -> 1689.85 | G19: =SUMIFS(Data!$S$4:$S$685,Data!$J$4:$J$685,$E19,Data!$L$4:$L$685,G$4) -> 0 | H19: =SUM(F19:G19) -> 1689.85 | K19: 65822 | M19: 1725.27 | O19: 1725.27 | S19: 46212 | T19: =_xlfn.XLOOKUP(S19,Data!$G$4:$G$1000,Data!$H$4:$H$1000,"") -> Mobile telephone | U19: =SUMIF(Data!$G$4:$G$10000,$S$5:$S$36,Data!$S$4:$S$10000) -> 132.42 | W19: =SUM(X19:AB19) -> 132.42 | X19: =SUMIFS(Data!$S$4:$S$1000,Data!$G$4:$G$1000,$S19,Data!$U$4:$U$1000,X$4) -> 33.1 | Y19: =SUMIFS(Data!$S$4:$S$1000,Data!$G$4:$G$1000,$S19,Data!$U$4:$U$1000,Y$4) -> 15.14 | Z19: =SUMIFS(Data!$S$4:$S$1000,Data!$G$4:$G$1000,$S19,Data!$U$4:$U$1000,Z$4) -> 11.28 | AA19: =SUMIFS(Data!$S$4:$S$1000,Data!$G$4:$G$1000,$S19,Data!$U$4:$U$1000,AA$4) -> 72.9 | AB19: =SUMIFS(Data!$S$4:$S$1000,Data!$G$4:$G$1000,$S19,Data!$U$4:$U$1000,AB$4) -> 0 | AE19: 6310 | AF19: Corporate insurance | AH19: 36.96 | AI19: 0 | AJ19: 105.84 | AK19: 70.56 | AM19: 213.36 | AP19: =_xlfn.XLOOKUP(AQ19,SetUp!$F$3:$F$206,SetUp!$D$3:$D$206) -> B38 | AQ19: B38-ខាតពីការលក់ទ្រព្យសកម្មរយៈពេលវែង/Loss on disposal of fixed assets | AS19: =_xlfn.XLOOKUP(AT19,SetUp!$J$23:$J$62,SetUp!$H$23:$H$62,"") -> XN-5 | AT19: XN-5-ចំណាយរំលស់ / Depreciation and amortisation expense
B20: 65834 | C20: =SUMIF(Data!$J$4:$J$10000,B20,Data!$S$4:$S$10000) -> 5653.16 | E20: 65834 | F20: =SUMIFS(Data!$S$4:$S$685,Data!$J$4:$J$685,$E20,Data!$L$4:$L$685,F$4) -> 5653.16 | G20: =SUMIFS(Data!$S$4:$S$685,Data!$J$4:$J$685,$E20,Data!$L$4:$L$685,G$4) -> 0 | H20: =SUM(F20:G20) -> 5653.16 | K20: 65827 | M20: 329.75 | O20: 329.75 | S20: 45460 | T20: =_xlfn.XLOOKUP(S20,Data!$G$4:$G$1000,Data!$H$4:$H$1000,"") -> Consumable materials | U20: =SUMIF(Data!$G$4:$G$10000,$S$5:$S$36,Data!$S$4:$S$10000) -> 200.71 | W20: =SUM(X20:AB20) -> 200.71 | X20: =SUMIFS(Data!$S$4:$S$1000,Data!$G$4:$G$1000,$S20,Data!$U$4:$U$1000,X$4) -> 23 | Y20: =SUMIFS(Data!$S$4:$S$1000,Data!$G$4:$G$1000,$S20,Data!$U$4:$U$1000,Y$4) -> 35.9 | Z20: =SUMIFS(Data!$S$4:$S$1000,Data!$G$4:$G$1000,$S20,Data!$U$4:$U$1000,Z$4) -> 25.05 | AA20: =SUMIFS(Data!$S$4:$S$1000,Data!$G$4:$G$1000,$S20,Data!$U$4:$U$1000,AA$4) -> 116.76 | AB20: =SUMIFS(Data!$S$4:$S$1000,Data!$G$4:$G$1000,$S20,Data!$U$4:$U$1000,AB$4) -> 0 | AE20: 6523 | AF20: Travel expenses, not in | AH20: 300 | AI20: 440 | AK20: 440 | AM20: 1180 | AP20: =_xlfn.XLOOKUP(AQ20,SetUp!$F$3:$F$206,SetUp!$D$3:$D$206) -> B39 | AQ20: B39-ខាតពីការប្តូរប្រាក់សម្រេចបាន/Loss on realised currency translations | AS20: =_xlfn.XLOOKUP(AT20,SetUp!$J$23:$J$62,SetUp!$H$23:$H$62,"") -> XN-6 | AT20: XN-6-ការធ្លាក់ចុះតម្លៃនៃទ្រព្យសកម្ម / Impairment of assets
B21: 65832 | C21: =SUMIF(Data!$J$4:$J$10000,B21,Data!$S$4:$S$10000) -> 820.39 | E21: 65832 | F21: =SUMIFS(Data!$S$4:$S$685,Data!$J$4:$J$685,$E21,Data!$L$4:$L$685,F$4) -> 820.39 | G21: =SUMIFS(Data!$S$4:$S$685,Data!$J$4:$J$685,$E21,Data!$L$4:$L$685,G$4) -> 0 | H21: =SUM(F21:G21) -> 820.39 | K21: 65830 | M21: 92630.47 | O21: 92630.47 | S21: 46310 | T21: =_xlfn.XLOOKUP(S21,Data!$G$4:$G$1000,Data!$H$4:$H$1000,"") -> Corporate insurance | U21: =SUMIF(Data!$G$4:$G$10000,$S$5:$S$36,Data!$S$4:$S$10000) -> 213.36 | W21: =SUM(X21:AB21) -> 213.36 | X21: =SUMIFS(Data!$S$4:$S$1000,Data!$G$4:$G$1000,$S21,Data!$U$4:$U$1000,X$4) -> 70.56 | Y21: =SUMIFS(Data!$S$4:$S$1000,Data!$G$4:$G$1000,$S21,Data!$U$4:$U$1000,Y$4) -> 36.96 | Z21: =SUMIFS(Data!$S$4:$S$1000,Data!$G$4:$G$1000,$S21,Data!$U$4:$U$1000,Z$4) -> 0 | AA21: =SUMIFS(Data!$S$4:$S$1000,Data!$G$4:$G$1000,$S21,Data!$U$4:$U$1000,AA$4) -> 105.84 | AB21: =SUMIFS(Data!$S$4:$S$1000,Data!$G$4:$G$1000,$S21,Data!$U$4:$U$1000,AB$4) -> 0 | AE21: 6570 | AF21: Banking costs | AH21: 88.8 | AI21: 86.69 | AJ21: 13.49 | AK21: 211.3 | AM21: 400.28 | AP21: =_xlfn.XLOOKUP(AQ21,SetUp!$F$3:$F$206,SetUp!$D$3:$D$206) -> B40 | AQ21: B40-ខាតពីការប្តូរប្រាក់មិនទាន់សម្រេចបាន/Loss on unrealised currency translations | AS21: =_xlfn.XLOOKUP(AT21,SetUp!$J$23:$J$62,SetUp!$H$23:$H$62,"") -> XN-7 | AT21: XN-7-ចំណាយហិរញ្ញវត្ថុ / Finance cost
B22: 66131 | C22: =SUMIF(Data!$J$4:$J$10000,B22,Data!$S$4:$S$10000) -> 4035 | E22: 66131 | F22: =SUMIFS(Data!$S$4:$S$685,Data!$J$4:$J$685,$E22,Data!$L$4:$L$685,F$4) -> 0 | G22: =SUMIFS(Data!$S$4:$S$685,Data!$J$4:$J$685,$E22,Data!$L$4:$L$685,G$4) -> 4035 | H22: =SUM(F22:G22) -> 4035 | K22: 65832 | M22: 820.39 | O22: 820.39 | S22: 44323 | T22: =_xlfn.XLOOKUP(S22,Data!$G$4:$G$1000,Data!$H$4:$H$1000,"") -> Sub granting | U22: =SUMIF(Data!$G$4:$G$10000,$S$5:$S$36,Data!$S$4:$S$10000) -> 92630.47 | W22: =SUM(X22:AB22) -> 92630.47 | X22: =SUMIFS(Data!$S$4:$S$1000,Data!$G$4:$G$1000,$S22,Data!$U$4:$U$1000,X$4) -> 24036.02 | Y22: =SUMIFS(Data!$S$4:$S$1000,Data!$G$4:$G$1000,$S22,Data!$U$4:$U$1000,Y$4) -> 12703.78 | Z22: =SUMIFS(Data!$S$4:$S$1000,Data!$G$4:$G$1000,$S22,Data!$U$4:$U$1000,Z$4) -> 25477.8 | AA22: =SUMIFS(Data!$S$4:$S$1000,Data!$G$4:$G$1000,$S22,Data!$U$4:$U$1000,AA$4) -> 30412.87 | AB22: =SUMIFS(Data!$S$4:$S$1000,Data!$G$4:$G$1000,$S22,Data!$U$4:$U$1000,AB$4) -> 0 | AE22: 6990 | AF22: Other external expenses | AH22: 93.04 | AI22: 78.52 | AJ22: 53.97 | AK22: 56.05 | AM22: 281.58 | AP22: =_xlfn.XLOOKUP(AQ22,SetUp!$F$3:$F$206,SetUp!$D$3:$D$206) -> B41 | AQ22: B41-ចំណាយផ្សេងៗ/Other expenses | AS22: =_xlfn.XLOOKUP(AT22,SetUp!$J$23:$J$62,SetUp!$H$23:$H$62,"") -> XN-8 | AT22: XN-8-ចំណាយទឹកភ្លើង / Utilities expense
B23: 66136 | C23: =SUMIF(Data!$J$4:$J$10000,B23,Data!$S$4:$S$10000) -> 315.2 | E23: 66136 | F23: =SUMIFS(Data!$S$4:$S$685,Data!$J$4:$J$685,$E23,Data!$L$4:$L$685,F$4) -> 0 | G23: =SUMIFS(Data!$S$4:$S$685,Data!$J$4:$J$685,$E23,Data!$L$4:$L$685,G$4) -> 315.2 | H23: =SUM(F23:G23) -> 315.2 | K23: 65833 | M23: 11853.6 | O23: 11853.6 | S23: 47326 | T23: =_xlfn.XLOOKUP(S23,Data!$G$4:$G$1000,Data!$H$4:$H$1000,"") -> Subsistence allowances (employees outside HO) | U23: =SUMIF(Data!$G$4:$G$10000,$S$5:$S$36,Data!$S$4:$S$10000) -> 979 | W23: =SUM(X23:AB23) -> 979 | X23: =SUMIFS(Data!$S$4:$S$1000,Data!$G$4:$G$1000,$S23,Data!$U$4:$U$1000,X$4) -> 157.97 | Y23: =SUMIFS(Data!$S$4:$S$1000,Data!$G$4:$G$1000,$S23,Data!$U$4:$U$1000,Y$4) -> 528.07 | Z23: =SUMIFS(Data!$S$4:$S$1000,Data!$G$4:$G$1000,$S23,Data!$U$4:$U$1000,Z$4) -> 292.96 | AA23: =SUMIFS(Data!$S$4:$S$1000,Data!$G$4:$G$1000,$S23,Data!$U$4:$U$1000,AA$4) -> 0 | AB23: =SUMIFS(Data!$S$4:$S$1000,Data!$G$4:$G$1000,$S23,Data!$U$4:$U$1000,AB$4) -> 0 | AE23: 7090 | AF23: Change in accrued holiday pay provision | AK23: 142.67 | AM23: 142.67 | AP23: =_xlfn.XLOOKUP(AQ23,SetUp!$F$3:$F$206,SetUp!$D$3:$D$206) -> B42 | AQ23: B42-ប្រាក់ចំណេញ/(ខាត) ពីប្រតិបត្តិការ (B42=B7+B8+B12-B22)/ Profit/Loss from Operations (B42=B7+B8+B12-B22) | AS23: =_xlfn.XLOOKUP(AT23,SetUp!$J$23:$J$62,SetUp!$H$23:$H$62,"") -> XN-9 | AT23: XN-9-ចំណាយលើការថែទាំនិងជួសជុល / Repair and maintenance expense
B24: 66135 | C24: =SUMIF(Data!$J$4:$J$10000,B24,Data!$S$4:$S$10000) -> 5731.99 | E24: 66135 | F24: =SUMIFS(Data!$S$4:$S$685,Data!$J$4:$J$685,$E24,Data!$L$4:$L$685,F$4) -> 0 | G24: =SUMIFS(Data!$S$4:$S$685,Data!$J$4:$J$685,$E24,Data!$L$4:$L$685,G$4) -> 5731.99 | H24: =SUM(F24:G24) -> 5731.99 | K24: 65834 | M24: 5653.16 | O24: 5653.16 | S24: 45813 | T24: =_xlfn.XLOOKUP(S24,Data!$G$4:$G$1000,Data!$H$4:$H$1000,"") -> Travel expenses, not in | U24: =SUMIF(Data!$G$4:$G$10000,$S$5:$S$36,Data!$S$4:$S$10000) -> 1202.79 | W24: =SUM(X24:AB24) -> 1202.79 | X24: =SUMIFS(Data!$S$4:$S$1000,Data!$G$4:$G$1000,$S24,Data!$U$4:$U$1000,X$4) -> 440 | Y24: =SUMIFS(Data!$S$4:$S$1000,Data!$G$4:$G$1000,$S24,Data!$U$4:$U$1000,Y$4) -> 322.79 | Z24: =SUMIFS(Data!$S$4:$S$1000,Data!$G$4:$G$1000,$S24,Data!$U$4:$U$1000,Z$4) -> 440 | AA24: =SUMIFS(Data!$S$4:$S$1000,Data!$G$4:$G$1000,$S24,Data!$U$4:$U$1000,AA$4) -> 0 | AB24: =SUMIFS(Data!$S$4:$S$1000,Data!$G$4:$G$1000,$S24,Data!$U$4:$U$1000,AB$4) -> 0 | AE24: 7211 | AF24: Salary (employees outside ) | AH24: 16979.18 | AI24: 17052.46 | AJ24: 8751.62 | AK24: 10379.61 | AM24: 53162.87 | AP24: =_xlfn.XLOOKUP(AQ24,SetUp!$F$3:$F$206,SetUp!$D$3:$D$206) -> B27 | AQ24: B27-ចំណាយលើការជួល/Rental expenses | AS24: =_xlfn.XLOOKUP(AT24,SetUp!$J$23:$J$62,SetUp!$H$23:$H$62,"") -> XN-10 | AT24: XN-10-អំណោយ និងការបរិច្ឋាគ/ Grant and Donation
B25: 66133 | C25: =SUMIF(Data!$J$4:$J$10000,B25,Data!$S$4:$S$10000) -> 12006.49 | E25: 66133 | F25: =SUMIFS(Data!$S$4:$S$685,Data!$J$4:$J$685,$E25,Data!$L$4:$L$685,F$4) -> 0 | G25: =SUMIFS(Data!$S$4:$S$685,Data!$J$4:$J$685,$E25,Data!$L$4:$L$685,G$4) -> 12006.49 | H25: =SUM(F25:G25) -> 12006.49 | K25: 65899 | M25: 11982.16 | O25: 11982.16 | S25: 47639 | T25: =_xlfn.XLOOKUP(S25,Data!$G$4:$G$1000,Data!$H$4:$H$1000,"") -> Meeting expenses and similar | U25: =SUMIF(Data!$G$4:$G$10000,$S$5:$S$36,Data!$S$4:$S$10000) -> 18412.62 | W25: =SUM(X25:AB25) -> 18412.62 | X25: =SUMIFS(Data!$S$4:$S$1000,Data!$G$4:$G$1000,$S25,Data!$U$4:$U$1000,X$4) -> 5466.2 | Y25: =SUMIFS(Data!$S$4:$S$1000,Data!$G$4:$G$1000,$S25,Data!$U$4:$U$1000,Y$4) -> 6517.05 | Z25: =SUMIFS(Data!$S$4:$S$1000,Data!$G$4:$G$1000,$S25,Data!$U$4:$U$1000,Z$4) -> 6429.37 | AA25: =SUMIFS(Data!$S$4:$S$1000,Data!$G$4:$G$1000,$S25,Data!$U$4:$U$1000,AA$4) -> 0 | AB25: =SUMIFS(Data!$S$4:$S$1000,Data!$G$4:$G$1000,$S25,Data!$U$4:$U$1000,AB$4) -> 0 | AE25: 7217 | AF25: Severance pay | AI25: 1954.36 | AJ25: 497.26 | AK25: 1233.35 | AM25: 3684.97 | AP25: =_xlfn.XLOOKUP(AQ25,SetUp!$F$3:$F$206,SetUp!$D$3:$D$206) -> B28 | AQ25: B28-ចំណាយលើការថែទាំ និងជួសជុល/Repair and maintenance expenses | AS25: =_xlfn.XLOOKUP(AT25,SetUp!$J$23:$J$62,SetUp!$H$23:$H$62,"") -> XN-4 | AT25: XN-4-ប្រាក់ខែ និងអត្ថប្រយោជន៍និយោជិត / Salaries and employee benefits
B26: 65833 | C26: =SUMIF(Data!$J$4:$J$10000,B26,Data!$S$4:$S$10000) -> 11853.6 | E26: 65833 | F26: =SUMIFS(Data!$S$4:$S$685,Data!$J$4:$J$685,$E26,Data!$L$4:$L$685,F$4) -> 11853.6 | G26: =SUMIFS(Data!$S$4:$S$685,Data!$J$4:$J$685,$E26,Data!$L$4:$L$685,G$4) -> 0 | H26: =SUM(F26:G26) -> 11853.6 | K26: 66131 | L26: 4035 | O26: 4035 | S26: 45832 | T26: =_xlfn.XLOOKUP(S26,Data!$G$4:$G$1000,Data!$H$4:$H$1000,"") -> Board and lodging, not in | U26: =SUMIF(Data!$G$4:$G$10000,$S$5:$S$36,Data!$S$4:$S$10000) -> 372.32 | W26: =SUM(X26:AB26) -> 372.32 | X26: =SUMIFS(Data!$S$4:$S$1000,Data!$G$4:$G$1000,$S26,Data!$U$4:$U$1000,X$4) -> 97.32 | Y26: =SUMIFS(Data!$S$4:$S$1000,Data!$G$4:$G$1000,$S26,Data!$U$4:$U$1000,Y$4) -> 60 | Z26: =SUMIFS(Data!$S$4:$S$1000,Data!$G$4:$G$1000,$S26,Data!$U$4:$U$1000,Z$4) -> 215 | AA26: =SUMIFS(Data!$S$4:$S$1000,Data!$G$4:$G$1000,$S26,Data!$U$4:$U$1000,AA$4) -> 0 | AB26: =SUMIFS(Data!$S$4:$S$1000,Data!$G$4:$G$1000,$S26,Data!$U$4:$U$1000,AB$4) -> 0 | AE26: 7321 | AF26: Subsistence allowances, | AK26: 316.54 | AM26: 316.54 | AP26: =_xlfn.XLOOKUP(AQ26,SetUp!$F$3:$F$206,SetUp!$D$3:$D$206) -> B35 | AQ26: B35-ចំណាយលើបំណុលទារមិនបាន/Written-off bad debts expense | AS26: =_xlfn.XLOOKUP(AT26,SetUp!$J$23:$J$62,SetUp!$H$23:$H$62,"") -> XN-5 | AT26: XN-5-ចំណាយរំលស់ / Depreciation and amortisation expense
B27: 65810 | C27: =SUMIF(Data!$J$4:$J$10000,B27,Data!$S$4:$S$10000) -> 0 | E27: 65810 | F27: =SUMIFS(Data!$S$4:$S$685,Data!$J$4:$J$685,$E27,Data!$L$4:$L$685,F$4) -> 0 | G27: =SUMIFS(Data!$S$4:$S$685,Data!$J$4:$J$685,$E27,Data!$L$4:$L$685,G$4) -> 0 | H27: =SUM(F27:G27) -> 0 | K27: 66133 | L27: 12006.49 | O27: 12006.49 | S27: 45890 | T27: =_xlfn.XLOOKUP(S27,Data!$G$4:$G$1000,Data!$H$4:$H$1000,"") -> Other travel expenses | U27: =SUMIF(Data!$G$4:$G$10000,$S$5:$S$36,Data!$S$4:$S$10000) -> 495.06 | W27: =SUM(X27:AB27) -> 495.06 | X27: =SUMIFS(Data!$S$4:$S$1000,Data!$G$4:$G$1000,$S27,Data!$U$4:$U$1000,X$4) -> 51.06 | Y27: =SUMIFS(Data!$S$4:$S$1000,Data!$G$4:$G$1000,$S27,Data!$U$4:$U$1000,Y$4) -> 440 | Z27: =SUMIFS(Data!$S$4:$S$1000,Data!$G$4:$G$1000,$S27,Data!$U$4:$U$1000,Z$4) -> 0 | AA27: =SUMIFS(Data!$S$4:$S$1000,Data!$G$4:$G$1000,$S27,Data!$U$4:$U$1000,AA$4) -> 4 | AB27: =SUMIFS(Data!$S$4:$S$1000,Data!$G$4:$G$1000,$S27,Data!$U$4:$U$1000,AB$4) -> 0 | AE27: 7326 | AF27: Subsistence allowances (employees outside ) | AH27: 528.07 | AI27: 292.96 | AK27: 157.97 | AM27: 979 | AP27: =_xlfn.XLOOKUP(AQ27,SetUp!$F$3:$F$206,SetUp!$D$3:$D$206) -> B36 | AQ27: B36-ចំណាយរំលស់ /Armortisation/depletion and/or depreciation expense | AS27: =_xlfn.XLOOKUP(AT27,SetUp!$J$23:$J$62,SetUp!$H$23:$H$62,"") -> XN-6 | AT27: XN-6-ការធ្លាក់ចុះតម្លៃនៃទ្រព្យសកម្ម / Impairment of assets
B28: 65813 | C28: =SUMIF(Data!$J$4:$J$10000,B28,Data!$S$4:$S$10000) -> 1339.74 | E28: 65813 | F28: =SUMIFS(Data!$S$4:$S$685,Data!$J$4:$J$685,$E28,Data!$L$4:$L$685,F$4) -> 1339.74 | G28: =SUMIFS(Data!$S$4:$S$685,Data!$J$4:$J$685,$E28,Data!$L$4:$L$685,G$4) -> 0 | H28: =SUM(F28:G28) -> 1339.74 | K28: 66135 | L28: 5731.99 | O28: 5731.99 | S28: 45510 | T28: =_xlfn.XLOOKUP(S28,Data!$G$4:$G$1000,Data!$H$4:$H$1000,"") -> Repairs and maintenance of equipment | U28: =SUMIF(Data!$G$4:$G$10000,$S$5:$S$36,Data!$S$4:$S$10000) -> 16 | W28: =SUM(X28:AB28) -> 16 | X28: =SUMIFS(Data!$S$4:$S$1000,Data!$G$4:$G$1000,$S28,Data!$U$4:$U$1000,X$4) -> 0 | Y28: =SUMIFS(Data!$S$4:$S$1000,Data!$G$4:$G$1000,$S28,Data!$U$4:$U$1000,Y$4) -> 0 | Z28: =SUMIFS(Data!$S$4:$S$1000,Data!$G$4:$G$1000,$S28,Data!$U$4:$U$1000,Z$4) -> 16 | AA28: =SUMIFS(Data!$S$4:$S$1000,Data!$G$4:$G$1000,$S28,Data!$U$4:$U$1000,AA$4) -> 0 | AB28: =SUMIFS(Data!$S$4:$S$1000,Data!$G$4:$G$1000,$S28,Data!$U$4:$U$1000,AB$4) -> 0 | AE28: 7390 | AF28: Other employee benefits | AH28: 158.76 | AI28: 169.22 | AJ28: 249.33 | AK28: 242.9 | AM28: 820.21 | AP28: =_xlfn.XLOOKUP(AQ28,SetUp!$F$3:$F$206,SetUp!$D$3:$D$206) -> B37 | AQ28: B37-ការកើនឡើង/ថយចុះ នូវសំវិធានធន/Increase/decrease in provisions | AS28: =_xlfn.XLOOKUP(AT28,SetUp!$J$23:$J$62,SetUp!$H$23:$H$62,"") -> XN-7 | AT28: XN-7-ចំណាយហិរញ្ញវត្ថុ / Finance cost
B29: 65899 | C29: =SUMIF(Data!$J$4:$J$10000,B29,Data!$S$4:$S$10000) -> 11982.16 | E29: 65899 | F29: =SUMIFS(Data!$S$4:$S$685,Data!$J$4:$J$685,$E29,Data!$L$4:$L$685,F$4) -> 0 | G29: =SUMIFS(Data!$S$4:$S$685,Data!$J$4:$J$685,$E29,Data!$L$4:$L$685,G$4) -> 0 | H29: =SUM(F29:G29) -> 0 | K29: 66136 | L29: 315.2 | O29: 315.2 | S29: 48312 | T29: =_xlfn.XLOOKUP(S29,Data!$G$4:$G$1000,Data!$H$4:$H$1000,"") -> Interest income, abroad | U29: =SUMIF(Data!$G$4:$G$10000,$S$5:$S$36,Data!$S$4:$S$10000) -> -64.24 | W29: =SUM(X29:AB29) -> -64.24 | X29: =SUMIFS(Data!$S$4:$S$1000,Data!$G$4:$G$1000,$S29,Data!$U$4:$U$1000,X$4) -> -51.72 | Y29: =SUMIFS(Data!$S$4:$S$1000,Data!$G$4:$G$1000,$S29,Data!$U$4:$U$1000,Y$4) -> 0 | Z29: =SUMIFS(Data!$S$4:$S$1000,Data!$G$4:$G$1000,$S29,Data!$U$4:$U$1000,Z$4) -> -12.52 | AA29: =SUMIFS(Data!$S$4:$S$1000,Data!$G$4:$G$1000,$S29,Data!$U$4:$U$1000,AA$4) -> 0 | AB29: =SUMIFS(Data!$S$4:$S$1000,Data!$G$4:$G$1000,$S29,Data!$U$4:$U$1000,AB$4) -> 0 | AE29: 7586 | AF29: Personnel insurance (employees outside ) | AH29: 137.84 | AI29: 74.67 | AJ29: 80.98 | AK29: 59.28 | AM29: 352.77 | AP29: =_xlfn.XLOOKUP(AQ29,SetUp!$F$3:$F$206,SetUp!$D$3:$D$206) -> B38 | AQ29: B38-ខាតពីការលក់ទ្រព្យសកម្មរយៈពេលវែង/Loss on disposal of fixed assets | AS29: =_xlfn.XLOOKUP(AT29,SetUp!$J$23:$J$62,SetUp!$H$23:$H$62,"") -> XN-8 | AT29: XN-8-ចំណាយទឹកភ្លើង / Utilities expense
B30: 0 | C30: =SUMIF(Data!$J$4:$J$10000,B30,Data!$S$4:$S$10000) -> 0 | E30: 0 | F30: =SUMIFS(Data!$S$4:$S$685,Data!$J$4:$J$685,$E30,Data!$L$4:$L$685,F$4) -> 0 | G30: =SUMIFS(Data!$S$4:$S$685,Data!$J$4:$J$685,$E30,Data!$L$4:$L$685,G$4) -> 0 | H30: =SUM(F30:G30) -> 0 | K30: (blank) | S30: 46230 | T30: =_xlfn.XLOOKUP(S30,Data!$G$4:$G$1000,Data!$H$4:$H$1000,"") -> Computer communication | U30: =SUMIF(Data!$G$4:$G$10000,$S$5:$S$36,Data!$S$4:$S$10000) -> 242 | W30: =SUM(X30:AB30) -> 242 | X30: =SUMIFS(Data!$S$4:$S$1000,Data!$G$4:$G$1000,$S30,Data!$U$4:$U$1000,X$4) -> 96.8 | Y30: =SUMIFS(Data!$S$4:$S$1000,Data!$G$4:$G$1000,$S30,Data!$U$4:$U$1000,Y$4) -> 0 | Z30: =SUMIFS(Data!$S$4:$S$1000,Data!$G$4:$G$1000,$S30,Data!$U$4:$U$1000,Z$4) -> 0 | AA30: =SUMIFS(Data!$S$4:$S$1000,Data!$G$4:$G$1000,$S30,Data!$U$4:$U$1000,AA$4) -> 145.2 | AB30: =SUMIFS(Data!$S$4:$S$1000,Data!$G$4:$G$1000,$S30,Data!$U$4:$U$1000,AB$4) -> 0 | AE30: 7622 | AF30: Health care (Regional offices) | AH30: 43.13 | AI30: 490.49 | AK30: 583.98 | AM30: 1117.6 | AP30: =_xlfn.XLOOKUP(AQ30,SetUp!$F$3:$F$206,SetUp!$D$3:$D$206) -> B39 | AQ30: B39-ខាតពីការប្តូរប្រាក់សម្រេចបាន/Loss on realised currency translations | AS30: =_xlfn.XLOOKUP(AT30,SetUp!$J$23:$J$62,SetUp!$H$23:$H$62,"") -> XN-9 | AT30: XN-9-ចំណាយលើការថែទាំនិងជួសជុល / Repair and maintenance expense
C31: =SUMIF(Data!$J$4:$J$10000,B31,Data!$S$4:$S$10000) -> 0 | F31: =SUMIFS(Data!$S$4:$S$685,Data!$J$4:$J$685,$E31,Data!$L$4:$L$685,F$4) -> 0 | G31: =SUMIFS(Data!$S$4:$S$685,Data!$J$4:$J$685,$E31,Data!$L$4:$L$685,G$4) -> 0 | H31: =SUM(F31:G31) -> 0 | K31: Grand Total | L31: 22088.68 | M31: 183155.88 | O31: 205244.56 | S31: 45060 | T31: =_xlfn.XLOOKUP(S31,Data!$G$4:$G$1000,Data!$H$4:$H$1000,"") -> Cleaning and refuse collection | U31: =SUMIF(Data!$G$4:$G$10000,$S$5:$S$36,Data!$S$4:$S$10000) -> 170 | W31: =SUM(X31:AB31) -> 170 | X31: =SUMIFS(Data!$S$4:$S$1000,Data!$G$4:$G$1000,$S31,Data!$U$4:$U$1000,X$4) -> 80 | Y31: =SUMIFS(Data!$S$4:$S$1000,Data!$G$4:$G$1000,$S31,Data!$U$4:$U$1000,Y$4) -> 0 | Z31: =SUMIFS(Data!$S$4:$S$1000,Data!$G$4:$G$1000,$S31,Data!$U$4:$U$1000,Z$4) -> 0 | AA31: =SUMIFS(Data!$S$4:$S$1000,Data!$G$4:$G$1000,$S31,Data!$U$4:$U$1000,AA$4) -> 90 | AB31: =SUMIFS(Data!$S$4:$S$1000,Data!$G$4:$G$1000,$S31,Data!$U$4:$U$1000,AB$4) -> 0 | AE31: 7639 | AF31: Meeting expenses and similar | AH31: 6517.05 | AI31: 6429.37 | AK31: 5466.2 | AM31: 18412.62 | AP31: =_xlfn.XLOOKUP(AQ31,SetUp!$F$3:$F$206,SetUp!$D$3:$D$206) -> B40 | AQ31: B40-ខាតពីការប្តូរប្រាក់មិនទាន់សម្រេចបាន/Loss on unrealised currency translations | AS31: =_xlfn.XLOOKUP(AT31,SetUp!$J$23:$J$62,SetUp!$H$23:$H$62,"") -> XN-10 | AT31: XN-10-អំណោយ និងការបរិច្ឋាគ/ Grant and Donation
C32: =SUMIF(Data!$J$4:$J$10000,B32,Data!$S$4:$S$10000) -> 0 | F32: =SUMIFS(Data!$S$4:$S$685,Data!$J$4:$J$685,$E32,Data!$L$4:$L$685,F$4) -> 0 | G32: =SUMIFS(Data!$S$4:$S$685,Data!$J$4:$J$685,$E32,Data!$L$4:$L$685,G$4) -> 0 | H32: =SUM(F32:G32) -> 0 | S32: 45812 | T32: =_xlfn.XLOOKUP(S32,Data!$G$4:$G$1000,Data!$H$4:$H$1000,"") -> Travel expenses, to/from | U32: =SUMIF(Data!$G$4:$G$10000,$S$5:$S$36,Data!$S$4:$S$10000) -> 1191.8 | W32: =SUM(X32:AB32) -> 1191.8 | X32: =SUMIFS(Data!$S$4:$S$1000,Data!$G$4:$G$1000,$S32,Data!$U$4:$U$1000,X$4) -> 16.4 | Y32: =SUMIFS(Data!$S$4:$S$1000,Data!$G$4:$G$1000,$S32,Data!$U$4:$U$1000,Y$4) -> 0 | Z32: =SUMIFS(Data!$S$4:$S$1000,Data!$G$4:$G$1000,$S32,Data!$U$4:$U$1000,Z$4) -> 0 | AA32: =SUMIFS(Data!$S$4:$S$1000,Data!$G$4:$G$1000,$S32,Data!$U$4:$U$1000,AA$4) -> 1175.4 | AB32: =SUMIFS(Data!$S$4:$S$1000,Data!$G$4:$G$1000,$S32,Data!$U$4:$U$1000,AB$4) -> 0 | AE32: 8312 | AF32: Interest income, not in | AI32: -12.52 | AK32: -51.72 | AM32: -64.24 | AP32: =_xlfn.XLOOKUP(AQ32,SetUp!$F$3:$F$206,SetUp!$D$3:$D$206) -> B35 | AQ32: B35-ចំណាយលើបំណុលទារមិនបាន/Written-off bad debts expense | AS32: =_xlfn.XLOOKUP(AT32,SetUp!$J$23:$J$62,SetUp!$H$23:$H$62,"") -> XN-4 | AT32: XN-4-ប្រាក់ខែ និងអត្ថប្រយោជន៍និយោជិត / Salaries and employee benefits
C33: =SUMIF(Data!$J$4:$J$10000,B33,Data!$S$4:$S$10000) -> 0 | F33: =SUMIFS(Data!$S$4:$S$685,Data!$J$4:$J$685,$E33,Data!$L$4:$L$685,F$4) -> 0 | G33: =SUMIFS(Data!$S$4:$S$685,Data!$J$4:$J$685,$E33,Data!$L$4:$L$685,G$4) -> 0 | H33: =SUM(F33:G33) -> 0 | S33: 47321 | T33: =_xlfn.XLOOKUP(S33,Data!$G$4:$G$1000,Data!$H$4:$H$1000,"") -> Subsistence allowances, | U33: =SUMIF(Data!$G$4:$G$10000,$S$5:$S$36,Data!$S$4:$S$10000) -> 316.54 | W33: =SUM(X33:AB33) -> 316.54 | X33: =SUMIFS(Data!$S$4:$S$1000,Data!$G$4:$G$1000,$S33,Data!$U$4:$U$1000,X$4) -> 316.54 | Y33: =SUMIFS(Data!$S$4:$S$1000,Data!$G$4:$G$1000,$S33,Data!$U$4:$U$1000,Y$4) -> 0 | Z33: =SUMIFS(Data!$S$4:$S$1000,Data!$G$4:$G$1000,$S33,Data!$U$4:$U$1000,Z$4) -> 0 | AA33: =SUMIFS(Data!$S$4:$S$1000,Data!$G$4:$G$1000,$S33,Data!$U$4:$U$1000,AA$4) -> 0 | AB33: =SUMIFS(Data!$S$4:$S$1000,Data!$G$4:$G$1000,$S33,Data!$U$4:$U$1000,AB$4) -> 0 | AE33: 9510 | AF33: Internal expenses, support TA/FC | AH33: 1000 | AI33: 600 | AJ33: 800 | AK33: 1300 | AM33: 3700 | AP33: =_xlfn.XLOOKUP(AQ33,SetUp!$F$3:$F$206,SetUp!$D$3:$D$206) -> B33 | AQ33: B33-ចំណាយសេវាគ្រប់គ្រង ពិគ្រោះយោបល់ បច្ចេកទេស និងសេវាប្រហាក់ប្រហែល/Management, consulting, technical, and other similar services expense | AS33: =_xlfn.XLOOKUP(AT33,SetUp!$J$23:$J$62,SetUp!$H$23:$H$62,"") -> XN-5 | AT33: XN-5-ចំណាយរំលស់ / Depreciation and amortisation expense
C34: =SUMIF(Data!$J$4:$J$10000,B34,Data!$S$4:$S$10000) -> 0 | F34: =SUMIFS(Data!$S$4:$S$685,Data!$J$4:$J$685,$E34,Data!$L$4:$L$685,F$4) -> 0 | G34: =SUMIFS(Data!$S$4:$S$685,Data!$J$4:$J$685,$E34,Data!$L$4:$L$685,G$4) -> 0 | H34: =SUM(F34:G34) -> 0 | S34: 49960 | T34: =_xlfn.XLOOKUP(S34,Data!$G$4:$G$1000,Data!$H$4:$H$1000,"") -> Internal Costs | U34: =SUMIF(Data!$G$4:$G$10000,$S$5:$S$36,Data!$S$4:$S$10000) -> 11982.16 | W34: =SUM(X34:AB34) -> 11982.16 | X34: =SUMIFS(Data!$S$4:$S$1000,Data!$G$4:$G$1000,$S34,Data!$U$4:$U$1000,X$4) -> 11982.16 | Y34: =SUMIFS(Data!$S$4:$S$1000,Data!$G$4:$G$1000,$S34,Data!$U$4:$U$1000,Y$4) -> 0 | Z34: =SUMIFS(Data!$S$4:$S$1000,Data!$G$4:$G$1000,$S34,Data!$U$4:$U$1000,Z$4) -> 0 | AA34: =SUMIFS(Data!$S$4:$S$1000,Data!$G$4:$G$1000,$S34,Data!$U$4:$U$1000,AA$4) -> 0 | AB34: =SUMIFS(Data!$S$4:$S$1000,Data!$G$4:$G$1000,$S34,Data!$U$4:$U$1000,AB$4) -> 0 | AE34: 9561 | AF34: Internal expenses, employee costs | AH34: 1500 | AI34: 2100 | AJ34: 2100 | AK34: 1700 | AM34: 7400 | AP34: =_xlfn.XLOOKUP(AQ34,SetUp!$F$3:$F$206,SetUp!$D$3:$D$206) -> B34 | AQ34: B34-ចំណាយលើសួយសារ/Royalty expenses | AS34: =_xlfn.XLOOKUP(AT34,SetUp!$J$23:$J$62,SetUp!$H$23:$H$62,"") -> XN-6 | AT34: XN-6-ការធ្លាក់ចុះតម្លៃនៃទ្រព្យសកម្ម / Impairment of assets
C35: =SUMIF(Data!$J$4:$J$10000,B35,Data!$S$4:$S$10000) -> 0 | F35: =SUMIFS(Data!$S$4:$S$685,Data!$J$4:$J$685,$E35,Data!$L$4:$L$685,F$4) -> 0 | G35: =SUMIFS(Data!$S$4:$S$685,Data!$J$4:$J$685,$E35,Data!$L$4:$L$685,G$4) -> 0 | H35: =SUM(F35:G35) -> 0 | S35: 0 | T35: =_xlfn.XLOOKUP(S35,Data!$G$4:$G$1000,Data!$H$4:$H$1000,"") | U35: =SUMIF(Data!$G$4:$G$10000,$S$5:$S$36,Data!$S$4:$S$10000) -> 0 | W35: =SUM(X35:AB35) -> 0 | X35: =SUMIFS(Data!$S$4:$S$1000,Data!$G$4:$G$1000,$S35,Data!$U$4:$U$1000,X$4) -> 0 | Y35: =SUMIFS(Data!$S$4:$S$1000,Data!$G$4:$G$1000,$S35,Data!$U$4:$U$1000,Y$4) -> 0 | Z35: =SUMIFS(Data!$S$4:$S$1000,Data!$G$4:$G$1000,$S35,Data!$U$4:$U$1000,Z$4) -> 0 | AA35: =SUMIFS(Data!$S$4:$S$1000,Data!$G$4:$G$1000,$S35,Data!$U$4:$U$1000,AA$4) -> 0 | AB35: =SUMIFS(Data!$S$4:$S$1000,Data!$G$4:$G$1000,$S35,Data!$U$4:$U$1000,AB$4) -> 0 | AE35: 9960 | AF35: Internal expenses | AK35: 11982.16 | AM35: 11982.16 | AP35: =_xlfn.XLOOKUP(AQ35,SetUp!$D$2:$D$206,SetUp!$F$2:$F$206,"") | AS35: =_xlfn.XLOOKUP(AT35,SetUp!$I$23:$I$62,SetUp!$H$23:$H$62,"")
C36: =SUMIF(Data!$J$4:$J$10000,B36,Data!$S$4:$S$10000) -> 0 | F36: =SUMIFS(Data!$S$4:$S$685,Data!$J$4:$J$685,$E36,Data!$L$4:$L$685,F$4) -> 0 | G36: =SUMIFS(Data!$S$4:$S$685,Data!$J$4:$J$685,$E36,Data!$L$4:$L$685,G$4) -> 0 | H36: =SUM(F36:G36) -> 0 | AE36: (blank) | AF36: (blank) | AP36: =_xlfn.XLOOKUP(AQ36,SetUp!$E$2:$E$206,SetUp!$D$2:$D$206,"") | AS36: =_xlfn.XLOOKUP(AT36,SetUp!$I$23:$I$62,SetUp!$H$23:$H$62,"")
B37: TOTAL | C37: =SUM(C5:C36) -> 205244.56 | E37: =SUM(E5:E36) -> 1646735 | F37: =SUM(F5:F36) -> 171173.72 | G37: =SUM(G5:G36) -> 22088.68 | H37: =SUM(H5:H36) -> 193262.4 | S37: TOTAL | U37: =SUM(U5:U36) -> 205244.56 | V37: =W37-U37 -> 0 | W37: =SUM(W5:W36) -> 205244.56 | X37: =SUM(X5:X36) -> 60614.54 | Y37: =SUM(Y5:Y36) -> 41213.66 | Z37: =SUM(Z5:Z36) -> 56097.93 | AA37: =SUM(AA5:AA36) -> 47318.43 | AB37: =SUM(AB5:AB36) -> 0
AE38: Grand Total | AH38: 41213.66 | AI38: 56097.93 | AJ38: 47318.43 | AK38: 60614.54 | AM38: 205244.56
AQ39: {=_xlfn.GROUPBY($AQ$5:$AQ$36,$U$5:$U$36,_xleta.SUM)} -> B24-ចំណាយប្រេង ឧស្ម័ន អគ្គីសនី និងទឹក /Fuel, gas, electricity and water expenses | AR39: 146.3 | AT39: {=_xlfn.GROUPBY($AT$5:$AT$36,$U$5:$U$36,_xleta.SUM)} -> XN-10-អំណោយ និងការបរិច្ឋាគ/ Grant and Donation | AU39: 1725.56
AQ40: B25-ចំណាយធ្វើដំណើរ និងចំណាយស្នាក់នៅ/Travelling and accommodation expenses | AR40: 590.83 | AT40: XN-1-ការទិញ និងចំណាយពាក់ព័ន្ធ / Purchases and related costs | AU40: 146.3
AQ41: B26-ចំណាយដឹកជញ្ជូន/Transportation expenses | AR41: 46.6 | AT41: XN-2-ការប្រែប្រួល WIP និងសន្និធិផលិតផលសម្រេច / Changes of WIP and Finished Goods Inventories | AU41: 590.83
AQ42: B27-ចំណាយលើការជួល/Rental expenses | AR42: 2320.39 | AT42: XN-3-វត្ថុធាតុដើម និងទំនិញដែលបានប្រើប្រាស់ / Raw material and consumables used | AU42: 46.6
AQ43: B28-ចំណាយលើការថែទាំ និងជួសជុល/Repair and maintenance expenses | AR43: 19232.83 | AT43: XN-4-ប្រាក់ខែ និងអត្ថប្រយោជន៍និយោជិត / Salaries and employee benefits | AU43: 21003.6
AQ44: B29-ចំណាយលើការកំសាន្តសប្បាយ/Entertainment expenses | AR44: 53162.87 | AT44: XN-5-ចំណាយរំលស់ / Depreciation and amortisation expense | AU44: 9041.49
AQ45: B30-ចំណាយកម្រៃជើងសារ ផ្សាយពាណិជ្ជកម្ម និងចំណាយការលក់/Commission, advertising, and selling expenses | AR45: 142.67 | AT45: XN-6-ការធ្លាក់ចុះតម្លៃនៃទ្រព្យសកម្ម / Impairment of assets | AU45: 69540.8
AQ46: B31-ចំណាយបង់ពន្ធ និងអាករផ្សេងៗ/Other taxes expense | AR46: 15066.55 | AT46: XN-7-ចំណាយហិរញ្ញវត្ថុ / Finance cost | AU46: 5276.9
AQ47: B32-ចំណាយលើអំណោយ/Donation expense | AR47: 400.28 | AT47: XN-8-ចំណាយទឹកភ្លើង / Utilities expense | AU47: 96251.2
AQ48: B33-ចំណាយសេវាគ្រប់គ្រង ពិគ្រោះយោបល់ បច្ចេកទេស និងសេវាប្រហាក់ប្រហែល/Management, consulting, technical, and other similar services expense | AR48: 669.31 | AT48: XN-9-ចំណាយលើការថែទាំនិងជួសជុល / Repair and maintenance expense | AU48: 1621.28
AQ49: B34-ចំណាយលើសួយសារ/Royalty expenses | AR49: 11982.16 | AT49: 0 | AU49: 0
AQ50: B35-ចំណាយលើបំណុលទារមិនបាន/Written-off bad debts expense | AR50: 1564.12 | AT50: Total | AU50: 205244.56
AQ51: B36-ចំណាយរំលស់ /Armortisation/depletion and/or depreciation expense | AR51: 495.06
AQ52: B37-ការកើនឡើង/ថយចុះ នូវសំវិធានធន/Increase/decrease in provisions | AR52: 4920.87
AQ53: B38-ខាតពីការលក់ទ្រព្យសកម្មរយៈពេលវែង/Loss on disposal of fixed assets | AR53: 68.18
AQ54: B39-ខាតពីការប្តូរប្រាក់សម្រេចបាន/Loss on realised currency translations | AR54: 442.71
AQ55: B40-ខាតពីការប្តូរប្រាក់មិនទាន់សម្រេចបាន/Loss on unrealised currency translations | AR55: 383.36
AQ56: B41-ចំណាយផ្សេងៗ/Other expenses | AR56: 92630.47
AQ57: B42-ប្រាក់ចំណេញ/(ខាត) ពីប្រតិបត្តិការ (B42=B7+B8+B12-B22)/ Profit/Loss from Operations (B42=B7+B8+B12-B22) | AR57: 979
AQ58: 0 | AR58: 0
AQ59: Total | AR59: 205244.56

Sheet Other
A3: No | B3: Text/Formulas | C3: Proper | D3: Upper | E3: Lower | F3: Len | G3: Trim | H3: Before Trim | I3: After Trim | J3: Left | K3: Rights | L3: Mid | M3: Substitute | N3: Replace
A4: {=ROMAN(_xlfn.SEQUENCE(5))} -> I | B4: ApSAK Angkor | C4: =PROPER(B4) -> Apsak Angkor | D4: =UPPER(B4) -> APSAK ANGKOR | E4: =LOWER(B4) -> apsak angkor | F4: =LEN(B4) -> 12 | G4: =TRIM(C4) -> Apsak Angkor | H4: =B4=B5 -> FALSE | I4: =G4=G5 -> TRUE | J4: =LEFT(B4,5) -> ApSAK | K4: =RIGHT(B4,5) -> ngkor | L4: =MID(G4,3,10) -> sak Angkor | M4: =SUBSTITUTE(B4,"Nil","Thida") -> ApSAK Angkor | N4: =REPLACE(B4,4,1,"Thida") -> ApSThidaK Angkor
A5: II | B5: ApSAK Angkor | C5: =PROPER(B5) -> Apsak Angkor | D5: =UPPER(B5) -> APSAK ANGKOR | E5: =LOWER(B5) -> apsak angkor | F5: =LEN(B5) -> 17 | G5: =TRIM(C5) -> Apsak Angkor | H5: =C4=C5 -> FALSE | I5: =G4=G5 -> TRUE | J5: =LEFT(B5,5) -> ApSA | K5: =RIGHT(B5,5) -> kor | L5: =MID(G5,3,10) -> sak Angkor | M5: =SUBSTITUTE(B5,"Nil","Thida") -> ApSAK Angkor | N5: =REPLACE(B5,4,1,"Thida") -> ApThidaAK Angkor
A6: III | B6: 12345N6789 | C6: =PROPER(B6) -> 12345N6789 | D6: =UPPER(B6) -> 12345N6789 | E6: =LOWER(B6) -> 12345n6789 | F6: =LEN(B6) -> 11 | G6: =TRIM(C6) -> 12345N6789 | H6: =J6=J7 -> FALSE | I6: =L6=L7 -> TRUE | J6: =LEFT(B6,5) -> 1234 | K6: =RIGHT(B6,5) -> N6789 | L6: =MID(TRIM(B6),3,10) -> 345N6789 | M6: =SUBSTITUTE(B6,"Nil","Thida") -> 12345N6789 | N6: =REPLACE(G6,4,2,"Thida") -> 123ThidaN6789
A7: IV | B7: 12345N6789 | C7: =PROPER(B7) -> 12345N6789 | D7: =UPPER(B7) -> 12345N6789 | E7: =LOWER(B7) -> 12345n6789 | F7: =LEN(B7) -> 11 | G7: =TRIM(C7) -> 12345N6789 | H7: =K6=K7 -> FALSE | I7: =L6=L7 -> TRUE | J7: =LEFT(B7,5) -> 12345 | K7: =RIGHT(B7,5) -> 6789 | L7: =MID(TRIM(B7),3,10) -> 345N6789 | M7: =SUBSTITUTE(B7,"Nil","Thida") -> 12345N6789 | N7: =REPLACE(G7,4,2,"Thida") -> 123ThidaN6789
A8: V | J8: =LEFT(B8,5) | K8: =RIGHT(B8,5) | L8: =MID(G8,3,10)
